Workbook
Name AEFKKSW_413.21: KSW!$V$80
Name AEFKKSW_527.40: KSW!$W$80
Name AEFKKSW_529.40: KSW!$X$80
Name AEFKKSW_531.40: KSW!$Y$80
Name AEFKM_I_413.21: M_I!$V$78
Name AEFKM_I_527.40: M_I!$W$78
Name AEFKM_I_529.40: M_I!$X$78
Name AEFKM_I_531.40: M_I!$Y$78
Name AEFKPSY_413.21: PSY!$V$66
Name AEFKPSY_527.40: PSY!$W$66
Name AEFKPSY_529.40: PSY!$X$66
Name AEFKPSY_531.40: PSY!$Y$66
Name AEFKRewi_413.21: ReWi!$V$70
Name AEFKRewi_527.40: ReWi!$W$70
Name AEFKRewi_529.40: ReWi!$X$70
Name AEFKRewi_531.40: ReWi!$Y$70
Name AEFKWiwi_413.21: KSW!$V$80
Name AEFKWiwi_413.21: M_I!$V$78
Name AEFKWiwi_413.21: PSY!$V$66
Name AEFKWiwi_413.21: ReWi!$V$70
Name AEFKWiwi_413.21: WiWi!$P$66
Name AEFKWiwi_527.40: KSW!$W$80
Name AEFKWiwi_527.40: M_I!$W$78
Name AEFKWiwi_527.40: PSY!$W$66
Name AEFKWiwi_527.40: ReWi!$W$70
Name AEFKWiwi_527.40: WiWi!$Q$66
Name AEFKWiwi_529.40: KSW!$X$80
Name AEFKWiwi_529.40: M_I!$X$78
Name AEFKWiwi_529.40: PSY!$X$66
Name AEFKWiwi_529.40: ReWi!$X$70
Name AEFKWiwi_529.40: WiWi!$R$66
Name AEFKWiwi_531.40: KSW!$Y$80
Name AEFKWiwi_531.40: M_I!$Y$78
Name AEFKWiwi_531.40: PSY!$Y$66
Name AEFKWiwi_531.40: ReWi!$Y$70
Name AEFKWiwi_531.40: WiWi!$S$66
Name AStA_Bew.Ext.: Haushalt!$H$178
Name AStA_Bew.Int.: Haushalt!$H$158
Name AStA_Druck: Haushalt!$H$180
Name AStA_Einn.Bew.: Haushalt!$H$24
Name AStA_Ext.RK: Haushalt!$H$177
Name AStA_Hon_I: Haushalt!$H$175
Name AStA_Hon_II: Haushalt!$H$176
Name AStA_R_U_Ext.: Haushalt!$H$179
Name AStA_R_U_Int.: Haushalt!$H$147
Name AStA_Referate: Haushalt!$H$97
Name AStA_RK_Int.: Haushalt!$H$135
Name AStA_SKP: Haushalt!$H$99
Name AStA_Sonst.: Haushalt!$H$181
Name AStA_TN_2: Haushalt!$H$20
Name AStA_TN_I: Haushalt!$H$19
Name AStA_VBG: Haushalt!$H$100
Name Beschäft._VBG: Haushalt!$H$107
Name BHS_II: Tabelle211123957[[#Totals],[Betrag]]
Name BHS_II: Tabelle211123957[[#Totals],[Betrag]]
Name BHS_II: Tabelle211123957[[#Totals],[Betrag]]
Name BHS_II: Tabelle211123957[[#Totals],[Betrag]]
Name BR_Besch.: Haushalt!$H$106
Name BR_Beschäft.: Haushalt!$H$106
Name Bundesknappschaft: Haushalt!$H$98

Sheet Haushalt
A1: AStA-Entwurf Nachtragshaushaltsplan 2024-2025 und Haushaltsplan 2024-2025
A3: Einnahmen der Studierendenschaft
I4: Referentenentwurf | K4: Stand: 31.07.2024 | M4: Stand: 30.09.2023 | P4: Stand 30.09.22
A5: Titel | B5: Spalte1 | C5: Datev SKR 42 | D5: Sphäre | E5: Bereich/OE | F5: Sachkonten Fibu | G5: Titel alt | H5: Kontenbezeichnung | I5: SOLL HHJ 24-25 | J5: Nachtrag HHJ 23-24 | K5: IST HHJ 23-24 | L5: SOLL HHJ 23-24 | M5: IST HHJ 22-23 | N5: SOLL HHJ 22-23 | O5: SOLL HHJ 21-22 | P5: IST HHJ 21-22 | Q5: SOLL 20-21 | R5: IST 20-21 | S5: IST HHJ 22-23 31.10.2022 | T5: IST HHJ 22-23 30.11.2022 | U5: IST HHJ 22-23 15.12.2022 | V5: Spalte2 | W5: Anmerkungen
A6: Plan 1 | B6: =ROW(B1) -> 1 | H6: Einnahmen AStA und Studierendenparlament | I6: =I7+I11++I18+I23+I27+I32 -> 556600 | J6: =J7+J11++J18+J23+J27+J32 -> 1064521.2 | K6: =K7+K11++K18+K23+K27+K32 -> 1028270 | L6: =L7+L11++L18+L23+L27+L32 -> 774226.25 | M6: =M7+M11++M18+M23+M27+M32 -> 1076480.4 | N6: =N7+N11++N18+N23+N27+N32 -> 1076950 | O6: =O7+O11++O18+O23+O27+O32 -> 600000 | P6: =P7+P11++P18+P23+P27+P32 -> 591157.19 | ... U6: =U7+U11++U18+U23+U27+U32 -> 490824.83
A7: 111.00 | B7: =ROW(B2) -> 2 | H7: Studierendenschaftsbeiträge | I7: =SUBTOTAL(9,I8:I9) -> 537000 | J7: =SUBTOTAL(9,J8:J9) -> 1053021.2 | K7: =SUBTOTAL(9,K8:K9) -> 1023380.8 | L7: =SUBTOTAL(9,L8:L9) -> 752600 | M7: =SUBTOTAL(9,M8:M9) -> 1066613.4 | N7: =SUBTOTAL(9,N8:N9) -> 1044000 | O7: =SUBTOTAL(9,O8:O9) -> 560000 | P7: =SUBTOTAL(9,P8:P9) -> 578722.64 | ... U7: =SUBTOTAL(9,U8:U9) -> 487889.83 | W7: Aktuell werden entgegen dem SP-Beschluss 9 € eingezogen.
A8: 111.10 | B8: 4000 | C8: 4000 | D8: 1 | G8: 341.00 (x0) | H8: Wintersemester | I8: 535000 | J8: 523021.18 | K8: =VLOOKUP(Tabelle1[[#This Row],[Titel]],[2]Haushalt!$A:$S,19,FALSE) -> 1023380.8 | L8: =(53000*9)*1.05 -> 500850 | M8: =VLOOKUP(Tabelle1[[#This Row],[Titel]],[3]Haushalt!$A$8:$W$282,8,FALSE) -> 1066613.4 | N8: =(58000*9)*1.05 -> 548100 | O8: 0 | S8: =HHJ_2022_2023!H24 -> 255005.45 | T8: =HHJ_2022_2023!J24 -> 455812.12 | U8: =HHJ_2022_2023!L24 -> 487889.83 | W8: Es wird versucht eine Möglichkeit zu finden, dies über das HHJ auszugleichen
A9: 111.20 | B9: =ROW(B4) -> 4 | C9: 4000 | D9: 1 | G9: 341.00 (x1) | H9: Sommersemester | I9: 2000 | J9: 530000 | K9: =VLOOKUP(Tabelle1[[#This Row],[Titel]],[2]Haushalt!$A:$S,19,FALSE) -> 0 | L9: =(53000*5)*0.95 -> 251750 | M9: =VLOOKUP(Tabelle1[[#This Row],[Titel]],[3]Haushalt!$A$8:$W$282,8,FALSE) -> 0 | N9: =(58000*9)*0.95 -> 495900 | O9: 560000 | P9: 578722.64 | S9: 0 | T9: 0 | U9: 0
B10: =ROW(B5) -> 5
A11: 119.00 | B11: =ROW(B6) -> 6 | H11: Vermischte Einnahmen | I11: =SUBTOTAL(9,I12:I15) -> 5100 | J11: =SUBTOTAL(9,J12:J15) -> 1000 | K11: =VLOOKUP(Tabelle1[[#This Row],[Titel]],[2]Haushalt!$A:$S,19,FALSE) -> 300 | L11: =SUBTOTAL(9,L12:L15) -> 4500 | M11: =VLOOKUP(Tabelle1[[#This Row],[Titel]],[3]Haushalt!$A$8:$W$282,8,FALSE) -> 3805 | N11: =SUBTOTAL(9,N12:N15) -> 2000 | O11: =SUBTOTAL(9,O12:O15) -> 6000 | P11: =SUBTOTAL(9,P12:P15) -> 6205 | Q11: =SUBTOTAL(9,Q12:Q15) -> 0 | R11: =SUBTOTAL(9,R12:R15) -> 0 | S11: =SUBTOTAL(9,S12:S15) -> 1975 | T11: =SUBTOTAL(9,T12:T15) -> 1975 | U11: =SUBTOTAL(9,U12:U15) -> 1975
A12: 119.10 | B12: =ROW(B7) -> 7 | C12: 4211 | D12: 1 | G12: 125.10, 125.20 | H12: Werbung und Anzeigen | I12: 1000 | J12: 1000 | K12: =VLOOKUP(Tabelle1[[#This Row],[Titel]],[2]Haushalt!$A:$S,19,FALSE) -> 300 | L12: 4000 | M12: =VLOOKUP(Tabelle1[[#This Row],[Titel]],[3]Haushalt!$A$8:$W$282,8,FALSE) -> 3805 | N12: 2000 | O12: 6000 | P12: 6205 | S12: =HHJ_2022_2023!H9+HHJ_2022_2023!H10 -> 1975 | T12: =HHJ_2022_2023!J9+HHJ_2022_2023!J10 -> 1975 | U12: =HHJ_2022_2023!L9+HHJ_2022_2023!L10 -> 1975
A13: 119.20 | B13: =ROW(B8) -> 8 | C13: 4040 | D13: 1 | G13: 119.21 | H13: Spenden | I13: 0 | J13: 0 | K13: =VLOOKUP(Tabelle1[[#This Row],[Titel]],[2]Haushalt!$A:$S,19,FALSE) -> 0 | L13: 0 | M13: =VLOOKUP(Tabelle1[[#This Row],[Titel]],[3]Haushalt!$A$8:$W$282,8,FALSE) -> 0 | N13: 0 | O13: 0 | P13: 0 | S13: =HHJ_2022_2023!H7 -> 0 | T13: =HHJ_2022_2023!J7 -> 0 | U13: =HHJ_2022_2023!L7 -> 0
A14: 119.30 | B14: =ROW(B9) -> 9 | C14: 7020 | D14: 2 | G14: 162.00 | H14: Zinsen | I14: 4000 | J14: 0 | K14: =VLOOKUP(Tabelle1[[#This Row],[Titel]],[2]Haushalt!$A:$S,19,FALSE) -> 0 | L14: 500 | M14: =VLOOKUP(Tabelle1[[#This Row],[Titel]],[3]Haushalt!$A$8:$W$282,8,FALSE) -> 0 | N14: 0 | O14: 0 | P14: 0 | S14: =HHJ_2022_2023!H21 -> 0 | T14: =HHJ_2022_2023!J21 -> 0 | U14: =HHJ_2022_2023!L21 -> 0
A15: 119.40 | B15: =ROW(B9) -> 9 | C15: 4099 | D15: 1 | G15: 119.22 | H15: Sonstige | I15: 100 | J15: 0 | K15: =VLOOKUP(Tabelle1[[#This Row],[Titel]],[2]Haushalt!$A:$S,19,FALSE) -> 0 | L15: 0 | M15: =VLOOKUP(Tabelle1[[#This Row],[Titel]],[3]Haushalt!$A$8:$W$282,8,FALSE) -> 0 | N15: 0 | O15: 0 | P15: 0 | S15: =HHJ_2022_2023!H8 -> 0 | T15: =HHJ_2022_2023!J8 -> 0 | U15: =HHJ_2022_2023!L8 -> 0
B16: =ROW(B10) -> 10
B17: =ROW(#REF!) -> #REF!
A18: 129.00 | B18: =ROW(#REF!) -> #REF! | H18: Teilnahmebeiträge | I18: =SUBTOTAL(9,I19:I20) -> 4000 | J18: =SUBTOTAL(9,J19:J20) -> 2500 | K18: =VLOOKUP(Tabelle1[[#This Row],[Titel]],[2]Haushalt!$A:$S,19,FALSE) -> 2161.2 | L18: =SUBTOTAL(9,L19:L20) -> 2950 | M18: =VLOOKUP(Tabelle1[[#This Row],[Titel]],[3]Haushalt!$A$8:$W$282,8,FALSE) -> 800 | N18: =SUBTOTAL(9,N19:N20) -> 10250 | O18: =SUBTOTAL(9,O19:O21) -> 11625 | P18: =SUBTOTAL(9,P19:P20) -> 0 | Q18: =SUBTOTAL(9,Q19:Q20) -> 0 | R18: =SUBTOTAL(9,R19:R20) -> 0 | S18: =SUBTOTAL(9,S19:S20) -> 0 | T18: =SUBTOTAL(9,T19:T20) -> 0 | U18: =SUBTOTAL(9,U19:U20) -> 0
A19: 129.10 | B19: =ROW(#REF!) -> #REF! | C19: 4203 | D19: 1 | G19: 129.70 (x0,2) | H19: AStA Seminare | I19: 2000 | J19: 500 | K19: =VLOOKUP(Tabelle1[[#This Row],[Titel]],[2]Haushalt!$A:$S,19,FALSE) -> 432.24 | L19: =Referatspläne!N4 -> 2500 | M19: =VLOOKUP(Tabelle1[[#This Row],[Titel]],[3]Haushalt!$A$8:$W$282,8,FALSE) -> 160 | N19: 5200 | O19: 500 | P19: 0 | S19: =HHJ_2022_2023!H18*0.2 -> 0 | T19: =HHJ_2022_2023!J18*0.2 -> 0 | U19: =HHJ_2022_2023!L18*0.2 -> 0
A20: 129.20 | B20: =ROW(#REF!) -> #REF! | C20: 4205 | D20: 1 | G20: 129.70 (x0,8), 129.80 (x0,25), 129.90 (x0,55) | H20: AStA-Veranstaltungen | I20: 2000 | J20: 2000 | K20: =VLOOKUP(Tabelle1[[#This Row],[Titel]],[2]Haushalt!$A:$S,19,FALSE) -> 1728.96 | L20: =Referatspläne!O4 -> 450 | M20: =VLOOKUP(Tabelle1[[#This Row],[Titel]],[3]Haushalt!$A$8:$W$282,8,FALSE) -> 640 | N20: 5050 | O20: 11125 | P20: 0 | S20: =(HHJ_2022_2023!H18*0.8)+(HHJ_2022_2023!H19*0.25)+(HHJ_2022_2023!H20*0.55) -> 0 | T20: =(HHJ_2022_2023!J18*0.8)+(HHJ_2022_2023!J19*0.25)+(HHJ_2022_2023!J20*0.55) -> 0 | U20: =(HHJ_2022_2023!L18*0.8)+(HHJ_2022_2023!L19*0.25)+(HHJ_2022_2023!L20*0.55) -> 0
A21: 129.30 | B21: =ROW(#REF!) -> #REF! | C21: 4205 | D21: 1 | G21: n.a. | H21: Stupa-Veranstaltungen | I21: 0 | J21: 0 | K21: =VLOOKUP(Tabelle1[[#This Row],[Titel]],[2]Haushalt!$A:$S,19,FALSE) -> 0 | L21: 0 | M21: =VLOOKUP(Tabelle1[[#This Row],[Titel]],[3]Haushalt!$A$8:$W$282,8,FALSE) -> 0 | N21: 0 | O21: 0 | P21: 0
B22: =ROW(B17) -> 17
A23: 130.00 | B23: =ROW(B18) -> 18 | H23: Einnahmen aus Bewirtung | I23: =SUBTOTAL(9,I24:I25) -> 500 | J23: =SUBTOTAL(9,J24:J25) -> 0 | K23: =VLOOKUP(Tabelle1[[#This Row],[Titel]],[2]Haushalt!$A:$S,19,FALSE) -> 0 | L23: =SUBTOTAL(9,L24:L25) -> 0 | M23: =VLOOKUP(Tabelle1[[#This Row],[Titel]],[3]Haushalt!$A$8:$W$282,8,FALSE) -> 0 | N23: =SUBTOTAL(9,N24:N25) -> 0 | O23: =SUBTOTAL(9,O24:O25) -> 0 | P23: =SUBTOTAL(9,P24:P25) -> 0 | Q23: =SUBTOTAL(9,Q24:Q25) -> 0 | R23: =SUBTOTAL(9,R24:R25) -> 0 | S23: =SUBTOTAL(9,S24:S25) -> 0 | T23: =SUBTOTAL(9,T24:T25) -> 0 | U23: =SUBTOTAL(9,U24:U25) -> 0
A24: 130.10 | B24: =ROW(B19) -> 19 | C24: 4090 | D24: 3 | G24: n.a. | H24: AStA | I24: 500 | J24: 0 | K24: =VLOOKUP(Tabelle1[[#This Row],[Titel]],[2]Haushalt!$A:$S,19,FALSE) -> 0 | L24: 0 | M24: =VLOOKUP(Tabelle1[[#This Row],[Titel]],[3]Haushalt!$A$8:$W$282,8,FALSE) -> 0 | N24: =Referatspläne!P4 -> 0 | O24: =Referatspläne!P2 -> 0 | P24: 0
A25: 130.20 | B25: =ROW(B20) -> 20 | C25: 4090 | D25: 3 | G25: n.a. | H25: SP-Veranstaltungen | I25: 0 | J25: 0 | K25: =VLOOKUP(Tabelle1[[#This Row],[Titel]],[2]Haushalt!$A:$S,19,FALSE) -> 0 | L25: 0 | M25: =VLOOKUP(Tabelle1[[#This Row],[Titel]],[3]Haushalt!$A$8:$W$282,8,FALSE) -> 0 | N25: 0 | O25: 0 | P25: 0
B26: =ROW(B21) -> 21
A27: 140.00 | B27: =ROW(B22) -> 22 | H27: Einnahmen aus Förderungen und Kooperationen | I27: =SUBTOTAL(9,I28:I30) -> 6000 | J27: =SUBTOTAL(9,J28:J30) -> 5000 | K27: =VLOOKUP(Tabelle1[[#This Row],[Titel]],[2]Haushalt!$A:$S,19,FALSE) -> 0 | L27: =SUBTOTAL(9,L28:L30) -> 9176.25 | M27: =VLOOKUP(Tabelle1[[#This Row],[Titel]],[3]Haushalt!$A$8:$W$282,8,FALSE) -> 0 | N27: =SUBTOTAL(9,N28:N30) -> 17100 | O27: =SUBTOTAL(9,O28:O30) -> 15375 | P27: =SUBTOTAL(9,P28:P30) -> 0 | Q27: =SUBTOTAL(9,Q28:Q30) -> 0 | R27: =SUBTOTAL(9,R28:R30) -> 0 | S27: =SUBTOTAL(9,S28:S30) -> 0 | T27: =SUBTOTAL(9,T28:T30) -> 0 | U27: =SUBTOTAL(9,U28:U30) -> 0
A28: 140.10 | B28: =ROW(B23) -> 23 | C28: 4045 | D28: 1 | F28: mit Zuwendungsbestätigung | G28: 129.80 (x0,75) | H28: Förderungen Inkl. U. Gleichstellung | I28: 5000 | J28: 5000 | K28: =VLOOKUP(Tabelle1[[#This Row],[Titel]],[2]Haushalt!$A:$S,19,FALSE) -> 0 | L28: =Referatspläne!Q4 -> 9176.25 | M28: =VLOOKUP(Tabelle1[[#This Row],[Titel]],[3]Haushalt!$A$8:$W$282,8,FALSE) -> 0 | N28: 10800 | O28: 10875 | P28: 0 | S28: =HHJ_2022_2023!H19*0.75 -> 0 | T28: =HHJ_2022_2023!J19*0.75 -> 0 | U28: =HHJ_2022_2023!L19*0.75 -> 0
A29: 140.20 | B29: =ROW(B24) -> 24 | C29: 4050 | D29: 1 | F29: ohne Zuwendungsbestätigung | G29: 129.90 (x0,45) | H29: Förderungen Hopo | I29: 1000 | J29: 0 | K29: =VLOOKUP(Tabelle1[[#This Row],[Titel]],[2]Haushalt!$A:$S,19,FALSE) -> 0 | L29: 0 | M29: =VLOOKUP(Tabelle1[[#This Row],[Titel]],[3]Haushalt!$A$8:$W$282,8,FALSE) -> 0 | N29: 4800 | O29: 4500 | P29: 0 | S29: =HHJ_2022_2023!H20*0.45 -> 0 | T29: =HHJ_2022_2023!J20*0.45 -> 0 | U29: =HHJ_2022_2023!L20*0.45 -> 0
A30: 140.30 | B30: =ROW(B25) -> 25 | F30: weg | G30: n.a. | H30: Sonstige Förderungen und Kooperationen | I30: 0 | J30: 0 | K30: =VLOOKUP(Tabelle1[[#This Row],[Titel]],[2]Haushalt!$A:$S,19,FALSE) -> 0 | L30: 0 | M30: =VLOOKUP(Tabelle1[[#This Row],[Titel]],[3]Haushalt!$A$8:$W$282,8,FALSE) -> 0 | N30: 1500 | O30: 0 | P30: 0
B31: =ROW(B26) -> 26
A32: 182.00 | B32: =ROW(B27) -> 27 | H32: Darlehensrückflüsse | I32: =SUBTOTAL(9,I33:I34) -> 4000 | J32: =SUBTOTAL(9,J33:J34) -> 3000 | K32: =VLOOKUP(Tabelle1[[#This Row],[Titel]],[2]Haushalt!$A:$S,19,FALSE) -> 2428 | L32: =SUBTOTAL(9,L33:L34) -> 5000 | M32: =VLOOKUP(Tabelle1[[#This Row],[Titel]],[3]Haushalt!$A$8:$W$282,8,FALSE) -> 5262 | N32: =SUBTOTAL(9,N33:N34) -> 3600 | O32: =SUBTOTAL(9,O33:O34) -> 7000 | P32: =SUBTOTAL(9,P33:P34) -> 6229.55 | Q32: =SUBTOTAL(9,Q33:Q34) -> 0 | R32: =SUBTOTAL(9,R33:R34) -> 0 | S32: =SUBTOTAL(9,S33:S34) -> 130 | T32: =SUBTOTAL(9,T33:T34) -> 650 | U32: =SUBTOTAL(9,U33:U34) -> 960
A33: 182.10 | B33: =ROW(B28) -> 28 | D33: 2 | G33: 182.00 | H33: Aus Darlehen | I33: 4000 | J33: 3000 | K33: =VLOOKUP(Tabelle1[[#This Row],[Titel]],[2]Haushalt!$A:$S,19,FALSE) -> 2428 | L33: 5000 | M33: =VLOOKUP(Tabelle1[[#This Row],[Titel]],[3]Haushalt!$A$8:$W$282,8,FALSE) -> 5262 | N33: 3600 | O33: 7000 | P33: 6229.55 | S33: =HHJ_2022_2023!H22 -> 130 | T33: =HHJ_2022_2023!J22 -> 650 | U33: =HHJ_2022_2023!L22 -> 960
A34: 182.20 | B34: =ROW(B29) -> 29 | D34: 2 | G34: n.a. | H34: Aus Internationalisierungsdarlehen | I34: 0 | J34: 0 | K34: =VLOOKUP(Tabelle1[[#This Row],[Titel]],[2]Haushalt!$A:$S,19,FALSE) -> 0 | L34: 0 | M34: =VLOOKUP(Tabelle1[[#This Row],[Titel]],[3]Haushalt!$A$8:$W$282,8,FALSE) -> 0 | N34: 0 | O34: 0 | P34: 0 | W34: Ich höre nichts!
B35: =ROW(B30) -> 30
A36: Plan 2 | B36: =ROW(B31) -> 31 | H36: Einnahmen Fachschaften | I36: =I37+I44+I51 -> 95000 | J36: =J37+J44+J51 -> 83650 | K36: =VLOOKUP(Tabelle1[[#This Row],[Titel]],[2]Haushalt!$A:$S,19,FALSE) -> 69212.65 | L36: =L37+L44+L51 -> 118160 | M36: =VLOOKUP(Tabelle1[[#This Row],[Titel]],[3]Haushalt!$A$8:$W$282,8,FALSE) -> 71915.37 | N36: =N37+N44+N51 -> 146529.5 | O36: =O37+O44+O51 -> 85000 | P36: =P37+P44+P51 -> 89402 | Q36: =Q37+Q44+Q51 -> 0 | R36: =R37+R44+R51 -> 0 | S36: =S37+S44+S51 -> -160 | T36: =T37+T44+T51 -> 330 | U36: =U37+U44+U51 -> 1285
A37: 210.00 | B37: =ROW(B32) -> 32 | H37: Teilnahmebeiträge Seminare Fachschaften | I37: =SUBTOTAL(9,I38:I42) -> 95000 | J37: =SUBTOTAL(9,J38:J42) -> 83650 | K37: =VLOOKUP(Tabelle1[[#This Row],[Titel]],[2]Haushalt!$A:$S,19,FALSE) -> 69212.65 | L37: =SUBTOTAL(9,L38:L42) -> 117660 | M37: =VLOOKUP(Tabelle1[[#This Row],[Titel]],[3]Haushalt!$A$8:$W$282,8,FALSE) -> 71915.37 | N37: =SUBTOTAL(9,N38:N42) -> 145329.5 | O37: =SUBTOTAL(9,O38:O42) -> 85000 | P37: =SUBTOTAL(9,P38:P42) -> 89402 | Q37: =SUBTOTAL(9,Q38:Q42) -> 0 | R37: =SUBTOTAL(9,R38:R42) -> 0 | S37: =SUBTOTAL(9,S38:S42) -> -160 | T37: =SUBTOTAL(9,T38:T42) -> 330 | U37: =SUBTOTAL(9,U38:U42) -> 1285
A38: 210.10 | B38: =ROW(B33) -> 33 | C38: 4203 | D38: 1 | G38: 129.10 | H38: FSR WiWi | I38: 48000 | J38: 46150 | K38: =VLOOKUP(Tabelle1[[#This Row],[Titel]],[2]Haushalt!$A:$S,19,FALSE) -> 37662.65 | L38: ='WiWi neu'!I5 -> 46150 | M38: =VLOOKUP(Tabelle1[[#This Row],[Titel]],[3]Haushalt!$A$8:$W$282,8,FALSE) -> 37655.37 | N38: 56381 | O38: =[4]WiWi!G5 -> 23000 | P38: =WiWi!L8 -> 37605 | S38: =HHJ_2022_2023!H12 -> 90 | T38: =HHJ_2022_2023!J12 -> 135 | U38: =HHJ_2022_2023!L12 -> 135
A39: 210.20 | B39: =ROW(B34) -> 34 | C39: 4203 | D39: 1 | G39: 129.20 | H39: FSR KSW | I39: 4500 | J39: 3500 | K39: =VLOOKUP(Tabelle1[[#This Row],[Titel]],[2]Haushalt!$A:$S,19,FALSE) -> 2595 | L39: =KSW!E5 -> 8510 | M39: =VLOOKUP(Tabelle1[[#This Row],[Titel]],[3]Haushalt!$A$8:$W$282,8,FALSE) -> 2690 | N39: 10576 | O39: =KSW!I5 -> 1500 | P39: =KSW!J8 -> 318 | S39: =HHJ_2022_2023!H13 -> 0 | T39: =HHJ_2022_2023!J13 -> 475 | U39: =HHJ_2022_2023!L13 -> 490
A40: 210.30 | B40: =ROW(B35) -> 35 | C40: 4203 | D40: 1 | G40: 129.60 | H40: FSR PSY | I40: 4500 | J40: 0 | K40: =VLOOKUP(Tabelle1[[#This Row],[Titel]],[2]Haushalt!$A:$S,19,FALSE) -> 0 | L40: =PSY!E5 -> 24000 | M40: =VLOOKUP(Tabelle1[[#This Row],[Titel]],[3]Haushalt!$A$8:$W$282,8,FALSE) -> 0 | N40: 29222 | O40: =PSY!I5 -> 24000 | P40: =PSY!J8 -> 23964 | S40: =HHJ_2022_2023!H17 -> 0 | T40: =HHJ_2022_2023!J17 -> 0 | U40: =HHJ_2022_2023!L17 -> 0
A41: 210.40 | B41: =ROW(B36) -> 36 | C41: 4203 | D41: 1 | G41: 129.40 | H41: FSR ReWi | I41: 25000 | J41: 25000 | K41: =VLOOKUP(Tabelle1[[#This Row],[Titel]],[2]Haushalt!$A:$S,19,FALSE) -> 22060 | L41: =ReWi!E5 -> 23500 | M41: =VLOOKUP(Tabelle1[[#This Row],[Titel]],[3]Haushalt!$A$8:$W$282,8,FALSE) -> 23885 | N41: 29578 | O41: =ReWi!I5 -> 32000 | P41: =ReWi!J8 -> 24965 | S41: =HHJ_2022_2023!H15 -> -340 | T41: =HHJ_2022_2023!J15 -> -340 | U41: =HHJ_2022_2023!L15 -> -340
A42: 210.50 | B42: =ROW(B37) -> 37 | C42: 4203 | D42: 1 | G42: 129.30 | H42: FSR M+I | I42: 13000 | J42: 9000 | K42: =VLOOKUP(Tabelle1[[#This Row],[Titel]],[2]Haushalt!$A:$S,19,FALSE) -> 6895 | L42: =M_I!G5 -> 15500 | M42: =VLOOKUP(Tabelle1[[#This Row],[Titel]],[3]Haushalt!$A$8:$W$282,8,FALSE) -> 7685 | N42: 19572.5 | O42: =M_I!K5 -> 4500 | P42: =M_I!L8 -> 2550 | S42: =HHJ_2022_2023!H14 -> 90 | T42: =HHJ_2022_2023!J14 -> 60 | U42: =HHJ_2022_2023!L14 -> 1000
B43: =ROW(B38) -> 38
A44: 220.00 | B44: =ROW(B39) -> 39 | H44: Teilnahmebeiträge Veranstaltungen Fachschaften | I44: =SUBTOTAL(9,I45:I49) -> 0 | J44: =SUBTOTAL(9,J45:J49) -> 0 | K44: =VLOOKUP(Tabelle1[[#This Row],[Titel]],[2]Haushalt!$A:$S,19,FALSE) -> 0 | L44: =SUBTOTAL(9,L45:L49) -> 500 | M44: =VLOOKUP(Tabelle1[[#This Row],[Titel]],[3]Haushalt!$A$8:$W$282,8,FALSE) -> 0 | N44: =SUBTOTAL(9,N45:N49) -> 1200 | O44: =SUBTOTAL(9,O45:O49) -> 0 | P44: =SUBTOTAL(9,P45:P49) -> 0 | Q44: =SUBTOTAL(9,Q45:Q49) -> 0 | R44: =SUBTOTAL(9,R45:R49) -> 0 | S44: =SUBTOTAL(9,S45:S49) -> 0 | T44: =SUBTOTAL(9,T45:T49) -> 0 | U44: =SUBTOTAL(9,U45:U49) -> 0
A45: 220.10 | B45: =ROW(B40) -> 40 | C45: 4205 | D45: 1 | G45: n.a. | H45: FSR WiWi | I45: 0 | J45: 0 | K45: =VLOOKUP(Tabelle1[[#This Row],[Titel]],[2]Haushalt!$A:$S,19,FALSE) -> 0 | L45: =WiWi!G6 -> 0 | M45: =VLOOKUP(Tabelle1[[#This Row],[Titel]],[3]Haushalt!$A$8:$W$282,8,FALSE) -> 0 | N45: 0 | O45: =[4]WiWi!G6 -> 0 | P45: 0
A46: 220.20 | B46: =ROW(B41) -> 41 | C46: 4205 | D46: 1 | G46: n.a. | H46: FSR KSW | I46: 0 | J46: 0 | K46: =VLOOKUP(Tabelle1[[#This Row],[Titel]],[2]Haushalt!$A:$S,19,FALSE) -> 0 | L46: =KSW!E6 -> 500 | M46: =VLOOKUP(Tabelle1[[#This Row],[Titel]],[3]Haushalt!$A$8:$W$282,8,FALSE) -> 0 | N46: 1200 | O46: =KSW!I6 -> 0 | P46: 0
A47: 220.30 | B47: =ROW(B42) -> 42 | C47: 4205 | D47: 1 | G47: n.a. | H47: FSR PSY | I47: 0 | J47: 0 | K47: =VLOOKUP(Tabelle1[[#This Row],[Titel]],[2]Haushalt!$A:$S,19,FALSE) -> 0 | L47: =PSY!E6 -> 0 | M47: =VLOOKUP(Tabelle1[[#This Row],[Titel]],[3]Haushalt!$A$8:$W$282,8,FALSE) -> 0 | N47: 0 | O47: =PSY!I6 -> 0 | P47: 0
A48: 220.40 | B48: =ROW(B43) -> 43 | C48: 4205 | D48: 1 | G48: n.a. | H48: FSR ReWi | I48: 0 | J48: 0 | K48: =VLOOKUP(Tabelle1[[#This Row],[Titel]],[2]Haushalt!$A:$S,19,FALSE) -> 0 | L48: =ReWi!E6 -> 0 | M48: =VLOOKUP(Tabelle1[[#This Row],[Titel]],[3]Haushalt!$A$8:$W$282,8,FALSE) -> 0 | N48: 0 | O48: =ReWi!I6 -> 0 | P48: 0
A49: 220.50 | B49: =ROW(B44) -> 44 | C49: 4205 | D49: 1 | G49: n.a. | H49: FSR M+I | I49: 0 | J49: 0 | K49: =VLOOKUP(Tabelle1[[#This Row],[Titel]],[2]Haushalt!$A:$S,19,FALSE) -> 0 | L49: =M_I!G6 -> 0 | M49: =VLOOKUP(Tabelle1[[#This Row],[Titel]],[3]Haushalt!$A$8:$W$282,8,FALSE) -> 0 | N49: 0 | O49: =M_I!K6 -> 0 | P49: 0
B50: =ROW(B45) -> 45
A51: 230.00 | B51: =ROW(B46) -> 46 | H51: Sonstige (Werbung, Förderungen, Bewirtung) | I51: =SUBTOTAL(9,I52:I56) -> 0 | J51: =SUBTOTAL(9,J52:J56) -> 0 | K51: =VLOOKUP(Tabelle1[[#This Row],[Titel]],[2]Haushalt!$A:$S,19,FALSE) -> 0 | L51: =SUBTOTAL(9,L52:L56) -> 0 | M51: =VLOOKUP(Tabelle1[[#This Row],[Titel]],[3]Haushalt!$A$8:$W$282,8,FALSE) -> 0 | N51: =SUBTOTAL(9,N52:N56) -> 0 | O51: =SUBTOTAL(9,O52:O56) -> 0 | P51: =SUBTOTAL(9,P52:P56) -> 0 | Q51: =SUBTOTAL(9,Q52:Q56) -> 0 | R51: =SUBTOTAL(9,R52:R56) -> 0 | S51: =SUBTOTAL(9,S52:S56) -> 0 | T51: =SUBTOTAL(9,T52:T56) -> 0 | U51: =SUBTOTAL(9,U52:U56) -> 0
A52: 230.10 | B52: =ROW(B47) -> 47 | C52: 4211 | D52: 3 | G52: n.a. | H52: FSR WiWi | I52: 0 | J52: 0 | K52: =VLOOKUP(Tabelle1[[#This Row],[Titel]],[2]Haushalt!$A:$S,19,FALSE) -> 0 | L52: =WiWi!G7 -> 0 | M52: =VLOOKUP(Tabelle1[[#This Row],[Titel]],[3]Haushalt!$A$8:$W$282,8,FALSE) -> 0 | N52: 0 | O52: =[4]WiWi!G7 -> 0 | P52: 0
A53: 230.20 | B53: =ROW(B48) -> 48 | C53: 4211 | D53: 3 | G53: n.a. | H53: FSR KSW | I53: 0 | J53: 0 | K53: =VLOOKUP(Tabelle1[[#This Row],[Titel]],[2]Haushalt!$A:$S,19,FALSE) -> 0 | L53: =KSW!E7 -> 0 | M53: =VLOOKUP(Tabelle1[[#This Row],[Titel]],[3]Haushalt!$A$8:$W$282,8,FALSE) -> 0 | N53: 0 | O53: =KSW!I7 -> 0 | P53: 0
A54: 230.30 | B54: =ROW(B49) -> 49 | C54: 4211 | D54: 3 | G54: n.a. | H54: FSR PSY | I54: 0 | J54: 0 | K54: =VLOOKUP(Tabelle1[[#This Row],[Titel]],[2]Haushalt!$A:$S,19,FALSE) -> 0 | L54: =PSY!E7 -> 0 | M54: =VLOOKUP(Tabelle1[[#This Row],[Titel]],[3]Haushalt!$A$8:$W$282,8,FALSE) -> 0 | N54: 0 | O54: =PSY!I7 -> 0 | P54: 0
A55: 230.40 | B55: =ROW(B50) -> 50 | C55: 4211 | D55: 3 | G55: n.a. | H55: FSR ReWi | I55: 0 | J55: 0 | K55: =VLOOKUP(Tabelle1[[#This Row],[Titel]],[2]Haushalt!$A:$S,19,FALSE) -> 0 | L55: =ReWi!E7 -> 0 | M55: =VLOOKUP(Tabelle1[[#This Row],[Titel]],[3]Haushalt!$A$8:$W$282,8,FALSE) -> 0 | N55: 0 | O55: =ReWi!I7 -> 0 | P55: 0
A56: 230.50 | B56: =ROW(B51) -> 51 | C56: 4211 | D56: 3 | G56: n.a. | H56: FSR M+I | I56: 0 | J56: 0 | K56: =VLOOKUP(Tabelle1[[#This Row],[Titel]],[2]Haushalt!$A:$S,19,FALSE) -> 0 | L56: =M_I!G7 -> 0 | M56: =VLOOKUP(Tabelle1[[#This Row],[Titel]],[3]Haushalt!$A$8:$W$282,8,FALSE) -> 0 | N56: 0 | O56: =M_I!K7 -> 0 | P56: 0
B57: =ROW(B52) -> 52
B58: =ROW(B53) -> 53
B59: =ROW(B54) -> 54
A60: Plan 3 | B60: =ROW(B54) -> 54 | H60: Rücklagen, Vorjahresvortrag, durchlaufende Gelder | I60: =I61+I66 -> 940000 | J60: =J61+J66 -> 689481.07 | K60: =VLOOKUP(Tabelle1[[#This Row],[Titel]],[2]Haushalt!$A:$S,19,FALSE) -> 689481.07 | L60: =L61+L66 -> 689841.07 | M60: =VLOOKUP(Tabelle1[[#This Row],[Titel]],[3]Haushalt!$A$8:$W$282,8,FALSE) -> 285497.78 | N60: =N61+N66 -> 345497.78 | O60: =O61+O66 -> 795000 | P60: =P61+P66 -> 820360.34 | Q60: =Q61+Q66 -> 0 | R60: =R61+R66 -> 0 | S60: =S61+S66 -> 285497.78 | T60: =T61+T66 -> 285497.78 | U60: =U61+U66 -> 285497.78
A61: 352.00 | B61: =ROW(B55) -> 55 | H61: Entnahmen aus der Rücklage | I61: =SUBTOTAL(9,I62:I64) -> 140000 | J61: =SUBTOTAL(9,J62:J64) -> 0 | K61: =VLOOKUP(Tabelle1[[#This Row],[Titel]],[2]Haushalt!$A:$S,19,FALSE) -> 0 | L61: =SUBTOTAL(9,L62:L64) -> 0 | M61: =VLOOKUP(Tabelle1[[#This Row],[Titel]],[3]Haushalt!$A$8:$W$282,8,FALSE) -> 0 | N61: =SUBTOTAL(9,N62:N64) -> 60000 | O61: =SUBTOTAL(9,O62:O64) -> 195000 | P61: =SUBTOTAL(9,P62:P64) -> 195000 | Q61: =SUBTOTAL(9,Q62:Q64) -> 0 | R61: =SUBTOTAL(9,R62:R64) -> 0 | S61: =SUBTOTAL(9,S62:S64) -> 0 | T61: =SUBTOTAL(9,T62:T64) -> 0 | U61: =SUBTOTAL(9,U62:U64) -> 0
A62: 352.10 | B62: =ROW(B56) -> 56 | C62: 2100 | D62: 2 | G62: 352.00 | H62: Allgemeine Rücklage | I62: 0 | J62: 0 | K62: =VLOOKUP(Tabelle1[[#This Row],[Titel]],[2]Haushalt!$A:$S,19,FALSE) -> 0 | L62: 0 | M62: =VLOOKUP(Tabelle1[[#This Row],[Titel]],[3]Haushalt!$A$8:$W$282,8,FALSE) -> 0 | N62: 0 | O62: 0 | P62: 0 | S62: =HHJ_2022_2023!J25 -> 0 | T62: =HHJ_2022_2023!K25 -> 0 | U62: =HHJ_2022_2023!M25 -> 0
A63: 352.20 | B63: =ROW(B57) -> 57 | C63: 2000 | D63: 2 | G63: 353.00 | H63: Sonderrücklage Wahlen | I63: 0 | J63: 0 | K63: =VLOOKUP(Tabelle1[[#This Row],[Titel]],[2]Haushalt!$A:$S,19,FALSE) -> 0 | L63: 0 | M63: =VLOOKUP(Tabelle1[[#This Row],[Titel]],[3]Haushalt!$A$8:$W$282,8,FALSE) -> 0 | N63: 0 | O63: 195000 | P63: 195000 | S63: =HHJ_2022_2023!J26 -> 0 | T63: =HHJ_2022_2023!J26 -> 0 | U63: =HHJ_2022_2023!L26 -> 0
A64: 352.30 | B64: =ROW(B58) -> 58 | C64: 2000 | D64: 2 | G64: n.a. | H64: Schwankungsrücklage Wahlen | I64: 140000 | J64: 0 | K64: =VLOOKUP(Tabelle1[[#This Row],[Titel]],[2]Haushalt!$A:$S,19,FALSE) -> 0 | L64: 0 | M64: =VLOOKUP(Tabelle1[[#This Row],[Titel]],[3]Haushalt!$A$8:$W$282,8,FALSE) -> 0 | N64: 60000 | O64: 0 | P64: 0
B65: =ROW(B60) -> 60
A66: 360.00 | B66: =ROW(B61) -> 61 | H66: Vorjahresvortrag | I66: =SUBTOTAL(9,I67:I69) -> 800000 | J66: =SUBTOTAL(9,J67:J69) -> 689481.07 | K66: =VLOOKUP(Tabelle1[[#This Row],[Titel]],[2]Haushalt!$A:$S,19,FALSE) -> 689481.07 | L66: =SUBTOTAL(9,L67:L69) -> 689841.07 | M66: =VLOOKUP(Tabelle1[[#This Row],[Titel]],[3]Haushalt!$A$8:$W$282,8,FALSE) -> 285497.78 | N66: =SUBTOTAL(9,N67:N69) -> 285497.78 | O66: =SUBTOTAL(9,O67:O69) -> 600000 | P66: =SUBTOTAL(9,P67:P69) -> 625360.34 | Q66: =SUBTOTAL(9,Q67:Q69) -> 0 | R66: =SUBTOTAL(9,R67:R69) -> 0 | S66: =SUBTOTAL(9,S67:S69) -> 285497.78 | T66: =SUBTOTAL(9,T67:T69) -> 285497.78 | U66: =SUBTOTAL(9,U67:U69) -> 285497.78
A67: 360.10 | B67: =ROW(B62) -> 62 | C67: 2970 | D67: 2 | G67: 360.00 | H67: Überschuss Vorjahr | I67: 800000 | J67: 689481.07 | K67: =VLOOKUP(Tabelle1[[#This Row],[Titel]],[2]Haushalt!$A:$S,19,FALSE) -> 689481.07 | L67: 689841.07 | M67: =VLOOKUP(Tabelle1[[#This Row],[Titel]],[3]Haushalt!$A$8:$W$282,8,FALSE) -> 285497.78 | N67: 285497.78 | O67: 600000 | P67: 625360.34 | S67: =HHJ_2022_2023!H27 -> 285497.78 | T67: =HHJ_2022_2023!J27 -> 285497.78 | U67: =HHJ_2022_2023!L27 -> 285497.78
A68: 360.20 | B68: =ROW(B63) -> 63 | D68: 2 | G68: n.a. | H68: Sonstige Vorträge | I68: 0 | J68: 0 | K68: =VLOOKUP(Tabelle1[[#This Row],[Titel]],[2]Haushalt!$A:$S,19,FALSE) -> 0 | L68: 0 | M68: =VLOOKUP(Tabelle1[[#This Row],[Titel]],[3]Haushalt!$A$8:$W$282,8,FALSE) -> 0 | N68: 0 | O68: 0
B69: =ROW(B64) -> 64
A70: 380.00 | B70: =ROW(B65) -> 65 | H70: Kautionen, Durchlaufende Gelder AStA | I70: =SUBTOTAL(9,I71:I72) -> 0 | J70: =SUBTOTAL(9,J71:J72) -> 0 | K70: =VLOOKUP(Tabelle1[[#This Row],[Titel]],[2]Haushalt!$A:$S,19,FALSE) -> 0 | L70: =SUBTOTAL(9,L71:L72) -> 0 | M70: =VLOOKUP(Tabelle1[[#This Row],[Titel]],[3]Haushalt!$A$8:$W$282,8,FALSE) -> 0 | N70: =SUBTOTAL(9,N71:N72) -> 0 | O70: =SUBTOTAL(9,O71:O72) -> 0 | P70: =SUBTOTAL(9,P71:P72) -> 0 | Q70: =SUBTOTAL(9,Q71:Q72) -> 0 | R70: =SUBTOTAL(9,R71:R72) -> 0 | S70: =SUBTOTAL(9,S71:S72) -> 0 | T70: =SUBTOTAL(9,T71:T72) -> 0 | U70: =SUBTOTAL(9,U71:U72) -> 0
A71: 382.10 | B71: =ROW(B66) -> 66 | C71: 1350 | D71: 2 | G71: n.a. | H71: Kautionen Materialverleih | I71: 0 | J71: 0 | K71: =VLOOKUP(Tabelle1[[#This Row],[Titel]],[2]Haushalt!$A:$S,19,FALSE) -> 0 | L71: 0 | M71: =VLOOKUP(Tabelle1[[#This Row],[Titel]],[3]Haushalt!$A$8:$W$282,8,FALSE) -> 0 | N71: 0 | O71: 0 | P71: 0 | Q71: 0 | R71: 0
A72: 382.20 | B72: =ROW(B67) -> 67 | D72: 2 | G72: 130.00 | H72: Vorverkaufseinnahmen Bewirtung | I72: 0 | J72: 0 | K72: =VLOOKUP(Tabelle1[[#This Row],[Titel]],[2]Haushalt!$A:$S,19,FALSE) -> 0 | L72: 0 | M72: =VLOOKUP(Tabelle1[[#This Row],[Titel]],[3]Haushalt!$A$8:$W$282,8,FALSE) -> 0 | N72: 0 | O72: 0 | P72: 0 | Q72: 0 | R72: 0
B73: =ROW(B68) -> 68
B74: =ROW(B70) -> 70 | H74: Einnahmen Gesamt | I74: =I6+I36+I60 -> 1591600 | J74: =J6+J36+J60 -> 1837652.2 | K74: =K6+K36+K60 -> 1786963.7 | L74: =L6+L36+L60 -> 1582227.3 | M74: =M6+M36+M60 -> 1433893.5 | N74: =N6+N36+N60 -> 1568977.3 | O74: =O6+O36+O60 -> 1480000 | P74: =P6+P36+P60 -> 1500919.5 | S74: =S6+S36+S60 -> 542448.23 | T74: =T6+T36+T60 -> 744264.9 | U74: =U6+U36+U60 -> 777607.61
B75: =ROW(B71) -> 71
A76: Ausgaben | B76: =ROW(B72) -> 72
B77: =ROW(B73) -> 73
A78: Plan 4 | B78: =ROW(#REF!) -> #REF! | H78: Personalausgaben und Aufwandsentschädigungen | I78: =SUBTOTAL(9,I80:I113) -> 578800 | J78: =SUBTOTAL(9,J80:J113) -> 491413.58 | K78: =VLOOKUP(Tabelle1[[#This Row],[Titel]],[2]Haushalt!$A:$S,19,FALSE) -> 370007.95 | L78: =SUBTOTAL(9,L80:L113) -> 522865 | M78: =VLOOKUP(Tabelle1[[#This Row],[Titel]],[3]Haushalt!$A$8:$W$282,8,FALSE) -> 408563.82 | N78: =SUBTOTAL(9,N80:N113) -> 498755 | O78: =SUBTOTAL(9,O80:O113) -> 460235 | P78: =SUBTOTAL(9,P80:P113) -> 407438.27 | S78: =SUBTOTAL(9,S80:S113) -> 31078.73 | T78: =SUBTOTAL(9,T80:T113) -> 65648.76 | U78: =SUBTOTAL(9,U80:U113) -> 90698.83
A79: 412.00 | B79: =ROW(B74) -> 74 | H79: Aufwandsentschädigungen Studierendenvertretung | I79: =SUBTOTAL(9,I80:I84) -> 77500 | J79: =SUBTOTAL(9,J80:J84) -> 68000 | K79: =VLOOKUP(Tabelle1[[#This Row],[Titel]],[2]Haushalt!$A:$S,19,FALSE) -> 42530 | L79: =SUBTOTAL(9,L80:L84) -> 92400 | M79: =VLOOKUP(Tabelle1[[#This Row],[Titel]],[3]Haushalt!$A$8:$W$282,8,FALSE) -> 41663 | N79: =SUBTOTAL(9,N80:N84) -> 83690 | O79: =SUBTOTAL(9,O80:O84) -> 70250 | P79: =SUBTOTAL(9,P80:P84) -> 45805 | S79: =SUBTOTAL(9,S80:S84) -> 880 | T79: =SUBTOTAL(9,T80:T84) -> 2890 | U79: =SUBTOTAL(9,U80:U84) -> 5270
A80: 412.10 | B80: =ROW(B75) -> 75 | C80: 6004 | D80: 1 | E80: 1: Stupa | F80: 116004 | G80: 412.20 (x0,4), 412.50 (x0,6) | H80: Fest-AE SP-Vorsitz, HHA-Vorsitz, AG-Sprecher (§ 43 d. Satzung) | I80: 17000 | J80: 17000 | K80: =VLOOKUP(Tabelle1[[#This Row],[Titel]],[2]Haushalt!$A:$S,19,FALSE) -> 7840 | L80: 17000 | M80: =VLOOKUP(Tabelle1[[#This Row],[Titel]],[3]Haushalt!$A$8:$W$282,8,FALSE) -> 10128 | N80: =Aufwandsentschädigungen!H4+Aufwandsentschädigungen!H5+Aufwandsentschädigungen!H6 -> 17440 | O80: =SUM(HHJ_2021_2022!U33,HHJ_2021_2022!U36) -> 17400 | P80: 11920 | S80: =(HHJ_2022_2023!H33*0.4)+(HHJ_2022_2023!H36*0.6) -> 448 | T80: =(HHJ_2022_2023!J33*0.4)+(HHJ_2022_2023!J36*0.6) -> 1159 | U80: =(HHJ_2022_2023!L33*0.4)+(HHJ_2022_2023!L36*0.6) -> 2079
A81: 412.20 | B81: =ROW(B76) -> 76 | C81: 6302 | D81: 1 | F81: 116302 | G81: 412.20 (x0,6), 412.50 (x0,4) | H81: Variable AE Stupa, Ausschüsse, Arbeitsgruppen (§ 44 d. Satzung) | I81: 25000 | J81: 20000 | K81: =VLOOKUP(Tabelle1[[#This Row],[Titel]],[2]Haushalt!$A:$S,19,FALSE) -> 12255 | L81: 35000 | M81: =VLOOKUP(Tabelle1[[#This Row],[Titel]],[3]Haushalt!$A$8:$W$282,8,FALSE) -> 13665 | N81: =Aufwandsentschädigungen!I14 -> 39250 | O81: =SUM(HHJ_2021_2022!V33,HHJ_2021_2022!V36) -> 26100 | P81: 14025 | S81: =(HHJ_2022_2023!H33*0.6)+(HHJ_2022_2023!H36*0.4) -> 432 | T81: =(HHJ_2022_2023!J33*0.6)+(HHJ_2022_2023!J36*0.4) -> 1031 | U81: =(HHJ_2022_2023!L33*0.6)+(HHJ_2022_2023!L36*0.4) -> 1991
A82: 412.30 | B82: =ROW(B77) -> 77 | C82: 6302 | D82: 1 | E82: 2: FeU-Gremien | F82: 126302 | G82: 412.30 | H82: Fernuni-Gremien (§ 44 d. Satzung) | I82: 30000 | J82: 28000 | K82: =VLOOKUP(Tabelle1[[#This Row],[Titel]],[2]Haushalt!$A:$S,19,FALSE) -> 21660 | L82: 25000 | M82: =VLOOKUP(Tabelle1[[#This Row],[Titel]],[3]Haushalt!$A$8:$W$282,8,FALSE) -> 17870 | N82: 25000 | O82: 25000 | P82: =19640 -> 19640 | S82: =HHJ_2022_2023!H34 -> 0 | T82: =HHJ_2022_2023!J34 -> 700 | U82: =HHJ_2022_2023!L34 -> 1200
A83: 412.40 | B83: =ROW(B78) -> 78 | C83: 6004 | D83: 1 | E83: 3: AStA | F83: 136004 | G83: n.a. | H83: AStA-Beauftragungen | I83: 4000 | J83: 2000 | K83: =VLOOKUP(Tabelle1[[#This Row],[Titel]],[2]Haushalt!$A:$S,19,FALSE) -> 0 | L83: =1200*12 -> 14400 | M83: =VLOOKUP(Tabelle1[[#This Row],[Titel]],[3]Haushalt!$A$8:$W$282,8,FALSE) -> 0 | N83: 0 | O83: 0 | P83: 0
A84: 412.50 | B84: =ROW(B79) -> 79 | C84: 6302 | D84: 1 | F84: 136302 | G84: 412.40, 412.60, 536.10, 538.10, 550.10, 686.11 | H84: AStA-Veranstaltungen, Gäste, Sonstige (§ 44. d. Satzung) | I84: 1500 | J84: 1000 | K84: =VLOOKUP(Tabelle1[[#This Row],[Titel]],[2]Haushalt!$A:$S,19,FALSE) -> 775 | L84: 1000 | M84: =VLOOKUP(Tabelle1[[#This Row],[Titel]],[3]Haushalt!$A$8:$W$282,8,FALSE) -> 272 | N84: =Aufwandsentschädigungen!H14 -> 2000 | O84: =Aufwandsentschädigungen!C14 -> 1750 | P84: 220 | S84: =HHJ_2022_2023!H35+HHJ_2022_2023!H37+HHJ_2022_2023!H151+HHJ_2022_2023!H159+HHJ_2022_2023!H169+HHJ_2022_2023!H183 -> 0 | T84: =HHJ_2022_2023!J35+HHJ_2022_2023!J37+HHJ_2022_2023!J151+HHJ_2022_2023!J159+HHJ_2022_2023!J169+HHJ_2022_2023!J183 -> 0 | U84: =HHJ_2022_2023!L35+HHJ_2022_2023!L37+HHJ_2022_2023!L151+HHJ_2022_2023!L159+HHJ_2022_2023!L169+HHJ_2022_2023!L183 -> 0
B85: =ROW(B80) -> 80
A86: 413.00 | B86: =ROW(B81) -> 81 | H86: Aufwandsentschädigungen Fachschaften | I86: =SUBTOTAL(9,I87:I87,I89:I94) -> 69300 | J86: =SUBTOTAL(9,J87:J87,J89:J94) -> 66400 | K86: =VLOOKUP(Tabelle1[[#This Row],[Titel]],[2]Haushalt!$A:$S,19,FALSE) -> 47680.5 | L86: =SUBTOTAL(9,L87:L87,L89:L94) -> 74070 | M86: =VLOOKUP(Tabelle1[[#This Row],[Titel]],[3]Haushalt!$A$8:$W$282,8,FALSE) -> 56685 | N86: =SUBTOTAL(9,N87:N87,N89:N94) -> 74670 | O86: =SUBTOTAL(9,O87:O87,O89:O94) -> 71500 | P86: =SUBTOTAL(9,P87:P87,P89:P94) -> 57708.33 | S86: =SUBTOTAL(9,S87:S87,S89:S94) -> 3995 | T86: =SUBTOTAL(9,T87:T87,T89:T94) -> 9215 | U86: =SUBTOTAL(9,U87:U87,U89:U94) -> 14955
A87: 413.10 | B87: =ROW(B82) -> 82 | C87: 6004 | D87: 1 | F87: 156004, 166004, 176004… | G87: 686.31 (x0,52), 686.41 (x0,87), 686.51 (x0,8), 686.61 (x0,33), 686.71 (x0,26) | H87: Fest-AE Fachschaften (Fester Wert, 5*800*12) (§ 43 d. Satzung) | I87: 48000 | J87: 48000 | K87: =VLOOKUP(Tabelle1[[#This Row],[Titel]],[2]Haushalt!$A:$S,19,FALSE) -> 38425 | L87: =800*5*12 -> 48000 | M87: =VLOOKUP(Tabelle1[[#This Row],[Titel]],[3]Haushalt!$A$8:$W$282,8,FALSE) -> 46930 | N87: =800*5*12 -> 48000 | O87: =800*5*12 -> 48000 | P87: =WiWi!L10+KSW!J10+PSY!J10+ReWi!J10+M_I!L10 -> 44193.33 | S87: =(HHJ_2022_2023!H199*0.52)+(HHJ_2022_2023!H209*0.87)+(HHJ_2022_2023!H219*0.8)+(HHJ_2022_2023!H229*0.33)+(HHJ_2022_2023!H239*0.26) -> 2219.65 | T87: =(HHJ_2022_2023!J199*0.52)+(HHJ_2022_2023!J209*0.87)+(HHJ_2022_2023!J219*0.8)+(HHJ_2022_2023!J229*0.33)+(HHJ_2022_2023!J239*0.26) -> 5163.75 | U87: =(HHJ_2022_2023!L199*0.52)+(HHJ_2022_2023!L209*0.87)+(HHJ_2022_2023!L219*0.8)+(HHJ_2022_2023!L229*0.33)+(HHJ_2022_2023!L239*0.26) -> 8593.6
A88: 413.20 | B88: =ROW(B83) -> 83 | H88: Variable AE Fachschaften (§ 44 d. Satzung) | I88: =SUBTOTAL(9,I89:I93) -> 20300 | J88: =SUBTOTAL(9,J89:J93) -> 17400 | K88: =SUBTOTAL(9,K89:K93) -> 8550.5 | L88: =SUBTOTAL(9,L89:L93) -> 25070 | M88: =VLOOKUP(Tabelle1[[#This Row],[Titel]],[3]Haushalt!$A$8:$W$282,8,FALSE) -> 9365 | N88: =SUBTOTAL(9,N89:N93) -> 25670 | O88: =SUBTOTAL(9,O89:O93) -> 22000 | P88: =SUBTOTAL(9,P89:P93) -> 12720 | S88: =SUBTOTAL(9,S89:S93) -> 1775.35 | T88: =SUBTOTAL(9,T89:T93) -> 3781.25 | U88: =SUBTOTAL(9,U89:U93) -> 6091.4
A89: 413.21 | B89: =ROW(B84) -> 84 | C89: 6302 | D89: 1 | E89: 5: Wiwi | F89: 156302 | G89: 686.31 (x0,48) | H89: Variable AE FSR WiWi | I89: 9500 | J89: 8600 | K89: =VLOOKUP(Tabelle1[[#This Row],[Titel]],[2]Haushalt!$A:$S,19,FALSE) -> 5365.5 | L89: ='WiWi neu'!G11 -> 8600 | M89: =VLOOKUP(Tabelle1[[#This Row],[Titel]],[3]Haushalt!$A$8:$W$282,8,FALSE) -> 3695 | N89: =WiWi!I11 -> 8600 | O89: =[4]WiWi!G11 -> 10400 | P89: =WiWi!L11 -> 5830 | S89: =HHJ_2022_2023!H199*0.48 -> 384 | T89: =HHJ_2022_2023!J199*0.48 -> 868.8 | U89: =HHJ_2022_2023!L199*0.48 -> 1428
A90: 413.22 | B90: =ROW(B85) -> 85 | C90: 6302 | D90: 1 | E90: 6: KSW | F90: 166302 | G90: 686.41 (x0,13) | H90: Variable AE FSR KSW | I90: 2000 | J90: 1000 | K90: =VLOOKUP(Tabelle1[[#This Row],[Titel]],[2]Haushalt!$A:$S,19,FALSE) -> 140 | L90: =KSW!E11 -> 5270 | M90: =VLOOKUP(Tabelle1[[#This Row],[Titel]],[3]Haushalt!$A$8:$W$282,8,FALSE) -> 560 | N90: =KSW!G11 -> 5270 | O90: =KSW!I11 -> 1400 | P90: =KSW!J11 -> 1160 | S90: =HHJ_2022_2023!H209*0.13 -> 103.35 | T90: =HHJ_2022_2023!J209*0.13 -> 242.45 | U90: =HHJ_2022_2023!L209*0.13 -> 330.2
A91: 413.23 | B91: =ROW(B86) -> 86 | C91: 6302 | D91: 1 | E91: 7: PSY | F91: 177302 | G91: 686.51 (x0,2) | H91: Variable AE FSR PSY | I91: 2000 | J91: 1000 | K91: =VLOOKUP(Tabelle1[[#This Row],[Titel]],[2]Haushalt!$A:$S,19,FALSE) -> 180 | L91: =PSY!E11 -> 4400 | M91: =VLOOKUP(Tabelle1[[#This Row],[Titel]],[3]Haushalt!$A$8:$W$282,8,FALSE) -> 2435 | N91: =PSY!G11 -> 4500 | O91: =PSY!I11 -> 2400 | P91: =PSY!J11 -> 3110 | S91: =HHJ_2022_2023!H219*0.2 -> 160 | T91: =HHJ_2022_2023!J219*0.2 -> 414 | U91: =HHJ_2022_2023!L219*0.2 -> 842
A92: 413.24 | B92: =ROW(B87) -> 87 | C92: 6302 | D92: 1 | E92: 8: REWI | F92: 186302 | G92: 686.61 (x0,67) | H92: Variable AE FSR ReWi | I92: 4400 | J92: 4400 | K92: =VLOOKUP(Tabelle1[[#This Row],[Titel]],[2]Haushalt!$A:$S,19,FALSE) -> 1860 | L92: =ReWi!E11 -> 4400 | M92: =VLOOKUP(Tabelle1[[#This Row],[Titel]],[3]Haushalt!$A$8:$W$282,8,FALSE) -> 2435 | N92: =ReWi!G11 -> 5000 | O92: =ReWi!I11 -> 4400 | P92: =ReWi!J11 -> 2350 | S92: =HHJ_2022_2023!H229*0.67 -> 536 | T92: =HHJ_2022_2023!J229*0.67 -> 1072 | U92: =HHJ_2022_2023!L229*0.67 -> 1715.2
A93: 413.25 | B93: =ROW(B88) -> 88 | C93: 6302 | D93: 1 | E93: 9: M+I | F93: 196302 | G93: 686.71 (x0,74) | H93: Variable AE FSR M+I | I93: 2400 | J93: 2400 | K93: =VLOOKUP(Tabelle1[[#This Row],[Titel]],[2]Haushalt!$A:$S,19,FALSE) -> 1005 | L93: =M_I!G11 -> 2400 | M93: =VLOOKUP(Tabelle1[[#This Row],[Titel]],[3]Haushalt!$A$8:$W$282,8,FALSE) -> 240 | N93: =M_I!I11 -> 2300 | O93: =M_I!K11 -> 3400 | P93: =M_I!L11 -> 270 | S93: =HHJ_2022_2023!H239*0.74 -> 592 | T93: =HHJ_2022_2023!J239*0.74 -> 1184 | U93: =HHJ_2022_2023!L239*0.74 -> 1776
A94: 413.30 | B94: =ROW(B89) -> 89 | C94: 6302 | D94: 1 | F94: streichen | G94: 686.21 | H94: FSRK | I94: 1000 | J94: 1000 | K94: =VLOOKUP(Tabelle1[[#This Row],[Titel]],[2]Haushalt!$A:$S,19,FALSE) -> 705 | L94: 1000 | M94: =VLOOKUP(Tabelle1[[#This Row],[Titel]],[3]Haushalt!$A$8:$W$282,8,FALSE) -> 390 | N94: 1000 | O94: 1500 | P94: 795 | S94: =HHJ_2022_2023!H192 -> 0 | T94: =HHJ_2022_2023!J192 -> 270 | U94: =HHJ_2022_2023!L192 -> 270
B95: =ROW(B90) -> 90
A96: 425.00 | B96: =ROW(B91) -> 91 | H96: Beschäftigungen AStA | I96: =SUBTOTAL(9,I97:I100) -> 124250 | J96: =SUBTOTAL(9,J97:J100) -> 115228.62 | K96: =VLOOKUP(Tabelle1[[#This Row],[Titel]],[2]Haushalt!$A:$S,19,FALSE) -> 89218.22 | L96: =SUBTOTAL(9,L97:L100) -> 115200 | M96: =VLOOKUP(Tabelle1[[#This Row],[Titel]],[3]Haushalt!$A$8:$W$282,8,FALSE) -> 112954.2 | N96: =SUBTOTAL(9,N97:N100) -> 115200 | O96: =SUBTOTAL(9,O97:O100) -> 107185 | P96: =SUBTOTAL(9,P97:P100) -> 116485.4 | S96: =SUBTOTAL(9,S97:S100) -> 10079.51 | T96: =SUBTOTAL(9,T97:T100) -> 19579.87 | U96: =SUBTOTAL(9,U97:U100) -> 26934.07
A97: 425.10 | B97: =ROW(B92) -> 92 | C97: 6035 | D97: 1 | E97: 3: AStA | F97: 136035 | G97: 425.11 | H97: Referate | I97: 75000 | J97: 70000 | K97: =VLOOKUP(Tabelle1[[#This Row],[Titel]],[2]Haushalt!$A:$S,19,FALSE) -> 52704 | L97: =Stellenplan!T6 -> 70000 | M97: =VLOOKUP(Tabelle1[[#This Row],[Titel]],[3]Haushalt!$A$8:$W$282,8,FALSE) -> 66757.8 | N97: =Stellenplan!N6 -> 70000 | O97: =Stellenplan!H6 -> 63000 | P97: 68187 | S97: =HHJ_2022_2023!H40 -> 5988 | T97: =HHJ_2022_2023!J40 -> 11676 | U97: =HHJ_2022_2023!L40 -> 16930.2
A98: 425.20 | B98: =ROW(B93) -> 93 | C98: 6036 und 6171 | D98: 1 | E98: 3 | F98: 136036; 136171 | G98: 425.12 | H98: Bundesknappschaft | I98: 22000 | J98: 18000 | K98: =VLOOKUP(Tabelle1[[#This Row],[Titel]],[2]Haushalt!$A:$S,19,FALSE) -> 15285.6 | L98: =Stellenplan!U6 -> 18000 | M98: =VLOOKUP(Tabelle1[[#This Row],[Titel]],[3]Haushalt!$A$8:$W$282,8,FALSE) -> 19458.6 | N98: =Stellenplan!O6 -> 18000 | O98: =Stellenplan!I6 -> 19000 | P98: 21331.89 | S98: =HHJ_2022_2023!H41 -> 1816.51 | T98: =HHJ_2022_2023!J41 -> 3353.87 | U98: =HHJ_2022_2023!L41 -> 3353.87
A99: 425.30 | B99: =ROW(B94) -> 94 | C99: 6002 | D99: 1 | E99: 3 | F99: 136002 | G99: 412.10 | H99: Sachkostenpauschale | I99: 27000 | J99: 27000 | K99: =VLOOKUP(Tabelle1[[#This Row],[Titel]],[2]Haushalt!$A:$S,19,FALSE) -> 21000 | L99: =Stellenplan!V6 -> 27000 | M99: =VLOOKUP(Tabelle1[[#This Row],[Titel]],[3]Haushalt!$A$8:$W$282,8,FALSE) -> 26512.5 | N99: =Stellenplan!P6 -> 27000 | O99: =Stellenplan!J6 -> 25000 | P99: 26775 | S99: =HHJ_2022_2023!H32 -> 2275 | T99: =HHJ_2022_2023!J32 -> 4550 | U99: =HHJ_2022_2023!L32 -> 6650
A100: 425.40 | B100: =ROW(B95) -> 95 | C100: 6120 | D100: 1 | E100: 3 | F100: 136120 | G100: 425.14 | H100: VBG Unfallversicherung AStA | I100: 250 | J100: 228.62 | K100: =VLOOKUP(Tabelle1[[#This Row],[Titel]],[2]Haushalt!$A:$S,19,FALSE) -> 228.62 | L100: =Stellenplan!W6 -> 200 | M100: =VLOOKUP(Tabelle1[[#This Row],[Titel]],[3]Haushalt!$A$8:$W$282,8,FALSE) -> 225.3 | N100: =Stellenplan!Q6 -> 200 | O100: =Stellenplan!K6 -> 185 | P100: 191.51 | S100: =HHJ_2022_2023!H43 -> 0 | T100: =HHJ_2022_2023!J43 -> 0 | U100: =HHJ_2022_2023!L43 -> 0
B101: =ROW(B96) -> 96
...

Sheet Tabelle1
A4: 413.10 | B4: Fest-AE Fachschaften (Fester Wert, 5*800*12) (§ 43 d. Satzung) | C4: 48000
A5: 413.20 | B5: Variable AE Fachschaften (§ 44 d. Satzung) | C5: =SUBTOTAL(9,C6:C10) -> 20300
A6: 413.21 | B6: Variable AE FSR WiWi | C6: 9500
A7: 413.22 | B7: Variable AE FSR KSW | C7: 2000
A8: 413.23 | B8: Variable AE FSR PSY | C8: 2000
A9: 413.24 | B9: Variable AE FSR ReWi | C9: 4400
A10: 413.25 | B10: Variable AE FSR M+I | C10: 2400
A11: 527.40 | B11: Fahrtkosten u. Verpflegungspausch. Fachschaften | C11: =SUBTOTAL(9,C12:C16) -> 27000
A12: 527.41 | B12: FSR WiWi | C12: 14000
A13: 527.42 | B13: FSR KSW | C13: 2000
A14: 527.43 | B14: FSR PSY | C14: 2000
A15: 527.44 | B15: FSR ReWi | C15: 6000
A16: 527.45 | B16: FSR M+I | C16: 3000
A17: 529.40 | B17: Raum- und Unterkunftskosten Fachschaften | C17: =SUBTOTAL(9,C18:C22) -> 13000
A18: 529.41 | B18: WiWi | C18: 6000
A19: 529.42 | B19: KSW | C19: 1500
A20: 529.43 | B20: PSY | C20: 1500
A21: 529.44 | B21: ReWi | C21: 2500
A22: 529.45 | B22: M+I | C22: 1500
A23: 531.40 | B23: Bewirtung und Repräsentation Fachschaften | C23: =SUBTOTAL(9,C24:C28) -> 2500
A24: 531.41 | B24: WiWi | C24: 500
A25: 531.42 | B25: KSW | C25: 500
A26: 531.43 | B26: PSY | C26: 500
A27: 531.44 | B27: ReWi | C27: 500
A28: 531.45 | B28: M+I | C28: 500
A29: 551.10 | B29: Honorare Dozierende Fachseminare | C29: =SUBTOTAL(9,C30:C34) -> 90750
A30: 551.11 | B30: WiWi | C30: 43750
A31: 551.12 | B31: KSW | C31: 4000
A32: 551.13 | B32: PSY | C32: 5000
A33: 551.14 | B33: ReWi | C33: 25000
A34: 551.15 | B34: M+I | C34: 13000
A35: 551.20 | B35: Andere Honorare | C35: =SUBTOTAL(9,C36:C40) -> 8000
A36: 551.21 | B36: WiWi | C36: 1000
A37: 551.22 | B37: KSW | C37: 2000
A38: 551.23 | B38: PSY | C38: 1000
A39: 551.24 | B39: ReWi | C39: 3000
A40: 551.25 | B40: M+I | C40: 1000
A41: 551.30 | B41: Externe Reisekosten | C41: =SUBTOTAL(9,C42:C46) -> 2800
A42: 551.31 | B42: WiWi | C42: 500
A43: 551.32 | B43: KSW | C43: 500
A44: 551.33 | B44: PSY | C44: 500
A45: 551.34 | B45: ReWi | C45: 1000
A46: 551.35 | B46: M+I | C46: 300
A47: 551.40 | B47: Bewirtung und Repräsentation extern | C47: =SUBTOTAL(9,C48:C52) -> 2700
A48: 551.41 | B48: WiWi | C48: 1500
A49: 551.42 | B49: KSW | C49: 300
A50: 551.43 | B50: PSY | C50: 300
A51: 551.44 | B51: ReWi | C51: 300
A52: 551.55 | B52: M+I | C52: 300
A53: 551.50 | B53: Raum- und Unterkunftskosten extern | C53: =SUBTOTAL(9,C54:C58) -> 3500
A54: 551.51 | B54: WiWi | C54: 500
A55: 551.52 | B55: KSW | C55: 500
A56: 551.53 | B56: PSY | C56: 500
A57: 551.54 | B57: ReWi | C57: 1500
A58: 551.55 | B58: M+I | C58: 500
A59: 551.60 | B59: Druckkosten und Verwaltungskosten Seminare | C59: =SUBTOTAL(9,C60:C64) -> 6600
A60: 551.61 | B60: WiWi | C60: 5000
A61: 551.62 | B61: KSW | C61: 500
A62: 551.63 | B62: PSY | C62: 500
A63: 551.64 | B63: ReWi | C63: 100
A64: 551.65 | B64: M+I | C64: 500
A65: 551.60 | B65: Druckkosten und Verwaltungskosten Seminare | C65: =SUBTOTAL(9,C66:C70) -> 6600
A66: 551.61 | B66: WiWi | C66: 5000
A67: 551.62 | B67: KSW | C67: 500
A68: 551.63 | B68: PSY | C68: 500
A69: 551.64 | B69: ReWi | C69: 100
A70: 551.65 | B70: M+I | C70: 500
A71: 551.70 | B71: Sonstige Kosten (Lizenzen, Allg. Geschäftsbetrieb) | C71: =SUBTOTAL(9,C72:C76) -> 6000
A72: 551.71 | B72: WiWi | C72: 2000
A73: 551.72 | B73: KSW | C73: 500
A74: 551.73 | B74: PSY | C74: 500
A75: 551.74 | B75: ReWi | C75: 2500
A76: 551.75 | B76: M+I | C76: 500
C77: =SUM(C5:C76)/2+C4 -> 237750

Sheet Stellenplan
A1: Stellenplan
A3: AStA-Referate HHJ 24-25 | B3: Vergütung | C3: Knappschaft | D3: Sachkostenpauschale | E3: VBG | G3: AStA-Referate HHJ 21-22 | H3: Vergütung | I3: Knappschaft | J3: Sachkostenpauschale | K3: VBG | M3: AStA-Referate HHJ 22-23 | N3: Vergütung | O3: Knappschaft | P3: Sachkostenpauschale | Q3: VBG | S3: AStA-Referate HHJ 23-24 | T3: Vergütung | U3: Knappschaft | V3: Sachkostenpauschale | W3: VBG
A4: 12 | B4: 520 | C4: =B4*0.25 -> 130 | D4: 175 | G4: 13 | H4: 450 | I4: =450*0.25 -> 112.5 | J4: 175 | M4: 13 | N4: 450 | O4: =450*0.25 -> 112.5 | P4: 175 | S4: 13 | T4: 450 | U4: =450*0.25 -> 112.5 | V4: 175
A5: Rechn. Jahreswert | B5: =450*12*A4 -> 64800 | C5: =C4*12*A4 -> 18720 | D5: =D4*12*A4 -> 25200 | E5: 185 | G5: Rechn. Jahreswert | H5: =450*12*G4 -> 70200 | I5: =I4*12*G4 -> 17550 | J5: =J4*12*G4 -> 27300 | K5: 185 | M5: Rechn. Jahreswert | N5: =450*12*M4 -> 70200 | O5: =O4*12*M4 -> 17550 | P5: =P4*12*M4 -> 27300 | Q5: 185 | S5: Rechn. Jahreswert | T5: =450*12*S4 -> 70200 | U5: =U4*12*S4 -> 17550 | V5: =V4*12*S4 -> 27300 | W5: 185
A6: Budget angepasst | B6: 75000 | C6: 22000 | D6: 27000 | E6: 250 | G6: Budget angepasst | H6: 63000 | I6: 19000 | J6: 25000 | K6: 185 | M6: Budget angepasst | N6: 70000 | O6: 18000 | P6: 27000 | Q6: 200 | S6: Budget angepasst | T6: 70000 | U6: 18000 | V6: 27000 | W6: 200
A10: Stellenplan Personal ab 01.10.2024 | I10: 13
A13: Stellenplan Personal ab 01.10.2024 | D13: Gehalt brutto | E13: SV-Anteil AG | F13: BAV | G13: Jahreswert
A14: Verwaltungsangestellte/r | B14: E9b Stufe 5 | C14: 28 Stunden | D14: 44402.534 | E14: =654.187451841*I10 -> 8504.4369 | F14: 2332.0911 | G14: =SUM(D14:F14) -> 55239.062 | H14: Ab November 2024 werden alle Tabellenentgelte um 200 Euro erhöht.
A15: Verwaltungsangestellte/r | B15: E10 Stufe 2 | C15: 39 Stunden 50 Minuten | D15: 58774.867 | E15: =865.821326464*I10 -> 11255.677 | F15: 2926.3836 | G15: =SUM(D15:F15) -> 72956.928 | H15: Ab Februar 2025 werden alle Tabellenentgelte um weitere 5,5 Prozent erhöht.
A16: Verwaltungsangestellte/r | B16: E10 Stufe 6 | C16: 30 Stunden | D16: 54792.73 | E16: =807.721632*I10 -> 10500.381 | F16: 2892.8325 | G16: =SUM(D16:F16) -> 68185.943 | H16: SV höher
A17: Verwaltungsangestellte/r | B17: E9a Stufe 3 | C17: 30 Stunden | D17: 38172.557 | E17: =549.093513*I10 -> 7138.2157 | F17: 2011.9845 | G17: =SUM(D17:F17) -> 47322.757 | H17: BAV entspr.
A18: Verwaltungsangestellte/r | B18: E9a Stufe 2 ? | C18: 30 Stunden | D18: 30888 | E18: 5500 | F18: 1983.9125 | G18: =SUM(D18:F18) -> 38371.913 | H18: Vorgesehen ist eine neue Stelle im Bereich Sozial- und Studienberatung
A19: Summe | D19: =SUM(D14:D18) -> 227030.69 | E19: =SUM(E14:E18) -> 42898.711 | F19: =SUM(F14:F18) -> 12147.204 | G19: =SUM(G14:G18) -> 282076.6 | H19: Ab Dezember 2023
A21: VBG | D21: 750 | H21: Basiszahlen Juli 24 | J21: 1.11. | L21: 1.2. | M21: 8 Monate
J22: 200 | L22: 0.055 | M22: 8
A23: Gesamt
H24: 3876.84 | I24: 50398.92 | J24: 4076.84 | K24: 52998.92 | L24: 224.2262 | M24: 1793.8096
H25: 4173.13 | I25: 54250.69 | J25: 4373.13 | K25: 56850.69 | L25: 240.52215 | M25: 1924.1772
A26: Titel | C26: HHJ 24-25 | D26: HHJ 23-24 | E26: HHJ 22-23 | F26: HHJ 21-22 | H26: 2640.22 | I26: 34322.86 | J26: 2840.22 | K26: 36922.86 | L26: 156.2121 | M26: 1249.6968
A27: 428.10 | B27: Gehälter Büro (ab 10/24: Brutto!) | C27: 230000 | D27: 118000 | E27: 102000 | F27: 92500 | H27: 3103.76 | I27: 40348.88 | J27: 3303.76 | K27: 42948.88 | L27: 181.7068 | M27: 1453.6544
A28: 428.20 | B28: Lohnsteuer/Steuerabzug Personal | C28: 0 | D28: 26000 | E28: 28000 | F28: 26000 | H28: 2500 | I28: 27500 | J28: 2700 | K28: 29700 | L28: 148.5 | M28: 1188
A29: 428.30 | B29: Sozialversicherung | C29: 50000 | D29: 77000 | E29: 75000 | F29: 73000
A30: 428.40 | B30: VBL Zusatzversorgung | C30: 16000 | D30: 15000 | E30: 15000 | F30: 14500 | K30: Brutto HHJ 24-25 | M30: 54792.73
A31: Summe* | C31: =SUM(C27:C30) -> 296000 | D31: =SUM(D27:D30) -> 236000 | E31: =SUM(E27:E30) -> 220000 | F31: =SUM(F27:F30) -> 206000 | M31: 58774.867
M32: 38172.557
M33: 44402.534
M34: 30888
A41: Stellenplan Personal 01.01.2021 bis 31.12.2021
A43: Tarifgruppe | B43: Stellenbeschreibung | C43: Stellenvolumen | D43: Wochenarbeitszeit in Stunden
A44: E 9a | B44: Verwaltungsangestellte/r | C44: 1 | D44: Vollzeitstelle, 39 h 50 min
A45: E 9b | B45: Verwaltungsangestellte/r | C45: 0.6025 | D45: 24 Wochenstunden
A46: E 10 | B46: Verwaltungsangestellte/r | C46: 0.6025 | D46: 24 Wochenstunden
A47: E 10 | B47: Verwaltungsangestellte/r | C47: 0.7531 | D47: 30 Wochenstunden
B48: Summe: | C48: =SUM(C44:C47) -> 2.9581
A51: Stellenplan Personal ab 01.01.2022
A53: Stellenplan Personal ab 01.10.2023
A55: Mit Erhöhung EG und WAZ HHJ 2022/2023 | D55: 44835 | E55: 44866 | F55: Dez 22 Tariferhöhung | G55: Oktober bis Dezember 2022
A56: Verwaltungsangestellte/r | B56: E9b Stufe 5 | C56: 28 Stunden | D56: 3826.89 | E56: 5944.17 | F56: 3934.524 | G56: =D56+E56+F56 -> 13705.584
A57: Verwaltungsangestellte/r | B57: E10 Stufe 2 | C57: 39 Stunden 50 Minuten | D57: 4749.84 | E57: 8410.02 | F57: 4883.29 | G57: =D57+E57+F57 -> 18043.15
A58: Verwaltungsangestellte/r | B58: E10 Stufe 6 | C58: 30 Stunden | D58: 4761.57 | E58: 8256.76 | F58: 4894.52 | G58: =D58+E58+F58 -> 17912.85
A59: Verwaltungsangestellte/r | B59: E9a Stufe 3 | C59: 30 Stunden | D59: 3202.05 | E59: 3653.32 | F59: 3292.24 | G59: =D59+E59+F59 -> 10147.61
A60: Summe | D60: =SUM(D56:D59) -> 16540.35 | E60: =SUM(E56:E59) -> 26264.27 | F60: =SUM(F56:F59) -> 17004.574 | G60: =SUM(G56:G59) -> 59809.194
A61: Gesamtsumme Oktober bis Dezember 2022 inkl. Einmalzahlung | D61: =D60+E60+F60 -> 59809.194
A63: Stellenplan Personal ab 01.10.2023 | D63: Januar bis September 2023 | E63: Ab Oktober 2023 | F63: Ab Oktober ist aufgrund der Neuverhandlung
A64: Verwaltungsangestellte/r | B64: E9b Stufe 5 | C64: 28 Stunden | D64: =9*F56 -> 35410.716 | E64: =12*(F56*1.1) -> 51935.717 | F64: des TV-L mit mindestens 10% Kostensteigerung zu rechnen
A65: Verwaltungsangestellte/r | B65: E10 Stufe 2 | C65: 39 Stunden 50 Minuten | D65: =9*F57 -> 43949.61 | E65: =12*(F57*1.1) -> 64459.428
A66: Verwaltungsangestellte/r | B66: E10 Stufe 6 | C66: 30 Stunden | D66: =9*F58 -> 44050.68 | E66: =12*(F58*1.1) -> 64607.664
A67: Verwaltungsangestellte/r | B67: E9a Stufe 3 | C67: 30 Stunden | D67: =9*F59 -> 29630.16 | E67: =12*(F59*1.1) -> 43457.568
F68: Vorgesehen ist eine neue Stelle im Bereich ÖA, Presse, Design und Layout
A69: Summe | D69: =SUM(D64:D67) -> 153041.17 | E69: =SUM(E64:E68) -> 224460.38 | F69: Ab Dezember 2023
A71: Gesamt brutto inkl AG-Kosten HHJ 2023/2024 | D71: =D61+D69 -> 212850.36 | E71: =E61+E69 -> 224460.38
A73: VBG | D73: 457.09 | E73: 457.09
A75: Gesamt | D75: =D71+D73 -> 213307.45 | E75: =E71+E73 -> 224917.47
A78: Titel | D78: HHJ 23-24 | E78: HHJ 22-23 | F78: HHJ 21-22
A79: 428.10 | B79: Gehälter Büro netto | D79: 118000 | E79: 102000 | F79: 92500
A80: 428.20 | B80: Lohnsteuer/Steuerabzug Personal | D80: 26000 | E80: 28000 | F80: 26000
A81: 428.30 | B81: Sozialversicherung | D81: 77000 | E81: 75000 | F81: 73000
A82: 428.40 | B82: VBL Zusatzversorgung | D82: 15000 | E82: 15000 | F82: 14500
A83: Summe* | D83: =SUM(D79:D82) -> 236000 | E83: =SUM(E79:E82) -> 220000 | F83: =SUM(F79:F82) -> 206000
D85: =D83-E85 -> -283.81 | E85: 236283.81

Sheet Anschaffungsplan+BHS
A1: Anschaffungsplan HHJ 24-25 | G1: Anschaffungsplan HHJ 23-24 | L1: Anschaffungsplan HHJ 22-23 | Q1: Anschaffungsplan HHJ 21-22
A3: Neuanschaffungen Allgemein | G3: Neuanschaffungen Allgemein | L3: Neuanschaffungen Allgemein | Q3: Neuanschaffungen Allgemein
A4: Nr. | B4: Betrag | C4: Was? | D4: Begründung | G4: Nr. | H4: Betrag | I4: Was? | J4: Begründung | L4: Nr. | M4: Betrag | N4: Was? | O4: Begründung | Q4: Nr. | R4: Betrag | S4: Was? | T4: Begründung
A5: 1 | B5: 5000 | C5: Ausstattung neue Fachschaftsbüros | D5: Weitere nötige Beschaffungen | L5: 1 | M5: 1500 | N5: Büromöbel | O5: Austausch von Stühlen notwendig | Q5: 1 | R5: 0
A6: 2 | B6: 5000 | C6: Ausstattung neue AStA-Büros | D6: Weitere nötige Beschaffungen | L6: 2 | M6: 4500 | N6: Kamera-Lesesystem | O6: Inklusion | Q6: 2 | R6: 0
G7: 1 | H7: 7000 | I7: Ausstattung neue AStA-Büros | J7: Notwendigkeit durch Umzug
A9: Freie Mittel | B9: 5000 | G9: Freie Mittel | H9: 1000 | L9: Freie Mittel | M9: 1000 | Q9: Freie Mittel | R9: 700
A10: Gesamt | B10: =SUBTOTAL(109,Tabelle28531972[Betrag]) -> 15000 | D10: =SUBTOTAL(103,Tabelle28531972[Begründung]) -> 2 | G10: Gesamt | H10: =SUBTOTAL(109,Tabelle285319[Betrag]) -> 8000 | J10: =SUBTOTAL(103,Tabelle285319[Begründung]) -> 1 | L10: Gesamt | M10: =SUBTOTAL(109,Tabelle2853[Betrag]) -> 7000 | O10: =SUBTOTAL(103,Tabelle2853[Begründung]) -> 2 | Q10: Gesamt | R10: =SUBTOTAL(109,Tabelle28[Betrag]) -> 700 | T10: =SUBTOTAL(103,Tabelle28[Begründung]) -> 0
A12: Neuanschaffungen EDV und Telekommunikation | G12: Neuanschaffungen EDV und Telekommunikation | L12: Neuanschaffungen EDV und Telekommunikation | Q12: Neuanschaffungen EDV
A13: Nr. | B13: Betrag | C13: Was? | D13: Begründung | G13: Nr. | H13: Betrag | I13: Was? | J13: Begründung | L13: Nr. | M13: Betrag | N13: Was? | O13: Begründung | Q13: Nr. | R13: Betrag | S13: Was? | T13: Begründung
A14: 1 | B14: 2500 | C14: Gesicherte Dienstlaptops | D14: ggf. aufgrund von Datenschutzanforderungen - Keine Anschaffung in 22-23 | G14: 1 | H14: 2500 | I14: Gesicherte Dienstlaptops | J14: ggf. aufgrund von Datenschutzanforderungen - Keine Anschaffung in 22-23 | L14: 1 | M14: 2500 | N14: Gesicherte Dienstlaptops | O14: ggf. aufgrund von Datenschutzanforderungen | Q14: 1 | R14: 0
A15: 2 | B15: 2500 | C15: Gesicherte Diensthandys | D15: ggf. aufgrund von Datenschutzanforderungen - Keine Anschaffung in 22-23 | G15: 2 | H15: 2500 | I15: Gesicherte Diensthandys | J15: ggf. aufgrund von Datenschutzanforderungen - Keine Anschaffung in 22-23 | L15: 2 | M15: 2500 | N15: Gesicherte Diensthandys | O15: ggf. aufgrund von Datenschutzanforderungen | Q15: 2 | R15: 0
A16: 3 | B16: 5000 | C16: IT-technische Ausstattung neue Fachschaftsbüros | G16: 3
A18: Freie Mittel | B18: 2000 | G18: Freie Mittel | H18: 500 | L18: Freie Mittel | M18: 500 | Q18: Freie Mittel | R18: 500
A19: Gesamt | B19: =SUBTOTAL(109,Tabelle2521271[Betrag]) -> 12000 | D19: =SUBTOTAL(103,Tabelle2521271[Begründung]) -> 2 | G19: Gesamt | H19: =SUBTOTAL(109,Tabelle25212[Betrag]) -> 5500 | J19: =SUBTOTAL(103,Tabelle25212[Begründung]) -> 2 | L19: Gesamt | M19: =SUBTOTAL(109,Tabelle252[Betrag]) -> 5500 | O19: =SUBTOTAL(103,Tabelle252[Begründung]) -> 2 | Q19: Gesamt | R19: =SUBTOTAL(109,Tabelle2[Betrag]) -> 500 | T19: =SUBTOTAL(103,Tabelle2[Begründung]) -> 0
A21: Renovierungen und Instandhaltung | G21: Renovierungen und Instandhaltung | L21: Renovierungen und Instandhaltung | Q21: Renovierungen und Instandhaltung
A22: Nr. | B22: Betrag | C22: Was? | D22: Begründung | G22: Nr. | H22: Betrag | I22: Was? | J22: Begründung | L22: Nr. | M22: Betrag | N22: Was? | O22: Begründung | Q22: Nr. | R22: Betrag | S22: Was? | T22: Begründung
A23: 1 | B23: 500 | C23: Kleinmaßnahmen | D23: z.B. kleine (Schönheits)Reparaturen | G23: 1 | H23: 500 | I23: Kleinmaßnahmen | J23: z.B. kleine (Schönheits)Reparaturen | L23: 1 | M23: 500 | N23: Kleinmaßnahmen | O23: z.B. kleine (Schönheits)Reparaturen | Q23: 1 | R23: 500 | S23: Kleinmaßnahmen
A24: 2 | B24: 1500 | C24: Renovierungsmaßnahmen neue Fachschaftsbüros | D24: Renovierungsmaßnahmen nach Umzug | G24: 2 | L24: 2 | Q24: 2 | R24: 0
A27: Freie Mittel | B27: 0 | G27: Freie Mittel | H27: 0 | L27: Freie Mittel | M27: 0 | Q27: Freie Mittel | R27: 0
A28: Gesamt | B28: =SUBTOTAL(109,Tabelle2111216563573[Betrag]) -> 2000 | D28: =SUBTOTAL(103,Tabelle2111216563573[Begründung]) -> 2 | G28: Gesamt | H28: =SUBTOTAL(109,Tabelle21112165635[Betrag]) -> 500 | J28: =SUBTOTAL(103,Tabelle21112165635[Begründung]) -> 1 | L28: Gesamt | M28: =SUBTOTAL(109,Tabelle211121656[Betrag]) -> 500 | O28: =SUBTOTAL(103,Tabelle211121656[Begründung]) -> 1 | Q28: Gesamt | R28: =SUBTOTAL(109,Tabelle2111216[Betrag]) -> 500 | T28: =SUBTOTAL(103,Tabelle2111216[Begründung]) -> 0
A31: Anschaffungen und Maßnahmen BHS | G31: Anschaffungen und Maßnahmen BHS | L31: Anschaffungen und Maßnahmen BHS | Q31: Anschaffungen und Maßnahmen BHS
A32: Nr. | B32: Betrag | C32: Was? | D32: Begründung | G32: Nr. | H32: Betrag | I32: Was? | J32: Begründung | L32: Nr. | M32: Betrag | N32: Was? | O32: Begründung | Q32: Nr. | R32: Betrag | S32: Was? | T32: Begründung
A33: 1 | B33: 50000 | C33: Rücklagenbildung BHS | D33: Wirtschaftlich erforderlich für Ausgleich Cash-Flow im lfd. Wirtschaftsjahr, auch weil die wirtschaftliche Situation infolge der Pandemie kaum noch prognostizierbar ist | G33: 1 | H33: 45000 | I33: Rücklagenbildung BHS | J33: Wirtschaftlich erforderlich für Ausgleich Cash-Flow im lfd. Wirtschaftsjahr, auch weil die wirtschaftliche Situation infolge der Pandemie kaum noch prognostizierbar ist | L33: 1 | M33: 45507.83 | N33: Rücklagenbildung BHS | O33: Wirtschaftlich erforderlich für Ausgleich Cash-Flow im lfd. Wirtschaftsjahr, auch weil die wirtschaftliche Situation infolge der Pandemie kaum noch prognostizierbar ist | Q33: 1 | R33: 2000
G34: 2 | H34: 155000 | J34: Rücklagenbildung energetische Sanierung | L34: 2 | M34: 8000 | N34: Verschönerungs- und bauliche Kleinmaßnahmen | O34: Wünschenswert | Q34: 2 | R34: 3000
A35: 3 | G35: 3 | L35: 3 | M35: 25000 | N35: Reparatur Aufzug | O35: Barrierearmut, Ausgleich von Vorjahreskosten
A36: Freie Mittel | B36: 0 | G36: Freie Mittel | H36: 0 | L36: Freie Mittel | M36: 0
A37: Gesamt | B37: =SUBTOTAL(109,Tabelle2111239573674[Betrag]) -> 50000 | D37: =SUBTOTAL(103,Tabelle2111239573674[Begründung]) -> 1 | G37: Gesamt | H37: =SUBTOTAL(109,Tabelle21112395736[Betrag]) -> 200000 | J37: =SUBTOTAL(103,Tabelle21112395736[Begründung]) -> 2 | L37: Gesamt | M37: =SUBTOTAL(109,Tabelle211123957[Betrag]) -> 78507.83 | O37: =SUBTOTAL(103,Tabelle211123957[Begründung]) -> 3 | Q37: Freie Mittel | R37: 1000
Q38: Gesamt | R38: =SUBTOTAL(109,Tabelle2111239[Betrag]) -> 6000 | T38: =SUBTOTAL(103,Tabelle2111239[Begründung]) -> 0

Sheet Mieten und Lizenzen
A1: Mieten, Wartung und Lizenzen
A3: Mieten HHJ 24-25 | G3: Mieten HHJ 23-24 | M3: Mieten HHJ 22-23
A5: Vertrag Nr. | B5: Vertragsinhalt | C5: Vertragspartner | D5: Beträge/Budget | E5: Laufzeit | G5: Vertrag Nr. | H5: Vertragsinhalt | I5: Vertragspartner | J5: Beträge/Budget | K5: Laufzeit | M5: Vertrag Nr. | N5: Vertragsinhalt | O5: Vertragspartner | P5: Beträge/Budget | Q5: Laufzeit
A6: 1 | B6: Webspace mit Domains | C6: Neue Medien Münnich | D6: 150 | G6: 1 | H6: Webspace mit Domains | I6: Neue Medien Münnich | J6: 150 | M6: 1 | N6: Webspace mit Domains | O6: Neue Medien Münnich | P6: 150
A7: 2 | B7: Mail Business | C7: 1&1 IONOS | D7: 600 | G7: 2 | H7: Mail Business | I7: 1&1 IONOS | J7: 600 | M7: 2 | N7: Mail Business | O7: 1&1 IONOS | P7: 600
A8: 3 | B8: Hardwaremieten | C8: edvXpert | D8: 4200 | G8: 3 | H8: Hardwaremieten | I8: edvXpert | J8: 4200 | M8: 3 | N8: Hardwaremieten | O8: edvXpert | P8: 4200
A9: 4 | B9: BHS | C9: BHS (Titel 560.40) | D9: 10000 | G9: 4 | M9: 4 | P9: 0
A10: 5 | D10: 0 | G10: 5 | J10: 0 | M10: 5 | P10: 0
A11: 6 | B11: Frei | D11: 2500 | G11: 6 | H11: Frei | J11: 2500 | M11: 6 | N11: Frei | P11: 3000
A12: Gesamt | D12: =SUBTOTAL(109,Tabelle16669[Beträge/Budget]) -> 17450 | G12: Gesamt | J12: =SUBTOTAL(109,Tabelle166[Beträge/Budget]) -> 7450 | M12: Gesamt | P12: =SUBTOTAL(109,Tabelle16[Beträge/Budget]) -> 7950
A15: Lizenzen HHJ 24-25 | G15: Lizenzen HHJ 23-24 | M15: Lizenzen HHJ 22-23
A17: Lizenz-Nr. | B17: Lizenzinhalt | C17: Lizenzgeber | D17: Beträge/Budget | E17: Laufzeit | G17: Lizenz-Nr. | H17: Lizenzinhalt | I17: Lizenzgeber | J17: Beträge/Budget | K17: Laufzeit | M17: Lizenz-Nr. | N17: Lizenzinhalt | O17: Lizenzgeber | P17: Beträge/Budget | Q17: Laufzeit
A18: 1 | B18: Microsoft 365 | C18: edvXpert | D18: 1000 | G18: 1 | H18: Microsoft 365 | I18: edvXpert | J18: 1000 | M18: 1 | N18: Microsoft 365 | O18: edvXpert | P18: 1000
A19: 2 | B19: Virenschutz | C19: edvXpert | D19: 360 | G19: 2 | H19: Virenschutz | I19: edvXpert | J19: 360 | M19: 2 | N19: Virenschutz | O19: edvXpert | P19: 360
A20: 3 | B20: Adobe Creative Cloud 2x & InDesign 1x | C20: CCP Software | D20: 1000 | E20: Auslaufend! | G20: 3 | H20: Adobe Creative Cloud 2x & InDesign 1x | I20: CCP Software | J20: 1000 | K20: Auslaufend! | M20: 3 | N20: Adobe Creative Cloud 2x & InDesign 1x | O20: CCP Software | P20: 1000
A21: 4 | B21: Zoom Meetings Pro 3x | C21: Zoom Communications | D21: 440 | G21: 4 | H21: Zoom Meetings Pro 3x | I21: Zoom Communications | J21: 440 | M21: 4 | N21: Zoom Meetings Pro 3x | O21: Zoom Communications | P21: 440
A22: 5 | B22: Datev Grundlizenz und Nutzer (2) | C22: Datev: 171,35 € und 269 € (2024: Keine Grundlizenzgebühren | D22: 4941.5 | G22: 5 | H22: Adobe Connect 1x | I22: Reflact AG | J22: 0 | K22: Auslaufend! | M22: 5 | N22: Adobe Connect 1x | O22: Reflact AG | P22: 280
A23: 6 | B23: Freies Budget | D23: 2000 | G23: 6 | H23: Freies Budget | J23: 2500 | M23: 6 | N23: Freies Budget | P23: 1000
A24: Gesamt | D24: =SUBTOTAL(109,Tabelle17770[Beträge/Budget]) -> 9741.5 | G24: Gesamt | J24: =SUBTOTAL(109,Tabelle177[Beträge/Budget]) -> 5300 | M24: Gesamt | P24: =SUBTOTAL(109,Tabelle17[Beträge/Budget]) -> 4080

Sheet Leistungen Dritter
A1: Leistungen Dritter
A4: HHJ 24-25 - Leistungen Dritter | H4: HHJ 23-24 - Leistungen Dritter | O4: HHJ 22-23 - Leistungen Dritter | V4: HHJ 21-22
A5: Vertrag Nr. | B5: Vertragsinhalt* | C5: Vertragspartner | D5: Beträge/Budget | E5: Titel | F5: Laufzeit | H5: Vertrag Nr. | I5: Vertragsinhalt* | J5: Vertragspartner | K5: Beträge/Budget | L5: Titel | M5: Laufzeit | O5: Vertrag Nr. | P5: Vertragsinhalt* | Q5: Vertragspartner | R5: Beträge/Budget | S5: Titel | T5: Laufzeit | V5: Vertrag Nr. | W5: Vertragsinhalt* | X5: Vertragspartner | Y5: Beträge/Budget | Z5: Titel | AA5: Laufzeit
A6: 1 | B6: Lohnbuchführung | C6: WETAX | D6: 4000 | E6: 560.10 | H6: 1 | I6: Lohnbuchführung | J6: WETAX | K6: 6000 | L6: 560.10 | O6: 1 | P6: Lohnbuchführung | Q6: WETAX | R6: 5000 | S6: 560.10 | V6: 1 | W6: Lohnbuchführung | X6: WETAX | Y6: 5000 | Z6: 560.10
A7: 2 | B7: Diverse Unterstützungleistungen Datev | C7: Datev | D7: 5000 | E7: 560.40 | H7: 2 | I7: Allgemeine Rechtsberatung Studierende | J7: n.N | K7: 24000 | L7: 560.80 | M7: 1 Jahr | O7: 2 | P7: Allgemeine Rechtsberatung Studierende | Q7: n.N | R7: 24000 | S7: 560.80 | T7: 1 Jahr | V7: 2 | W7: IT-Wartungspakete | X7: edvXpert | Y7: 4500 | Z7: 560.30
H8: 3 | I8: Beratungen zum Haushalt | J8: WETAX | K8: 2000 | L8: 560.20 | O8: 3 | P8: Beratungen zum Haushalt | Q8: WETAX | R8: 2000 | S8: 560.20 | V8: 3 | W8: IT-Wartung Personalkosten | X8: edvXpert | Y8: 4500 | Z8: 560.30
H9: 4 | J9: n.N. | O9: 4 | V9: 4 | W9: Drucker Vollservice | X9: Kesper | Y9: 350 | Z9: 560.30
V10: 5 | W10: Seminarverwaltung | X10: Wundercoach | Y10: 2900
V11: 6 | W11: Freies Budget | Y11: 3000
B12: Freies Budget | C12: n.N. | D12: 1000 | E12: 560.40 | I12: Freies Budget | J12: n.N. | K12: 3500 | L12: 560.20 | P12: Freies Budget | Q12: n.N. | R12: 2000 | S12: 560.20 | V12: Gesamt: | Y12: =SUM(Y6:Y11) -> 20250
A13: Gesamt: | D13: =SUM(D6:D12) -> 10000 | H13: Gesamt: | K13: =SUM(K6:K12) -> 35500 | O13: Gesamt: | R13: =SUM(R6:R12) -> 33000
A16: HHJ 24-25 - IT-Dienstleistungen | H16: HHJ 23-24 - IT-Dienstleistungen | O16: HHJ 22-23 - IT-Dienstleistungen
A17: Vertrag Nr. | B17: Vertragsinhalt* | C17: Vertragspartner | D17: Beträge/Budget | E17: Titel | F17: Laufzeit | H17: Vertrag Nr. | I17: Vertragsinhalt* | J17: Vertragspartner | K17: Beträge/Budget | L17: Titel | M17: Laufzeit | O17: Vertrag Nr. | P17: Vertragsinhalt* | Q17: Vertragspartner | R17: Beträge/Budget | S17: Titel | T17: Laufzeit
A18: 2 | B18: IT-Wartungspakete | C18: edvXpert | D18: 4500 | E18: 560.30 | H18: 2 | I18: IT-Wartungspakete | J18: edvXpert | K18: 4500 | L18: 560.30 | O18: 2 | P18: IT-Wartungspakete | Q18: edvXpert | R18: 4500 | S18: 560.30
A19: 3 | B19: IT-Wartung Personalkosten | C19: edvXpert | D19: 4500 | E19: 560.30 | H19: 3 | I19: IT-Wartung Personalkosten | J19: edvXpert | K19: 4500 | L19: 560.30 | O19: 3 | P19: IT-Wartung Personalkosten | Q19: edvXpert | R19: 4500 | S19: 560.30
A20: 4 | B20: Drucker Vollservice | C20: Kesper | D20: 350 | E20: 560.30 | H20: 4 | I20: Drucker Vollservice | J20: Kesper | K20: 350 | L20: 560.30 | O20: 4 | P20: Drucker Vollservice | Q20: Kesper | R20: 350 | S20: 560.30
A21: 5 | B21: Seminarverwaltung | C21: Wundercoach | D21: 3500 | E21: 560.30 | H21: 5 | I21: Seminarverwaltung | J21: Wundercoach | K21: 2900 | O21: 5 | P21: Seminarverwaltung | Q21: Wundercoach | R21: 2900
A22: 6 | B22: zzgl. AStA-Referate | C22: Diverse | D22: 1000 | E22: 560.30 | H22: 6 | I22: zzgl. AStA-Referate | J22: Diverse | K22: =Referatspläne!L4 -> 72288 | O22: 6 | P22: zzgl. AStA-Referate | Q22: Diverse | R22: 5500
A23: 7 | B23: Freies Budget | D23: 1150 | E23: 560.30 | H23: 7 | I23: Freies Budget | K23: 1000 | O23: 7 | P23: Freies Budget | R23: 1000
A24: Gesamt: | D24: =SUM(D18:D23) -> 15000 | H24: Gesamt: | K24: =SUM(K18:K23) -> 85538 | O24: Gesamt: | R24: =SUM(R18:R23) -> 18750
D26: 560.30: | E26: 15000

Sheet Aufwandsentschädigungen
A1: Aufwandsentschädigungen Studierendenvertretung
A2: HHJ 21-22 | F2: HHJ 22-23 | K2: HHJ 23-24
A3: Empfänger | B3: Art | C3: Höhe p.A. | F3: Empfänger | G3: Art | H3: Höhe p.A. | K3: Empfänger | L3: Art | M3: Höhe p.A.
A4: Stupa-Vorsitz | B4: fest | C4: =(400*12)+(240*12) -> 7680 | F4: Stupa-Vorsitz | G4: fest | H4: =(400*12)+(240*12) -> 7680 | K4: Stupa-Vorsitz | L4: fest | M4: =(400*12)+(240*12) -> 7680
A5: HHA-Vorsitz | B5: fest | C5: =(320*12)+(160*12) -> 5760 | F5: HHA-Vorsitz | G5: fest | H5: =(320*12)+(160*12) -> 5760 | K5: HHA-Vorsitz | L5: fest | M5: =(320*12)+(160*12) -> 5760
A6: AG-Sprecher | B6: fest | C6: 4000 | D6: =SUM(C4:C6) -> 17440 | E6: Gesamt fest | F6: AG-Sprecher | G6: fest | H6: 4000 | I6: =SUM(H4:H6) -> 17440 | J6: Gesamt fest | K6: AG-Sprecher | L6: fest | M6: 4000
A7: Fachschaftsräte | B7: fest | C7: =800*5*12 -> 48000 | D7: 9600 | E7: pro Fachschaft | F7: Fachschaftsräte | G7: fest | H7: =800*5*12 -> 48000 | I7: 9600 | J7: pro Fachschaft | K7: Fachschaftsräte | L7: fest | M7: =800*5*12 -> 48000
A8: Vorsitz Stupa | B8: variabel | C8: 1000 | F8: Vorsitz Stupa | G8: variabel | H8: 1500 | K8: Vorsitz Stupa | L8: variabel | M8: 1500
A9: Mitglieder Stupa | B9: variabel | C9: 17320 | F9: Mitglieder Stupa | G9: variabel | H9: =D21+D22+D23 -> 25010 | K9: Mitglieder Stupa | L9: variabel | M9: =I21+I22+I23 -> 0
A10: Vorsitz Ausschüsse | B10: variabel | C10: 1000 | F10: Vorsitz Ausschüsse | G10: variabel | H10: 1000 | K10: Vorsitz Ausschüsse | L10: variabel | M10: 1000
A11: Mitglieder Ausschüsse | B11: variabel | C11: 6740 | F11: Mitglieder Ausschüsse | G11: variabel | H11: 6740 | K11: Mitglieder Ausschüsse | L11: variabel | M11: 6740
A12: Vorsitz Agen | B12: variabel | C12: 0 | F12: Vorsitz Agen | G12: variabel | H12: 1000 | K12: Vorsitz Agen | L12: variabel | M12: 1000
A13: Mitglieder Agen | B13: variabel | C13: 0 | F13: Mitglieder Agen | G13: variabel | H13: 4000 | K13: Mitglieder Agen | L13: variabel | M13: 4000
A14: AStA-Veranstaltungen, Gäste, Sonstige | B14: variabel | C14: 1750 | D14: =SUM(C8:C13) -> 26060 | E14: Gesamt variabel | F14: AStA-Veranstaltungen, Gäste, Sonstige | G14: variabel | H14: 2000 | I14: =SUM(H8:H13) -> 39250 | J14: Gesamt variabel | K14: AStA-Veranstaltungen, Gäste, Sonstige | L14: variabel | M14: 2000
A15: Ergebnis | C15: =SUBTOTAL(109,Tabelle19[Höhe p.A.]) -> 93250 | F15: Ergebnis | H15: =SUBTOTAL(109,Tabelle1959[Höhe p.A.]) -> 106690 | K15: Ergebnis | M15: =SUBTOTAL(109,Tabelle19595[Höhe p.A.]) -> 81680
A18: Datengrundlage: | H18: 148400
G19: FS var | H19: -31800
A20: Muster | B20: AE | C20: Anzahl | D20: Gesamt: | H20: =SUM(H18:H19) -> 116600
A21: SP-Sitzung Präsenz (22.08.2020) | B21: 3360 | C21: 3 | D21: =B21*C21 -> 10080 | H21: =-Tabelle1959[[#Totals],[Höhe p.A.]] -> -106690
A22: Online: | B22: 2310 | C22: 3 | D22: =B22*C22 -> 6930 | H22: =SUM(H20:H21) -> 9910
A23: Freie Mittel (bspw. Sondersitzungen, mehr Präsenz) | D23: 8000
A25: HHA Präsenz: | B25: 800 | C25: 3 | D25: =B25*C25 -> 2400
A26: Online: | B26: 250 | C26: 3 | D26: =B26*C26 -> 750
A27: Kassenprüfung: | B27: 800 | C27: 4 | D27: =Tabelle20[[#This Row],[AE]]*Tabelle20[[#This Row],[Anzahl]] -> 3200
A28: Freie Mittel: | D28: 1000
A30: FSR-Sitzung Präsenz | B30: 700 | C30: 3 | D30: =B30*C30 -> 2100
A31: Online: | B31: 300 | C31: 3 | D31: =B31*C31 -> 900
A33: Ergebnis | D33: =SUBTOTAL(109,Tabelle20[Gesamt:]) -> 35360

Sheet WiWi neu
A1: Haushalt der Fachschaft Wirtschaftswissenschaft
G2: Kein Nachtragshaushalt
A3: Titel | B3: Kontenbezeichnung | C3: - | D3: Erläuterung | E3: Freie Eingabe HHJ 24-25 | F3: Rechnung HHJ 24-25 | G3: Freie Eingabe NHH 23-24 | H3: Rechnung NHH 23-24 | I3: Freie Eingabe HHJ 23-24 | J3: Rechnung HHJ 23-24 | K3: IST HHJ 23-24 | L3: Freie Eingabe Plan HHJ 22-23 | M3: Rechnung HHJ 22-23 | N3: Freie Eingabe Plan HHJ 21-22 | O3: IST HHJ 21-22 | P3: Abschluss 20-21 | Q3: Plan HHJ 20-21
A4: Einnahmen
A5: 210.10 | B5: Teilnahmebeiträge Seminare | E5: 49290 | F5: =E$111 -> 49290 | G5: 46150 | H5: =E190 -> 46150 | I5: 46150 | J5: 46150 | K5: 33795.4 | L5: 56381 | M5: =E$348 -> 46150 | N5: 23000 | O5: 37605
A6: 220.10 | B6: Teilnahmebeiträge Veranstaltungen | E6: 0 | F6: =G$111 -> 0 | G6: 0 | H6: =G190 -> 200 | I6: 0 | J6: =G269 -> 200 | K6: =H269 -> 0 | L6: 0 | M6: =G$348 -> 200 | N6: 0 | O6: 0
A7: 230.10 | B7: Sonstige Einnahmen (Vorauszahlungen Bewirtung, Werbung, …) | E7: 0 | F7: =I$111 -> 0 | G7: 0 | H7: =I190 -> 500 | I7: 0 | J7: =I269 -> 500 | K7: =J269 -> 0 | L7: 0 | M7: =I$348 -> 500 | N7: 0 | O7: 0
D8: Gesamt: | E8: =SUBTOTAL(9,E5:E7) -> 49290 | F8: =SUBTOTAL(9,F5:F7) -> 49290 | G8: =SUBTOTAL(9,G5:G7) -> 46150 | H8: =SUBTOTAL(9,H5:H7) -> 46850 | I8: =SUBTOTAL(9,I5:I7) -> 46150 | J8: =SUBTOTAL(9,J5:J7) -> 46850 | K8: =SUBTOTAL(9,K5:K7) -> 33795.4 | L8: =SUBTOTAL(9,L5:L7) -> 56381 | ... O8: =SUBTOTAL(9,O5:O7) -> 37605
A9: Ausgaben
A10: 413.10 | B10: AE fest (800 € monatlich) | E10: 9600 | F10: 9600 | G10: 9600 | H10: 9600 | I10: 9600 | J10: =800*12 -> 9600 | K10: 8000 | L10: 9600 | M10: =800*12 -> 9600 | N10: =800*12 -> 9600 | O10: 9453.33
A11: 413.21 | B11: AE variabel | E11: 9500 | F11: =M$111 -> 9500 | G11: 8600 | H11: =M$190 -> 1000 | I11: 8600 | J11: =M$269 -> 2300 | K11: 4810.5 | L11: 8600 | M11: =M$348 -> 1000 | N11: 10400 | O11: 5830
A12: 527 41 | B12: Fahrtkosten und Verpflegungspauschalen | E12: 14000 | F12: =O$111 -> 14000 | G12: 15000 | H12: =O$190 -> 1500 | I12: 15000 | J12: =O$269 -> 3450 | K12: 6968.65 | L12: 15000 | M12: =O$348 -> 1500 | N12: 14000 | O12: 8591.16
A13: 529.41 | B13: Raum- und Unterkunftskosten | E13: 6000 | F13: =Q$111 -> 6148 | G13: 3000 | H13: =Q$190 -> 600 | I13: 3000 | J13: =Q$269 -> 876 | K13: 2404.48 | L13: 4200 | M13: =Q$348 -> 600 | N13: 3000 | O13: 1120
A14: 531.41 | B14: Bewirtung und Repräsentation intern | E14: 500 | F14: =S$111 -> 500 | G14: 2000 | H14: =S$190 -> 100 | I14: 2000 | J14: =S$269 -> 400 | K14: 45.9 | L14: 1000 | M14: =S$348 -> 100 | N14: 200 | O14: 118.19
A15: 551.11 | B15: Honorare Fachseminare | E15: 43750 | F15: =U$111 -> 43750 | G15: 40000 | H15: =U$190 -> 39937.5 | I15: 40000 | J15: =U$269 -> 40000 | K15: 18236.25 | L15: 45600 | M15: =U$348 -> 40000 | N15: =45000*0.7 -> 31500 | O15: 41821.25
A16: 551.21 | B16: Andere Honorare | E16: 1000 | F16: =W$111 -> 0 | G16: 1000 | H16: =W$190 -> 450 | I16: 1000 | J16: =W$269 -> 450 | L16: 2000 | M16: =W$348 -> 450 | N16: =45000*0.15 -> 6750 | O16: 0
A17: 551.31 | B17: Ext. Reisekosten | E17: 500 | F17: =Y$111 -> 0 | G17: 500 | H17: =Y$190 -> 100 | I17: 500 | J17: =Y$269 -> 100 | L17: 1100 | M17: =Y$348 -> 100 | N17: =45000*0.15 -> 6750 | O17: 0
A18: 551.41 | B18: Bewirtung und Repräsentation extern | E18: 500 | F18: =AA$111 -> 500 | G18: 500 | H18: =AA$190 -> 30 | I18: 500 | J18: =AA$269 -> 300 | K18: 0 | L18: 1500 | M18: =AA$348 -> 30 | N18: 2100 | O18: 0
A19: 551.51 | B19: Raum- und Unterkunftskosten Seminare und Veranst. | E19: 500 | F19: =AC$111 -> 500 | G19: 500 | H19: =AC$190 -> 160 | I19: 500 | J19: =AC$269 -> 0 | K19: 0 | L19: 3000 | M19: =AC$348 -> 160 | N19: 4000 | O19: 0
A20: 551.61 | B20: Verwaltungs- und Druckkosten Seminare | E20: 5000 | F20: =AE$111 -> 5240 | G20: 3500 | H20: =AE$190 -> 3825 | I20: 3500 | J20: =AE$269 -> 5175 | L20: 4000 | M20: =AE$348 -> 3825 | N20: 0 | O20: 0
A21: 551.71 | B21: Sonstige Kosten (Lizenzen, Allg. Geschäftsbetrieb) | E21: 1500 | F21: =AG$111 -> 1500 | G21: 2500 | H21: =AG$190 -> 1440 | I21: 2500 | J21: =AG$269 -> 2040 | K21: 2024.73 | L21: 3400 | M21: =AG$348 -> 1440 | N21: 4000 | O21: 2507.77
A22: 560.70 | B22: Rechtsangelegenheiten | E22: 0 | F22: =AI$111 -> 0 | G22: 0 | H22: =AI$190 -> 200 | I22: 0 | J22: =AI$269 -> 0 | K22: 0 | L22: 500 | M22: =AI$348 -> 200 | N22: 700 | O22: 0
D23: Gesamt: | E23: =SUBTOTAL(109,E10:E22) -> 92350 | F23: =SUBTOTAL(109,F10:F22) -> 91238 | G23: =SUBTOTAL(109,G10:G22) -> 86700 | H23: =SUBTOTAL(109,H10:H22) -> 58942.5 | I23: =SUBTOTAL(109,I10:I22) -> 86700 | J23: =SUBTOTAL(109,J10:J22) -> 64691 | K23: =SUBTOTAL(109,K10:K22) -> 42490.51 | L23: =SUBTOTAL(109,L10:L22) -> 99500 | ... O23: =SUBTOTAL(109,O10:O22) -> 69441.7
D25: Bilanz: | E25: =G8-Tabelle189[[#Totals],[Freie Eingabe NHH 23-24]] -> -40550 | F25: =F8-Tabelle189[[#Totals],[Rechnung HHJ 24-25]] -> -41948 | G25: =G8-Tabelle189[[#Totals],[Freie Eingabe NHH 23-24]] -> -40550 | H25: =H8-Tabelle189[[#Totals],[Rechnung NHH 23-24]] -> -12092.5 | I25: =I8-Tabelle189[[#Totals],[Freie Eingabe HHJ 23-24]] -> -40550 | J25: =J8-Tabelle189[[#Totals],[Rechnung HHJ 23-24]] -> -17841 | K25: =K8-Tabelle189[[#Totals],[IST HHJ 23-24]] -> -8695.11 | L25: =L8-Tabelle189[[#Totals],[Freie Eingabe Plan HHJ 22-23]] -> -43119 | M25: =M8-Tabelle189[[#Totals],[Rechnung HHJ 22-23]] -> -12155 | N25: =N8-Tabelle189[[#Totals],[Freie Eingabe Plan HHJ 21-22]] -> -70000 | O25: =O8-Tabelle189[[#Totals],[IST HHJ 21-22]] -> -31836.7
A30: Kalkulationen und Auswertungen
A32: Deckungsfähigkeiten: Die Ausgaben der Fachschaft sind untereineinander teilweise deckungsfähig. Einnahmen über Plan verstärken Gegentitel. Mittel aus den Konten 551.11 bis 551.51 dürfen nicht zur Deckung von anderen Konten verwendet werden: Keine Verschiebung vom Seminarbetrieb zum Verwaltungsbetrieb. | E32: Teilnahmebeiträge Seminare | F32: IST | G32: Teilnahmebeiträge Veranstaltungen | H32: IST | I32: Sonstige Einnahmen (Vorauszahlungen Bewirtung, Werbung, …) | J32: IST | K32: AE fest (800 € monatlich) | L32: IST | M32: AE variabel | N32: IST | O32: Fahrtkosten und Verpflegungspauschalen intern | P32: IST | Q32: Raum- und Unterkunftskosten intern | R32: IST | S32: Bewirtung und Repräsentation intern | T32: IST | U32: Honorare Fachseminare | V32: IST | W32: Andere Honorare | X32: IST | Y32: Ext. Reisekosten | Z32: IST | AA32: Bewirtung und Repräsentation extern | AB32: IST | AC32: Raum- und Unterkunftskosten extern | AD32: IST | AE32: Verwaltungs- und Druckkosten | AF32: IST | AG32: Sonstige Kosten (Lizenzen, Allg. Geschäftsbetrieb) | AH32: IST | AI32: Rechtsangelegenheiten | AK32: Bilanz SOLL | AL32: Bilanz IST
A34: SOLL und IST HHJ 24-25
D35: Haushaltstitel: | E35: 210.10 | F35: IST | G35: 220.10 | H35: IST | I35: 230.10 | J35: IST | K35: 413.10 | L35: IST | M35: 413.21 | N35: IST | O35: 527 41 | P35: IST | Q35: 529.41 | R35: IST | S35: 531.41 | T35: IST | U35: 551.11 | V35: IST | W35: 551.21 | X35: IST | Y35: 551.31 | Z35: IST | AA35: 551.41 | AB35: IST | AC35: 551.51 | AD35: IST | AE35: 551.61 | AF35: IST | AG35: 551.71 | AH35: IST | AI35: 560.70 | AJ35: IST | AK35: Bilanz SOLL | AL35: Bilanz IST
A36: Seminarplan | B36: Was? | C36: Datum/Ort | D36: Dozierende o. Beschreibung
B37: Basiskalkulationen: Anteilige Aufwandsentschädigungen Seminarkoordination: 1.200 € durch Anzahl der Seminare. Hier 50, ergibt gerundet 24 € AE pro Seminar. Es werden den Dozierenden je nach Qualifikation Honorare zwischen 40 und 50 € entsprechend dem Rahmenbeschluss des FSR WiWi ausbezahlt. Grundsätzlich wird sich hier am Rahmen der Entlohnung von Dozierenden an der FernUni bewegt. Anteilige Kosten Seminarportal wundercoach: 1.200 €/Jahr = 24/Seminar; Verwaltungskosten: 3 € pro Teilnehmer; Zoom: Anteilig ca. 140 €/Jahr = 2,80 €/Seminar
B38: 50 Online-Seminare entsprechend des Beschlusses des Fachschaftsrates WiWi | E38: 49290 | U38: 43750 | W38: 1200 | AE38: 3000 | AK38: =SUM(E38,G38,I38)-SUM(K38,M38,O38,Q38,S38,U38,W38,Y38,AA38,AC38,AE38,AG38,AI38) -> 1340 | AL38: =SUM(F38,H38,J38)-SUM(L38,N38,P38,R38,T38,V38,X38,Z38,AB38,AD38,AF38,AH38,AJ38) -> 0
B39: Wundercoach | AE39: 1200 | AK39: =SUM(E39,G39,I39)-SUM(K39,M39,O39,Q39,S39,U39,W39,Y39,AA39,AC39,AE39,AG39,AI39) -> -1200 | AL39: =SUM(F39,H39,J39)-SUM(L39,N39,P39,R39,T39,V39,X39,Z39,AB39,AD39,AF39,AH39,AJ39) -> 0
B40: Zoom-Lizenz | AE40: 140 | AK40: =SUM(E40,G40,I40)-SUM(K40,M40,O40,Q40,S40,U40,W40,Y40,AA40,AC40,AE40,AG40,AI40) -> -140 | AL40: =SUM(F40,H40,J40)-SUM(L40,N40,P40,R40,T40,V40,X40,Z40,AB40,AD40,AF40,AH40,AJ40) -> 0
AK41: =SUM(E41,G41,I41)-SUM(K41,M41,O41,Q41,S41,U41,W41,Y41,AA41,AC41,AE41,AG41,AI41) -> 0 | AL41: =SUM(F41,H41,J41)-SUM(L41,N41,P41,R41,T41,V41,X41,Z41,AB41,AD41,AF41,AH41,AJ41) -> 0
AK42: =SUM(E42,G42,I42)-SUM(K42,M42,O42,Q42,S42,U42,W42,Y42,AA42,AC42,AE42,AG42,AI42) -> 0 | AL42: =SUM(F42,H42,J42)-SUM(L42,N42,P42,R42,T42,V42,X42,Z42,AB42,AD42,AF42,AH42,AJ42) -> 0
B43: Freie Mittel | AK43: =SUM(E43,G43,I43)-SUM(K43,M43,O43,Q43,S43,U43,W43,Y43,AA43,AC43,AE43,AG43,AI43) -> 0 | AL43: =SUM(F43,H43,J43)-SUM(L43,N43,P43,R43,T43,V43,X43,Z43,AB43,AD43,AF43,AH43,AJ43) -> 0
AK44: =SUM(E44,G44,I44)-SUM(K44,M44,O44,Q44,S44,U44,W44,Y44,AA44,AC44,AE44,AG44,AI44) -> 0 | AL44: =SUM(F44,H44,J44)-SUM(L44,N44,P44,R44,T44,V44,X44,Z44,AB44,AD44,AF44,AH44,AJ44) -> 0
AK45: =SUM(E45,G45,I45)-SUM(K45,M45,O45,Q45,S45,U45,W45,Y45,AA45,AC45,AE45,AG45,AI45) -> 0 | AL45: =SUM(F45,H45,J45)-SUM(L45,N45,P45,R45,T45,V45,X45,Z45,AB45,AD45,AF45,AH45,AJ45) -> 0
AK46: =SUM(E46,G46,I46)-SUM(K46,M46,O46,Q46,S46,U46,W46,Y46,AA46,AC46,AE46,AG46,AI46) -> 0 | AL46: =SUM(F46,H46,J46)-SUM(L46,N46,P46,R46,T46,V46,X46,Z46,AB46,AD46,AF46,AH46,AJ46) -> 0
AK47: =SUM(E47,G47,I47)-SUM(K47,M47,O47,Q47,S47,U47,W47,Y47,AA47,AC47,AE47,AG47,AI47) -> 0 | AL47: =SUM(F47,H47,J47)-SUM(L47,N47,P47,R47,T47,V47,X47,Z47,AB47,AD47,AF47,AH47,AJ47) -> 0
AK48: =SUM(E48,G48,I48)-SUM(K48,M48,O48,Q48,S48,U48,W48,Y48,AA48,AC48,AE48,AG48,AI48) -> 0 | AL48: =SUM(F48,H48,J48)-SUM(L48,N48,P48,R48,T48,V48,X48,Z48,AB48,AD48,AF48,AH48,AJ48) -> 0
AK49: =SUM(E49,G49,I49)-SUM(K49,M49,O49,Q49,S49,U49,W49,Y49,AA49,AC49,AE49,AG49,AI49) -> 0 | AL49: =SUM(F49,H49,J49)-SUM(L49,N49,P49,R49,T49,V49,X49,Z49,AB49,AD49,AF49,AH49,AJ49) -> 0
AK50: =SUM(E50,G50,I50)-SUM(K50,M50,O50,Q50,S50,U50,W50,Y50,AA50,AC50,AE50,AG50,AI50) -> 0 | AL50: =SUM(F50,H50,J50)-SUM(L50,N50,P50,R50,T50,V50,X50,Z50,AB50,AD50,AF50,AH50,AJ50) -> 0
AK51: =SUM(E51,G51,I51)-SUM(K51,M51,O51,Q51,S51,U51,W51,Y51,AA51,AC51,AE51,AG51,AI51) -> 0 | AL51: =SUM(F51,H51,J51)-SUM(L51,N51,P51,R51,T51,V51,X51,Z51,AB51,AD51,AF51,AH51,AJ51) -> 0
AK52: =SUM(E52,G52,I52)-SUM(K52,M52,O52,Q52,S52,U52,W52,Y52,AA52,AC52,AE52,AG52,AI52) -> 0 | AL52: =SUM(F52,H52,J52)-SUM(L52,N52,P52,R52,T52,V52,X52,Z52,AB52,AD52,AF52,AH52,AJ52) -> 0
AK53: =SUM(E53,G53,I53)-SUM(K53,M53,O53,Q53,S53,U53,W53,Y53,AA53,AC53,AE53,AG53,AI53) -> 0 | AL53: =SUM(F53,H53,J53)-SUM(L53,N53,P53,R53,T53,V53,X53,Z53,AB53,AD53,AF53,AH53,AJ53) -> 0
AK54: =SUM(E54,G54,I54)-SUM(K54,M54,O54,Q54,S54,U54,W54,Y54,AA54,AC54,AE54,AG54,AI54) -> 0 | AL54: =SUM(F54,H54,J54)-SUM(L54,N54,P54,R54,T54,V54,X54,Z54,AB54,AD54,AF54,AH54,AJ54) -> 0
AK55: =SUM(E55,G55,I55)-SUM(K55,M55,O55,Q55,S55,U55,W55,Y55,AA55,AC55,AE55,AG55,AI55) -> 0 | AL55: =SUM(F55,H55,J55)-SUM(L55,N55,P55,R55,T55,V55,X55,Z55,AB55,AD55,AF55,AH55,AJ55) -> 0
... AK87: =SUM(E87,G87,I87)-SUM(K87,M87,O87,Q87,S87,U87,W87,Y87,AA87,AC87,AE87,AG87,AI87) -> 0 | AL87: =SUM(F87,H87,J87)-SUM(L87,N87,P87,R87,T87,V87,X87,Z87,AB87,AD87,AF87,AH87,AJ87) -> 0
B90: Ergebnis | E90: =SUBTOTAL(9,E38:E89) -> 49290 | F90: =SUBTOTAL(9,F38:F89) -> 0 | G90: =SUBTOTAL(9,G38:G89) -> 0 | H90: =SUBTOTAL(9,H38:H89) -> 0 | I90: =SUBTOTAL(9,I38:I89) -> 0 | J90: =SUBTOTAL(9,J38:J89) -> 0 | K90: =SUBTOTAL(9,K38:K89) -> 0 | L90: =SUBTOTAL(9,L38:L89) -> 0 | ... V90: =SUBTOTAL(9,V38:V89) -> 0 | X90: =SUBTOTAL(9,X38:X89) -> 0 | Y90: =SUBTOTAL(9,Y38:Y89) -> 0 | Z90: =SUBTOTAL(9,Z38:Z89) -> 0 | AA90: =SUBTOTAL(9,AA38:AA89) -> 0 | AB90: =SUBTOTAL(9,AB38:AB89) -> 0 | AC90: =SUBTOTAL(9,AC38:AC89) -> 0 | AD90: =SUBTOTAL(9,AD38:AD89) -> 0 | AE90: =SUBTOTAL(9,AE38:AE89) -> 4340 | ... AJ90: =SUBTOTAL(9,AJ38:AJ89) -> 0 | AK90: =SUBTOTAL(9,AK36:AK89) -> 0 | AL90: =SUBTOTAL(9,AL38:AL89) -> 0
A91: Maßnahmenplan | B91: WiWi-Eulen-Verleihung | M91: 500 | O91: 1200 | Q91: 300 | S91: 100 | AA91: 200 | AE91: 100 | AG91: 500 | AK91: =SUM(E91,G91,I91)-SUM(K91,M91,O91,Q91,S91,U91,W91,Y91,AA91,AC91,AE91,AG91,AI91) -> -2900 | AL91: =SUM(F91,H91,J91)-SUM(L91,N91,P91,R91,T91,V91,X91,Z91,AB91,AD91,AF91,AH91,AJ91) -> 0
B92: WiWi-Broschüre Nachbearbeitung | AE92: 500 | AK92: =SUM(E92,G92,I92)-SUM(K92,M92,O92,Q92,S92,U92,W92,Y92,AA92,AC92,AE92,AG92,AI92) -> -500 | AL92: =SUM(F92,H92,J92)-SUM(L92,N92,P92,R92,T92,V92,X92,Z92,AB92,AD92,AF92,AH92,AJ92) -> 0
B93: Bufak (3 Mitglieder, 2x im HHJ) | M93: 640 | O93: 1200 | Q93: 400 | AG93: 640 | AI93: 0 | AK93: =SUM(E93,G93,I93)-SUM(K93,M93,O93,Q93,S93,U93,W93,Y93,AA93,AC93,AE93,AG93,AI93) -> -2880 | AL93: =SUM(F93,H93,J93)-SUM(L93,N93,P93,R93,T93,V93,X93,Z93,AB93,AD93,AF93,AH93,AJ93) -> 0
B94: Freie Mittel | M94: 360 | O94: 900 | Q94: 300 | AA94: 300 | AC94: 500 | AE94: 300 | AG94: 360 | AK94: =SUM(E94,G94,I94)-SUM(K94,M94,O94,Q94,S94,U94,W94,Y94,AA94,AC94,AE94,AG94,AI94) -> -3020 | AL94: =SUM(F94,H94,J94)-SUM(L94,N94,P94,R94,T94,V94,X94,Z94,AB94,AD94,AF94,AH94,AJ94) -> 0
AK95: =SUM(E95,G95,I95)-SUM(K95,M95,O95,Q95,S95,U95,W95,Y95,AA95,AC95,AE95,AG95,AI95) -> 0 | AL95: =SUM(F95,H95,J95)-SUM(L95,N95,P95,R95,T95,V95,X95,Z95,AB95,AD95,AF95,AH95,AJ95) -> 0
AK96: =SUM(E96,G96,I96)-SUM(K96,M96,O96,Q96,S96,U96,W96,Y96,AA96,AC96,AE96,AG96,AI96) -> 0 | AL96: =SUM(F96,H96,J96)-SUM(L96,N96,P96,R96,T96,V96,X96,Z96,AB96,AD96,AF96,AH96,AJ96) -> 0
AK97: =SUM(E97,G97,I97)-SUM(K97,M97,O97,Q97,S97,U97,W97,Y97,AA97,AC97,AE97,AG97,AI97) -> 0 | AL97: =SUM(F97,H97,J97)-SUM(L97,N97,P97,R97,T97,V97,X97,Z97,AB97,AD97,AF97,AH97,AJ97) -> 0
AK98: =SUM(E98,G98,I98)-SUM(K98,M98,O98,Q98,S98,U98,W98,Y98,AA98,AC98,AE98,AG98,AI98) -> 0 | AL98: =SUM(F98,H98,J98)-SUM(L98,N98,P98,R98,T98,V98,X98,Z98,AB98,AD98,AF98,AH98,AJ98) -> 0
AK99: =SUM(E99,G99,I99)-SUM(K99,M99,O99,Q99,S99,U99,W99,Y99,AA99,AC99,AE99,AG99,AI99) -> 0 | AL99: =SUM(F99,H99,J99)-SUM(L99,N99,P99,R99,T99,V99,X99,Z99,AB99,AD99,AF99,AH99,AJ99) -> 0
AK100: =SUM(E100,G100,I100)-SUM(K100,M100,O100,Q100,S100,U100,W100,Y100,AA100,AC100,AE100,AG100,AI100) -> 0 | AL100: =SUM(F100,H100,J100)-SUM(L100,N100,P100,R100,T100,V100,X100,Z100,AB100,AD100,AF100,AH100,AJ100) -> 0
B101: Ergebnis | E101: =SUBTOTAL(9,E91:E100) -> 0 | F101: =SUBTOTAL(9,F91:F100) -> 0 | G101: =SUBTOTAL(9,G91:G100) -> 0 | H101: =SUBTOTAL(9,H91:H100) -> 0 | I101: =SUBTOTAL(9,I91:I100) -> 0 | J101: =SUBTOTAL(9,J91:J100) -> 0 | K101: =SUBTOTAL(9,K91:K100) -> 0 | L101: =SUBTOTAL(9,L91:L100) -> 0 | ... AL101: =SUBTOTAL(9,AL91:AL100) -> 0
A102: Sitzungsplan | B102: Fachschaftsratsitzung: Präsenz: Ein Wochenende eintägige Sitzung, 8 TN, davon 3x 90 € AE (halbiert) und 5x 180 € AE (unhalbiert). 8 Anreisen, 12 Übernachtungen (BHS: 32 €/Nacht oder auswärts 80€/Nacht) | AK102: =SUM(E102,G102,I102)-SUM(K102,M102,O102,Q102,S102,U102,W102,Y102,AA102,AC102,AE102,AG102,AI102) -> 0 | AL102: =SUM(F102,H102,J102)-SUM(L102,N102,P102,R102,T102,V102,X102,Z102,AB102,AD102,AF102,AH102,AJ102) -> 0
B103: Fachschaftsratsitzung 2x | C103: Hagen | D103: Präsenz | E103: 0 | G103: 0 | I103: 0 | K103: 0 | M103: 2400 | O103: 3600 | Q103: 768 | S103: 0 | AK103: =SUM(E103,G103,I103)-SUM(K103,M103,O103,Q103,S103,U103,W103,Y103,AA103,AC103,AE103,AG103,AI103) -> -6768 | AL103: =SUM(F103,H103,J103)-SUM(L103,N103,P103,R103,T103,V103,X103,Z103,AB103,AD103,AF103,AH103,AJ103) -> 0
B104: Fachschaftsratsitzung 3x | C104: Frankfurt | D104: Präsenz | E104: 0 | G104: 0 | I104: 0 | K104: 0 | M104: 3600 | O104: 3600 | Q104: 2880 | S104: 0 | AK104: =SUM(E104,G104,I104)-SUM(K104,M104,O104,Q104,S104,U104,W104,Y104,AA104,AC104,AE104,AG104,AI104) -> -10080 | AL104: =SUM(F104,H104,J104)-SUM(L104,N104,P104,R104,T104,V104,X104,Z104,AB104,AD104,AF104,AH104,AJ104) -> 0
B105: Sitzungen und Treffen von Arbeitsgruppen für zweckgebundene Zusammenarbeit unterhalb von Fachschaftssitzungen je nach Beschluss des FSR | C105: Hagen / Regionalzentrum | D105: Präsenz | M105: 1000 | O105: 1500 | Q105: 500 | AK105: =SUM(E105,G105,I105)-SUM(K105,M105,O105,Q105,S105,U105,W105,Y105,AA105,AC105,AE105,AG105,AI105) -> -3000 | AL105: =SUM(F105,H105,J105)-SUM(L105,N105,P105,R105,T105,V105,X105,Z105,AB105,AD105,AF105,AH105,AJ105) -> 0
B106: Auswärtige Fachschaftsratsitzung | C106: Regionalzentrum | D106: Präsenz | M106: 1000 | O106: 2000 | Q106: 1000 | S106: 400 | AK106: =SUM(E106,G106,I106)-SUM(K106,M106,O106,Q106,S106,U106,W106,Y106,AA106,AC106,AE106,AG106,AI106) -> -4400 | AL106: =SUM(F106,H106,J106)-SUM(L106,N106,P106,R106,T106,V106,X106,Z106,AB106,AD106,AF106,AH106,AJ106) -> 0
AK107: =SUM(E107,G107,I107)-SUM(K107,M107,O107,Q107,S107,U107,W107,Y107,AA107,AC107,AE107,AG107,AI107) -> 0 | AL107: =SUM(F107,H107,J107)-SUM(L107,N107,P107,R107,T107,V107,X107,Z107,AB107,AD107,AF107,AH107,AJ107) -> 0
AK108: =SUM(E108,G108,I108)-SUM(K108,M108,O108,Q108,S108,U108,W108,Y108,AA108,AC108,AE108,AG108,AI108) -> 0 | AL108: =SUM(F108,H108,J108)-SUM(L108,N108,P108,R108,T108,V108,X108,Z108,AB108,AD108,AF108,AH108,AJ108) -> 0
AK109: =SUM(E109,G109,I109)-SUM(K109,M109,O109,Q109,S109,U109,W109,Y109,AA109,AC109,AE109,AG109,AI109) -> 0 | AL109: =SUM(F109,H109,J109)-SUM(L109,N109,P109,R109,T109,V109,X109,Z109,AB109,AD109,AF109,AH109,AJ109) -> 0
B110: Ergebnis | E110: =SUBTOTAL(9,E102:E109) -> 0 | F110: =SUBTOTAL(9,F102:F109) -> 0 | G110: =SUBTOTAL(9,G102:G109) -> 0 | H110: =SUBTOTAL(9,H102:H109) -> 0 | I110: =SUBTOTAL(9,I102:I109) -> 0 | J110: =SUBTOTAL(9,J102:J109) -> 0 | K110: =SUBTOTAL(9,K102:K109) -> 0 | L110: =SUBTOTAL(9,L102:L109) -> 0 | ... AI110: =SUBTOTAL(9,AI102:AI109) -> 0 | AK110: =SUBTOTAL(9,AK102:AK109) -> -24248 | AL110: =SUBTOTAL(9,AL102:AL109) -> 0
E111: =SUM(E110,E101,E90) -> 49290 | G111: =SUM(G110,G101,G90) -> 0 | I111: =SUM(I110,I101,I90) -> 0 | K111: 9600 | M111: =SUM(M110,M101,M90) -> 9500 | O111: =SUM(O110,O101,O90) -> 14000 | Q111: =SUM(Q110,Q101,Q90) -> 6148 | S111: =SUM(S110,S101,S90) -> 500 | U111: =SUM(U110,U101,U90) -> 43750 | W111: =SUM(W110,W101,W90) -> 0 | Y111: =SUM(Y110,Y101,Y90) -> 0 | AA111: =SUM(AA110,AA101,AA90) -> 500 | AC111: =SUM(AC110,AC101,AC90) -> 500 | AE111: =SUM(AE110,AE101,AE90) -> 5240 | AG111: =SUM(AG110,AG101,AG90) -> 1500 | AI111: =SUM(AI110,AI101,AI90) -> 0 | AL111: =SUM(K111:AI111)-SUM(E111:I111) -> 41948
A113: Nachtrag SOLL und IST HHJ 23-24
D114: Haushaltstitel: | E114: 210.10 | F114: IST | G114: 220.10 | H114: IST | I114: 230.10 | J114: IST | K114: 413.10 | L114: IST | M114: 413.21 | N114: IST | O114: 527 41 | P114: IST | Q114: 529.41 | R114: IST | S114: 531.41 | T114: IST | U114: 551.11 | V114: IST | W114: 551.21 | X114: IST | Y114: 551.31 | Z114: IST | AA114: 551.41 | AB114: IST | AC114: 551.51 | AD114: IST | AE114: 551.61 | AF114: IST | AG114: 551.71 | AH114: IST | AI114: 560.70 | AJ114: IST | AK114: Bilanz SOLL | AL114: Bilanz IST
A115: Seminarplan | B115: Was? | C115: Datum: | D115: Dozierende o. Beschreibung
B116: Lizenzkosten: Wundercoach: 1200 €, Zoom: 140 €, interne Verwaltungskosten (3 € pro TN) | U116: 39937.5 | AE116: =18.5*3*50 -> 2775 | AG116: 1340 | AI116: 0
B117: Mikro- und Makroökonomik (Mikro-Teil) | C117: 12.01.-14.01.2024 | D117: Elisabeth Löckener | E117: =46150/50 -> 923 | F117: 399.2 | G117: 0 | H117: 0 | I117: 0 | J117: 0 | K117: =1800/50 -> 36 | L117: 0 | M117: 0 | N117: 0 | O117: 0 | P117: 0 | Q117: 0 | R117: 0 | S117: 0 | T117: 0 | U117: =$U$116/50 -> 798.75 | V117: 0 | W117: 0 | X117: 0 | Y117: 0 | Z117: 0 | AA117: 0 | AB117: 0 | AC117: 0 | AD117: 0 | AE117: =18.5*3 -> 55.5 | AF117: 0 | AG117: =1340/50 -> 26.8 | AH117: 0 | AI117: 0 | AK117: =SUM(E117,G117,I117)-SUM(K117,M117,O117,Q117,S117,U117,W117,Y117,AA117,AC117,AE117,AG117,AI117) -> 5.95 | AL117: =SUM(F117,H117,J117)-SUM(L117,N117,P117,R117,T117,V117,X117,Z117,AB117,AD117,AF117,AH117,AJ117) -> 399.2
B118: Einführung in die ojektivierte Programmierung | C118: 13.01.-14.01.2023 | D118: Dominik Prümer | E118: =46150/50 -> 923 | F118: 199.6 | G118: 0 | H118: 0 | I118: 0 | J118: 0 | K118: =1800/50 -> 36 | L118: 0 | M118: 0 | N118: 0 | O118: 0 | P118: 0 | Q118: 0 | R118: 0 | S118: 0 | T118: 0 | U118: =$U$116/50 -> 798.75 | V118: 0 | W118: 0 | X118: 0 | Y118: 0 | Z118: 0 | AA118: 0 | AB118: 0 | AC118: 0 | AD118: 0 | AE118: =18.5*3 -> 55.5 | AF118: 0 | AG118: =1340/50 -> 26.8 | AH118: 0 | AI118: 0 | AK118: =SUM(E118,G118,I118)-SUM(K118,M118,O118,Q118,S118,U118,W118,Y118,AA118,AC118,AE118,AG118,AI118) -> 5.95 | AL118: =SUM(F118,H118,J118)-SUM(L118,N118,P118,R118,T118,V118,X118,Z118,AB118,AD118,AF118,AH118,AJ118) -> 199.6
B119: Produktionsplanung | C119: 19.01.-21.01.2024 | D119: Elisabeth Löckener | E119: =46150/50 -> 923 | F119: 199.6 | K119: =1800/50 -> 36 | U119: =$U$116/50 -> 798.75 | AE119: =18.5*3 -> 55.5 | AG119: =1340/50 -> 26.8 | AK119: =SUM(E119,G119,I119)-SUM(K119,M119,O119,Q119,S119,U119,W119,Y119,AA119,AC119,AE119,AG119,AI119) -> 5.95 | AL119: =SUM(F119,H119,J119)-SUM(L119,N119,P119,R119,T119,V119,X119,Z119,AB119,AD119,AF119,AH119,AJ119) -> 199.6
B120: Instrumente des Controllings | C120: 26.01.-28.01.2024 | D120: Julius Wiemschulte | E120: =46150/50 -> 923 | F120: 449.1 | K120: =1800/50 -> 36 | U120: =$U$116/50 -> 798.75 | AE120: =18.5*3 -> 55.5 | AG120: =1340/50 -> 26.8 | AK120: =SUM(E120,G120,I120)-SUM(K120,M120,O120,Q120,S120,U120,W120,Y120,AA120,AC120,AE120,AG120,AI120) -> 5.95 | AL120: =SUM(F120,H120,J120)-SUM(L120,N120,P120,R120,T120,V120,X120,Z120,AB120,AD120,AF120,AH120,AJ120) -> 449.1
B121: Markt und Staat | C121: 26.01.-28.01.2024 | D121: Elisabeth Löckener | E121: =46150/50 -> 923 | F121: 249.5 | K121: =1800/50 -> 36 | U121: =$U$116/50 -> 798.75 | AE121: =18.5*3 -> 55.5 | AG121: =1340/50 -> 26.8 | AK121: =SUM(E121,G121,I121)-SUM(K121,M121,O121,Q121,S121,U121,W121,Y121,AA121,AC121,AE121,AG121,AI121) -> 5.95 | AL121: =SUM(F121,H121,J121)-SUM(L121,N121,P121,R121,T121,V121,X121,Z121,AB121,AD121,AF121,AH121,AJ121) -> 249.5
B122: Konzerncontrolling | C122: 02.02.-04.02.2024 | D122: Christian Ritter | E122: =46150/50 -> 923 | F122: 399.2 | K122: =1800/50 -> 36 | U122: =$U$116/50 -> 798.75 | AE122: =18.5*3 -> 55.5 | AG122: =1340/50 -> 26.8 | AK122: =SUM(E122,G122,I122)-SUM(K122,M122,O122,Q122,S122,U122,W122,Y122,AA122,AC122,AE122,AG122,AI122) -> 5.95 | AL122: =SUM(F122,H122,J122)-SUM(L122,N122,P122,R122,T122,V122,X122,Z122,AB122,AD122,AF122,AH122,AJ122) -> 399.2
B123: Internes Rechnungswesen und funktionale Steuerung (Gruppe A) | C123: 02.02.-04.02.2024 | D123: Winfried Schumacher | E123: =46150/50 -> 923 | F123: 249.5 | K123: =1800/50 -> 36 | U123: =$U$116/50 -> 798.75 | AE123: =18.5*3 -> 55.5 | AG123: =1340/50 -> 26.8 | AK123: =SUM(E123,G123,I123)-SUM(K123,M123,O123,Q123,S123,U123,W123,Y123,AA123,AC123,AE123,AG123,AI123) -> 5.95 | AL123: =SUM(F123,H123,J123)-SUM(L123,N123,P123,R123,T123,V123,X123,Z123,AB123,AD123,AF123,AH123,AJ123) -> 249.5
B124: Innovationscontrolling | C124: 02.02.-04.02.2024 | D124: Julius Wiemschulte | E124: =46150/50 -> 923 | F124: 249.5 | K124: =1800/50 -> 36 | U124: =$U$116/50 -> 798.75 | AE124: =18.5*3 -> 55.5 | AG124: =1340/50 -> 26.8 | AK124: =SUM(E124,G124,I124)-SUM(K124,M124,O124,Q124,S124,U124,W124,Y124,AA124,AC124,AE124,AG124,AI124) -> 5.95 | AL124: =SUM(F124,H124,J124)-SUM(L124,N124,P124,R124,T124,V124,X124,Z124,AB124,AD124,AF124,AH124,AJ124) -> 249.5
B125: Externes Rechnungswesen (Gruppe A) | C125: 05.02.-19.02.2024 | D125: Christian Brockhaus | E125: =46150/50 -> 923 | F125: 399.2 | K125: =1800/50 -> 36 | U125: =$U$116/50 -> 798.75 | AE125: =18.5*3 -> 55.5 | AG125: =1340/50 -> 26.8 | AK125: =SUM(E125,G125,I125)-SUM(K125,M125,O125,Q125,S125,U125,W125,Y125,AA125,AC125,AE125,AG125,AI125) -> 5.95 | AL125: =SUM(F125,H125,J125)-SUM(L125,N125,P125,R125,T125,V125,X125,Z125,AB125,AD125,AF125,AH125,AJ125) -> 399.2
B126: Preisbildung auf unvollkommenden Märkten | C126: 09.02.-11.02.2024 | D126: Elisabeth Löckener | E126: =46150/50 -> 923 | F126: 99.8 | K126: =1800/50 -> 36 | U126: =$U$116/50 -> 798.75 | AE126: =18.5*3 -> 55.5 | AG126: =1340/50 -> 26.8 | AK126: =SUM(E126,G126,I126)-SUM(K126,M126,O126,Q126,S126,U126,W126,Y126,AA126,AC126,AE126,AG126,AI126) -> 5.95 | AL126: =SUM(F126,H126,J126)-SUM(L126,N126,P126,R126,T126,V126,X126,Z126,AB126,AD126,AF126,AH126,AJ126) -> 99.8
B127: Einführung in die Wirtschaftswissenschaft | C127: 16.02.-18.02.2024 | D127: Andreas Kalbow | E127: =46150/50 -> 923 | F127: 499 | K127: =1800/50 -> 36 | U127: =$U$116/50 -> 798.75 | AE127: =18.5*3 -> 55.5 | AG127: =1340/50 -> 26.8 | AK127: =SUM(E127,G127,I127)-SUM(K127,M127,O127,Q127,S127,U127,W127,Y127,AA127,AC127,AE127,AG127,AI127) -> 5.95 | AL127: =SUM(F127,H127,J127)-SUM(L127,N127,P127,R127,T127,V127,X127,Z127,AB127,AD127,AF127,AH127,AJ127) -> 499
B128: Externes Rechnungswesen (Gruppe B) | C128: 16.02.-18.02.2024 | D128: Christian Ritter | E128: =46150/50 -> 923 | F128: 149.7 | K128: =1800/50 -> 36 | U128: =$U$116/50 -> 798.75 | AE128: =18.5*3 -> 55.5 | AG128: =1340/50 -> 26.8 | AK128: =SUM(E128,G128,I128)-SUM(K128,M128,O128,Q128,S128,U128,W128,Y128,AA128,AC128,AE128,AG128,AI128) -> 5.95 | AL128: =SUM(F128,H128,J128)-SUM(L128,N128,P128,R128,T128,V128,X128,Z128,AB128,AD128,AF128,AH128,AJ128) -> 149.7
B129: Finanzwirtschaft | C129: 16.02-18.02.2023 | D129: Nicolai Davidsson | E129: =46150/50 -> 923 | F129: 399.2 | K129: =1800/50 -> 36 | U129: =$U$116/50 -> 798.75 | AE129: =18.5*3 -> 55.5 | AG129: =1340/50 -> 26.8 | AK129: =SUM(E129,G129,I129)-SUM(K129,M129,O129,Q129,S129,U129,W129,Y129,AA129,AC129,AE129,AG129,AI129) -> 5.95 | AL129: =SUM(F129,H129,J129)-SUM(L129,N129,P129,R129,T129,V129,X129,Z129,AB129,AD129,AF129,AH129,AJ129) -> 399.2
B130: Vertiefung der Mathematik | C130: 16.02.-18.02.2024 | D130: Johannes Antweiler | E130: =46150/50 -> 923 | F130: 149.7 | K130: =1800/50 -> 36 | U130: =$U$116/50 -> 798.75 | AE130: =18.5*3 -> 55.5 | AG130: =1340/50 -> 26.8 | AK130: =SUM(E130,G130,I130)-SUM(K130,M130,O130,Q130,S130,U130,W130,Y130,AA130,AC130,AE130,AG130,AI130) -> 5.95 | AL130: =SUM(F130,H130,J130)-SUM(L130,N130,P130,R130,T130,V130,X130,Z130,AB130,AD130,AF130,AH130,AJ130) -> 149.7
... B140: Öffentliche Ausgaben | C140: 01.03.-03.03.2024 | D140: Elisabeth Löckener | E140: =46150/50 -> 923 | F140: 99.8 | K140: =1800/50 -> 36 | U140: =$U$116/50 -> 798.75 | AE140: =18.5*3 -> 55.5 | AG140: =1340/50 -> 26.8 | AK140: =SUM(E140,G140,I140)-SUM(K140,M140,O140,Q140,S140,U140,W140,Y140,AA140,AC140,AE140,AG140,AI140) -> 5.95 | AL140: =SUM(F140,H140,J140)-SUM(L140,N140,P140,R140,T140,V140,X140,Z140,AB140,AD140,AF140,AH140,AJ140) -> 99.8
E141: =46150/50 -> 923 | K141: =1800/50 -> 36 | U141: =$U$116/50 -> 798.75 | AE141: =18.5*3 -> 55.5 | AG141: =1340/50 -> 26.8 | AK141: =SUM(E141,G141,I141)-SUM(K141,M141,O141,Q141,S141,U141,W141,Y141,AA141,AC141,AE141,AG141,AI141) -> 5.95 | AL141: =SUM(F141,H141,J141)-SUM(L141,N141,P141,R141,T141,V141,X141,Z141,AB141,AD141,AF141,AH141,AJ141) -> 0
E142: =46150/50 -> 923 | K142: =1800/50 -> 36 | U142: =$U$116/50 -> 798.75 | AE142: =18.5*3 -> 55.5 | AG142: =1340/50 -> 26.8 | AK142: =SUM(E142,G142,I142)-SUM(K142,M142,O142,Q142,S142,U142,W142,Y142,AA142,AC142,AE142,AG142,AI142) -> 5.95 | AL142: =SUM(F142,H142,J142)-SUM(L142,N142,P142,R142,T142,V142,X142,Z142,AB142,AD142,AF142,AH142,AJ142) -> 0
E143: =46150/50 -> 923 | K143: =1800/50 -> 36 | U143: =$U$116/50 -> 798.75 | AE143: =18.5*3 -> 55.5 | AG143: =1340/50 -> 26.8 | AK143: =SUM(E143,G143,I143)-SUM(K143,M143,O143,Q143,S143,U143,W143,Y143,AA143,AC143,AE143,AG143,AI143) -> 5.95 | AL143: =SUM(F143,H143,J143)-SUM(L143,N143,P143,R143,T143,V143,X143,Z143,AB143,AD143,AF143,AH143,AJ143) -> 0
E144: =46150/50 -> 923 | K144: =1800/50 -> 36 | U144: =$U$116/50 -> 798.75 | AE144: =18.5*3 -> 55.5 | AG144: =1340/50 -> 26.8 | AK144: =SUM(E144,G144,I144)-SUM(K144,M144,O144,Q144,S144,U144,W144,Y144,AA144,AC144,AE144,AG144,AI144) -> 5.95 | AL144: =SUM(F144,H144,J144)-SUM(L144,N144,P144,R144,T144,V144,X144,Z144,AB144,AD144,AF144,AH144,AJ144) -> 0
E145: =46150/50 -> 923 | K145: =1800/50 -> 36 | U145: =$U$116/50 -> 798.75 | AE145: =18.5*3 -> 55.5 | AG145: =1340/50 -> 26.8 | AK145: =SUM(E145,G145,I145)-SUM(K145,M145,O145,Q145,S145,U145,W145,Y145,AA145,AC145,AE145,AG145,AI145) -> 5.95 | AL145: =SUM(F145,H145,J145)-SUM(L145,N145,P145,R145,T145,V145,X145,Z145,AB145,AD145,AF145,AH145,AJ145) -> 0
E146: =46150/50 -> 923 | K146: =1800/50 -> 36 | U146: =$U$116/50 -> 798.75 | AE146: =18.5*3 -> 55.5 | AG146: =1340/50 -> 26.8 | AK146: =SUM(E146,G146,I146)-SUM(K146,M146,O146,Q146,S146,U146,W146,Y146,AA146,AC146,AE146,AG146,AI146) -> 5.95 | AL146: =SUM(F146,H146,J146)-SUM(L146,N146,P146,R146,T146,V146,X146,Z146,AB146,AD146,AF146,AH146,AJ146) -> 0
E147: =46150/50 -> 923 | K147: =1800/50 -> 36 | U147: =$U$116/50 -> 798.75 | AE147: =18.5*3 -> 55.5 | AG147: =1340/50 -> 26.8 | AK147: =SUM(E147,G147,I147)-SUM(K147,M147,O147,Q147,S147,U147,W147,Y147,AA147,AC147,AE147,AG147,AI147) -> 5.95 | AL147: =SUM(F147,H147,J147)-SUM(L147,N147,P147,R147,T147,V147,X147,Z147,AB147,AD147,AF147,AH147,AJ147) -> 0
E148: =46150/50 -> 923 | K148: =1800/50 -> 36 | U148: =$U$116/50 -> 798.75 | AE148: =18.5*3 -> 55.5 | AG148: =1340/50 -> 26.8 | AK148: =SUM(E148,G148,I148)-SUM(K148,M148,O148,Q148,S148,U148,W148,Y148,AA148,AC148,AE148,AG148,AI148) -> 5.95 | AL148: =SUM(F148,H148,J148)-SUM(L148,N148,P148,R148,T148,V148,X148,Z148,AB148,AD148,AF148,AH148,AJ148) -> 0
E149: =46150/50 -> 923 | K149: =1800/50 -> 36 | U149: =$U$116/50 -> 798.75 | AE149: =18.5*3 -> 55.5 | AG149: =1340/50 -> 26.8 | AK149: =SUM(E149,G149,I149)-SUM(K149,M149,O149,Q149,S149,U149,W149,Y149,AA149,AC149,AE149,AG149,AI149) -> 5.95 | AL149: =SUM(F149,H149,J149)-SUM(L149,N149,P149,R149,T149,V149,X149,Z149,AB149,AD149,AF149,AH149,AJ149) -> 0
E150: =46150/50 -> 923 | K150: =1800/50 -> 36 | U150: =$U$116/50 -> 798.75 | AE150: =18.5*3 -> 55.5 | AG150: =1340/50 -> 26.8 | AK150: =SUM(E150,G150,I150)-SUM(K150,M150,O150,Q150,S150,U150,W150,Y150,AA150,AC150,AE150,AG150,AI150) -> 5.95 | AL150: =SUM(F150,H150,J150)-SUM(L150,N150,P150,R150,T150,V150,X150,Z150,AB150,AD150,AF150,AH150,AJ150) -> 0
...

Sheet KSW neu
A1: Haushalt der Fachschaft KSW
G2: Kein Nachtragshaushalt
A3: Titel | B3: Kontenbezeichnung | C3: - | D3: Erläuterung | E3: Freie Eingabe HHJ 24-25 | F3: Rechnung HHJ 24-25 | G3: Freie Eingabe NHH 23-24 | H3: Rechnung NHH 23-24 | I3: Freie Eingabe HHJ 23-24 | J3: Rechnung HHJ 23-24 | K3: IST HHJ 23-24 | L3: Freie Eingabe Plan HHJ 22-23 | M3: Rechnung HHJ 22-23 | N3: Freie Eingabe Plan HHJ 21-22 | O3: IST HHJ 21-22 | P3: Abschluss 20-21 | Q3: Plan HHJ 20-21
A4: Einnahmen
A5: 210.10 | B5: Teilnahmebeiträge Seminare | E5: 4500 | F5: =E$111 -> 0 | H5: =E190 -> 0 | J5: =E269 -> 0 | M5: =E$348 -> 0
A6: 220.10 | B6: Teilnahmebeiträge Veranstaltungen | F6: =G$111 -> 0 | H6: =G190 -> 0 | J6: =G269 -> 0 | M6: =G$348 -> 0
A7: 230.10 | B7: Sonstige Einnahmen (Vorauszahlungen Bewirtung, Werbung, …) | F7: =I$111 -> 0 | H7: =I190 -> 0 | J7: =I269 -> 0 | M7: =I$348 -> 0
D8: Gesamt: | E8: =SUBTOTAL(9,E5:E7) -> 4500 | F8: =SUBTOTAL(9,F5:F7) -> 0 | G8: =SUBTOTAL(9,G5:G7) -> 0 | H8: =SUBTOTAL(9,H5:H7) -> 0 | I8: =SUBTOTAL(9,I5:I7) -> 0 | J8: =SUBTOTAL(9,J5:J7) -> 0 | K8: =SUBTOTAL(9,K5:K7) -> 0 | L8: =SUBTOTAL(9,L5:L7) -> 0 | ... O8: =SUBTOTAL(9,O5:O7) -> 0
A9: Ausgaben
A10: 413.10 | B10: AE fest (800 € monatlich) | E10: 9600 | F10: 9600 | G10: 9600 | H10: 9600 | I10: 9600 | J10: =800*12 -> 9600 | M10: =800*12 -> 9600
A11: 413.21 | B11: AE variabel | E11: 2000 | F11: =M$111 -> 0 | H11: =M$190 -> 0 | J11: =M$269 -> 0 | M11: =M$348 -> 0
A12: 527 41 | B12: Fahrtkosten und Verpflegungspauschalen | E12: 2000 | F12: =O$111 -> 0 | H12: =O$190 -> 0 | J12: =O$269 -> 0 | M12: =O$348 -> 0
A13: 529.41 | B13: Raum- und Unterkunftskosten | E13: 1500 | F13: =Q$111 -> 0 | H13: =Q$190 -> 0 | J13: =Q$269 -> 0 | M13: =Q$348 -> 0
A14: 531.41 | B14: Bewirtung und Repräsentation intern | E14: 500 | F14: =S$111 -> 0 | H14: =S$190 -> 0 | J14: =S$269 -> 0 | M14: =S$348 -> 0
A15: 551.11 | B15: Honorare Fachseminare | E15: 4000 | F15: =U$111 -> 0 | H15: =U$190 -> 0 | J15: =U$269 -> 0 | M15: =U$348 -> 0
A16: 551.21 | B16: Andere Honorare | E16: 2000 | F16: =W$111 -> 0 | H16: =W$190 -> 0 | J16: =W$269 -> 0 | M16: =W$348 -> 0
A17: 551.31 | B17: Ext. Reisekosten | E17: 500 | F17: =Y$111 -> 0 | H17: =Y$190 -> 0 | J17: =Y$269 -> 0 | M17: =Y$348 -> 0
A18: 551.41 | B18: Bewirtung und Repräsentation extern | E18: 300 | F18: =AA$111 -> 0 | H18: =AA$190 -> 0 | J18: =AA$269 -> 0 | M18: =AA$348 -> 0
A19: 551.51 | B19: Raum- und Unterkunftskosten Seminare und Veranst. | E19: 500 | F19: =AC$111 -> 0 | H19: =AC$190 -> 0 | J19: =AC$269 -> 0 | M19: =AC$348 -> 0
A20: 551.61 | B20: Verwaltungs- und Druckkosten Seminare | E20: 500 | F20: =AE$111 -> 0 | H20: =AE$190 -> 0 | J20: =AE$269 -> 0 | M20: =AE$348 -> 0
A21: 551.71 | B21: Sonstige Kosten (Lizenzen, Allg. Geschäftsbetrieb) | E21: 500 | F21: =AG$111 -> 0 | H21: =AG$190 -> 0 | J21: =AG$269 -> 0 | M21: =AG$348 -> 0
A22: 560.70 | B22: Rechtsangelegenheiten | E22: 300 | F22: =AI$111 -> 0 | H22: =AI$190 -> 0 | J22: =AI$269 -> 0 | M22: =AI$348 -> 0
D23: Gesamt: | E23: =SUBTOTAL(109,E10:E22) -> 24200 | F23: =SUBTOTAL(109,F10:F22) -> 9600 | G23: =SUBTOTAL(109,G10:G22) -> 9600 | H23: =SUBTOTAL(109,H10:H22) -> 9600 | I23: =SUBTOTAL(109,I10:I22) -> 9600 | J23: =SUBTOTAL(109,J10:J22) -> 9600 | K23: =SUBTOTAL(109,K10:K22) -> 0 | L23: =SUBTOTAL(109,L10:L22) -> 0 | ... O23: =SUBTOTAL(109,O10:O22) -> 0
D25: Bilanz: | E25: =E8-Tabelle18966[[#Totals],[Freie Eingabe HHJ 24-25]] -> -19700 | F25: =F8-Tabelle18966[[#Totals],[Rechnung HHJ 24-25]] -> -9600 | G25: =G8-Tabelle18966[[#Totals],[Freie Eingabe NHH 23-24]] -> -9600 | H25: =H8-Tabelle18966[[#Totals],[Rechnung NHH 23-24]] -> -9600 | I25: =I8-Tabelle18966[[#Totals],[Freie Eingabe HHJ 23-24]] -> -9600 | J25: =J8-Tabelle18966[[#Totals],[Rechnung HHJ 23-24]] -> -9600 | K25: =K8-Tabelle18966[[#Totals],[IST HHJ 23-24]] -> 0 | L25: =L8-Tabelle18966[[#Totals],[Freie Eingabe Plan HHJ 22-23]] -> 0 | M25: =M8-Tabelle18966[[#Totals],[Rechnung HHJ 22-23]] -> -9600 | N25: =N8-Tabelle18966[[#Totals],[Freie Eingabe Plan HHJ 21-22]] -> 0 | O25: =O8-Tabelle18966[[#Totals],[IST HHJ 21-22]] -> 0
A30: Kalkulationen und Auswertungen
A32: Deckungsfähigkeiten: Die Ausgaben der Fachschaft sind untereineinander teilweise deckungsfähig. Einnahmen über Plan verstärken Gegentitel. Mittel aus den Konten 551.11 bis 551.51 dürfen nicht zur Deckung von anderen Konten verwendet werden: Keine Verschiebung vom Seminarbetrieb zum Verwaltungsbetrieb. | E32: Teilnahmebeiträge Seminare | F32: IST | G32: Teilnahmebeiträge Veranstaltungen | H32: IST | I32: Sonstige Einnahmen (Vorauszahlungen Bewirtung, Werbung, …) | J32: IST | K32: AE fest (800 € monatlich) | L32: IST | M32: AE variabel | N32: IST | O32: Fahrtkosten und Verpflegungspauschalen intern | P32: IST | Q32: Raum- und Unterkunftskosten intern | R32: IST | S32: Bewirtung und Repräsentation intern | T32: IST | U32: Honorare Fachseminare | V32: IST | W32: Andere Honorare | X32: IST | Y32: Ext. Reisekosten | Z32: IST | AA32: Bewirtung und Repräsentation extern | AB32: IST | AC32: Raum- und Unterkunftskosten extern | AD32: IST | AE32: Verwaltungs- und Druckkosten | AF32: IST | AG32: Sonstige Kosten (Lizenzen, Allg. Geschäftsbetrieb) | AH32: IST | AI32: Rechtsangelegenheiten | AK32: Bilanz SOLL | AL32: Bilanz IST
A34: SOLL und IST HHJ 24-25
D35: Haushaltstitel: | E35: 210.10 | F35: IST | G35: 220.10 | H35: IST | I35: 230.10 | J35: IST | K35: 413.10 | L35: IST | M35: 413.21 | N35: IST | O35: 527 41 | P35: IST | Q35: 529.41 | R35: IST | S35: 531.41 | T35: IST | U35: 551.11 | V35: IST | W35: 551.21 | X35: IST | Y35: 551.31 | Z35: IST | AA35: 551.41 | AB35: IST | AC35: 551.51 | AD35: IST | AE35: 551.61 | AF35: IST | AG35: 551.71 | AH35: IST | AI35: 560.70 | AJ35: IST | AK35: Bilanz SOLL | AL35: Bilanz IST
A36: Seminarplan | B36: Was? | C36: Datum/Ort | D36: Dozierende o. Beschreibung
B37: Basiskalkulationen: Anteilige Aufwandsentschädigungen Seminarkoordination: 1.200 € durch Anzahl der Seminare. Hier 50, ergibt gerundet 24 € AE pro Seminar. Es werden den Dozierenden je nach Qualifikation Honorare zwischen 40 und 50 € entsprechend dem Rahmenbeschluss des FSR WiWi ausbezahlt. Grundsätzlich wird sich hier am Rahmen der Entlohnung von Dozierenden an der FernUni bewegt. Anteilige Kosten Seminarportal wundercoach: 1.200 €/Jahr = 24/Seminar; Verwaltungskosten: 3 € pro Teilnehmer; Zoom: Anteilig ca. 140 €/Jahr = 2,80 €/Seminar
B38: 50 Online-Seminare entsprechend des Beschlusses des Fachschaftsrates WiWi | AK38: =SUM(E38,G38,I38)-SUM(K38,M38,O38,Q38,S38,U38,W38,Y38,AA38,AC38,AE38,AG38,AI38) -> 0 | AL38: =SUM(F38,H38,J38)-SUM(L38,N38,P38,R38,T38,V38,X38,Z38,AB38,AD38,AF38,AH38,AJ38) -> 0
B39: Wundercoach | AK39: =SUM(E39,G39,I39)-SUM(K39,M39,O39,Q39,S39,U39,W39,Y39,AA39,AC39,AE39,AG39,AI39) -> 0 | AL39: =SUM(F39,H39,J39)-SUM(L39,N39,P39,R39,T39,V39,X39,Z39,AB39,AD39,AF39,AH39,AJ39) -> 0
B40: Zoom-Lizenz | AK40: =SUM(E40,G40,I40)-SUM(K40,M40,O40,Q40,S40,U40,W40,Y40,AA40,AC40,AE40,AG40,AI40) -> 0 | AL40: =SUM(F40,H40,J40)-SUM(L40,N40,P40,R40,T40,V40,X40,Z40,AB40,AD40,AF40,AH40,AJ40) -> 0
AK41: =SUM(E41,G41,I41)-SUM(K41,M41,O41,Q41,S41,U41,W41,Y41,AA41,AC41,AE41,AG41,AI41) -> 0 | AL41: =SUM(F41,H41,J41)-SUM(L41,N41,P41,R41,T41,V41,X41,Z41,AB41,AD41,AF41,AH41,AJ41) -> 0
AK42: =SUM(E42,G42,I42)-SUM(K42,M42,O42,Q42,S42,U42,W42,Y42,AA42,AC42,AE42,AG42,AI42) -> 0 | AL42: =SUM(F42,H42,J42)-SUM(L42,N42,P42,R42,T42,V42,X42,Z42,AB42,AD42,AF42,AH42,AJ42) -> 0
B43: Freie Mittel | AK43: =SUM(E43,G43,I43)-SUM(K43,M43,O43,Q43,S43,U43,W43,Y43,AA43,AC43,AE43,AG43,AI43) -> 0 | AL43: =SUM(F43,H43,J43)-SUM(L43,N43,P43,R43,T43,V43,X43,Z43,AB43,AD43,AF43,AH43,AJ43) -> 0
AK44: =SUM(E44,G44,I44)-SUM(K44,M44,O44,Q44,S44,U44,W44,Y44,AA44,AC44,AE44,AG44,AI44) -> 0 | AL44: =SUM(F44,H44,J44)-SUM(L44,N44,P44,R44,T44,V44,X44,Z44,AB44,AD44,AF44,AH44,AJ44) -> 0
AK45: =SUM(E45,G45,I45)-SUM(K45,M45,O45,Q45,S45,U45,W45,Y45,AA45,AC45,AE45,AG45,AI45) -> 0 | AL45: =SUM(F45,H45,J45)-SUM(L45,N45,P45,R45,T45,V45,X45,Z45,AB45,AD45,AF45,AH45,AJ45) -> 0
AK46: =SUM(E46,G46,I46)-SUM(K46,M46,O46,Q46,S46,U46,W46,Y46,AA46,AC46,AE46,AG46,AI46) -> 0 | AL46: =SUM(F46,H46,J46)-SUM(L46,N46,P46,R46,T46,V46,X46,Z46,AB46,AD46,AF46,AH46,AJ46) -> 0
AK47: =SUM(E47,G47,I47)-SUM(K47,M47,O47,Q47,S47,U47,W47,Y47,AA47,AC47,AE47,AG47,AI47) -> 0 | AL47: =SUM(F47,H47,J47)-SUM(L47,N47,P47,R47,T47,V47,X47,Z47,AB47,AD47,AF47,AH47,AJ47) -> 0
AK48: =SUM(E48,G48,I48)-SUM(K48,M48,O48,Q48,S48,U48,W48,Y48,AA48,AC48,AE48,AG48,AI48) -> 0 | AL48: =SUM(F48,H48,J48)-SUM(L48,N48,P48,R48,T48,V48,X48,Z48,AB48,AD48,AF48,AH48,AJ48) -> 0
AK49: =SUM(E49,G49,I49)-SUM(K49,M49,O49,Q49,S49,U49,W49,Y49,AA49,AC49,AE49,AG49,AI49) -> 0 | AL49: =SUM(F49,H49,J49)-SUM(L49,N49,P49,R49,T49,V49,X49,Z49,AB49,AD49,AF49,AH49,AJ49) -> 0
AK50: =SUM(E50,G50,I50)-SUM(K50,M50,O50,Q50,S50,U50,W50,Y50,AA50,AC50,AE50,AG50,AI50) -> 0 | AL50: =SUM(F50,H50,J50)-SUM(L50,N50,P50,R50,T50,V50,X50,Z50,AB50,AD50,AF50,AH50,AJ50) -> 0
AK51: =SUM(E51,G51,I51)-SUM(K51,M51,O51,Q51,S51,U51,W51,Y51,AA51,AC51,AE51,AG51,AI51) -> 0 | AL51: =SUM(F51,H51,J51)-SUM(L51,N51,P51,R51,T51,V51,X51,Z51,AB51,AD51,AF51,AH51,AJ51) -> 0
AK52: =SUM(E52,G52,I52)-SUM(K52,M52,O52,Q52,S52,U52,W52,Y52,AA52,AC52,AE52,AG52,AI52) -> 0 | AL52: =SUM(F52,H52,J52)-SUM(L52,N52,P52,R52,T52,V52,X52,Z52,AB52,AD52,AF52,AH52,AJ52) -> 0
AK53: =SUM(E53,G53,I53)-SUM(K53,M53,O53,Q53,S53,U53,W53,Y53,AA53,AC53,AE53,AG53,AI53) -> 0 | AL53: =SUM(F53,H53,J53)-SUM(L53,N53,P53,R53,T53,V53,X53,Z53,AB53,AD53,AF53,AH53,AJ53) -> 0
AK54: =SUM(E54,G54,I54)-SUM(K54,M54,O54,Q54,S54,U54,W54,Y54,AA54,AC54,AE54,AG54,AI54) -> 0 | AL54: =SUM(F54,H54,J54)-SUM(L54,N54,P54,R54,T54,V54,X54,Z54,AB54,AD54,AF54,AH54,AJ54) -> 0
AK55: =SUM(E55,G55,I55)-SUM(K55,M55,O55,Q55,S55,U55,W55,Y55,AA55,AC55,AE55,AG55,AI55) -> 0 | AL55: =SUM(F55,H55,J55)-SUM(L55,N55,P55,R55,T55,V55,X55,Z55,AB55,AD55,AF55,AH55,AJ55) -> 0
... AK87: =SUM(E87,G87,I87)-SUM(K87,M87,O87,Q87,S87,U87,W87,Y87,AA87,AC87,AE87,AG87,AI87) -> 0 | AL87: =SUM(F87,H87,J87)-SUM(L87,N87,P87,R87,T87,V87,X87,Z87,AB87,AD87,AF87,AH87,AJ87) -> 0
B90: Ergebnis | E90: =SUBTOTAL(9,E38:E89) -> 0 | F90: =SUBTOTAL(9,F38:F89) -> 0 | G90: =SUBTOTAL(9,G38:G89) -> 0 | H90: =SUBTOTAL(9,H38:H89) -> 0 | I90: =SUBTOTAL(9,I38:I89) -> 0 | J90: =SUBTOTAL(9,J38:J89) -> 0 | K90: =SUBTOTAL(9,K38:K89) -> 0 | L90: =SUBTOTAL(9,L38:L89) -> 0 | ... V90: =SUBTOTAL(9,V38:V89) -> 0 | X90: =SUBTOTAL(9,X38:X89) -> 0 | Y90: =SUBTOTAL(9,Y38:Y89) -> 0 | Z90: =SUBTOTAL(9,Z38:Z89) -> 0 | AA90: =SUBTOTAL(9,AA38:AA89) -> 0 | AB90: =SUBTOTAL(9,AB38:AB89) -> 0 | AC90: =SUBTOTAL(9,AC38:AC89) -> 0 | AD90: =SUBTOTAL(9,AD38:AD89) -> 0 | AE90: =SUBTOTAL(9,AE38:AE89) -> 0 | ... AJ90: =SUBTOTAL(9,AJ38:AJ89) -> 0 | AK90: =SUBTOTAL(9,AK36:AK89) -> 0 | AL90: =SUBTOTAL(9,AL38:AL89) -> 0
A91: Maßnahmenplan | AK91: =SUM(E91,G91,I91)-SUM(K91,M91,O91,Q91,S91,U91,W91,Y91,AA91,AC91,AE91,AG91,AI91) -> 0 | AL91: =SUM(F91,H91,J91)-SUM(L91,N91,P91,R91,T91,V91,X91,Z91,AB91,AD91,AF91,AH91,AJ91) -> 0
AK92: =SUM(E92,G92,I92)-SUM(K92,M92,O92,Q92,S92,U92,W92,Y92,AA92,AC92,AE92,AG92,AI92) -> 0 | AL92: =SUM(F92,H92,J92)-SUM(L92,N92,P92,R92,T92,V92,X92,Z92,AB92,AD92,AF92,AH92,AJ92) -> 0
AK93: =SUM(E93,G93,I93)-SUM(K93,M93,O93,Q93,S93,U93,W93,Y93,AA93,AC93,AE93,AG93,AI93) -> 0 | AL93: =SUM(F93,H93,J93)-SUM(L93,N93,P93,R93,T93,V93,X93,Z93,AB93,AD93,AF93,AH93,AJ93) -> 0
AK94: =SUM(E94,G94,I94)-SUM(K94,M94,O94,Q94,S94,U94,W94,Y94,AA94,AC94,AE94,AG94,AI94) -> 0 | AL94: =SUM(F94,H94,J94)-SUM(L94,N94,P94,R94,T94,V94,X94,Z94,AB94,AD94,AF94,AH94,AJ94) -> 0
AK95: =SUM(E95,G95,I95)-SUM(K95,M95,O95,Q95,S95,U95,W95,Y95,AA95,AC95,AE95,AG95,AI95) -> 0 | AL95: =SUM(F95,H95,J95)-SUM(L95,N95,P95,R95,T95,V95,X95,Z95,AB95,AD95,AF95,AH95,AJ95) -> 0
AK96: =SUM(E96,G96,I96)-SUM(K96,M96,O96,Q96,S96,U96,W96,Y96,AA96,AC96,AE96,AG96,AI96) -> 0 | AL96: =SUM(F96,H96,J96)-SUM(L96,N96,P96,R96,T96,V96,X96,Z96,AB96,AD96,AF96,AH96,AJ96) -> 0
AK97: =SUM(E97,G97,I97)-SUM(K97,M97,O97,Q97,S97,U97,W97,Y97,AA97,AC97,AE97,AG97,AI97) -> 0 | AL97: =SUM(F97,H97,J97)-SUM(L97,N97,P97,R97,T97,V97,X97,Z97,AB97,AD97,AF97,AH97,AJ97) -> 0
AK98: =SUM(E98,G98,I98)-SUM(K98,M98,O98,Q98,S98,U98,W98,Y98,AA98,AC98,AE98,AG98,AI98) -> 0 | AL98: =SUM(F98,H98,J98)-SUM(L98,N98,P98,R98,T98,V98,X98,Z98,AB98,AD98,AF98,AH98,AJ98) -> 0
AK99: =SUM(E99,G99,I99)-SUM(K99,M99,O99,Q99,S99,U99,W99,Y99,AA99,AC99,AE99,AG99,AI99) -> 0 | AL99: =SUM(F99,H99,J99)-SUM(L99,N99,P99,R99,T99,V99,X99,Z99,AB99,AD99,AF99,AH99,AJ99) -> 0
AK100: =SUM(E100,G100,I100)-SUM(K100,M100,O100,Q100,S100,U100,W100,Y100,AA100,AC100,AE100,AG100,AI100) -> 0 | AL100: =SUM(F100,H100,J100)-SUM(L100,N100,P100,R100,T100,V100,X100,Z100,AB100,AD100,AF100,AH100,AJ100) -> 0
B101: Ergebnis | E101: =SUBTOTAL(9,E91:E100) -> 0 | F101: =SUBTOTAL(9,F91:F100) -> 0 | G101: =SUBTOTAL(9,G91:G100) -> 0 | H101: =SUBTOTAL(9,H91:H100) -> 0 | I101: =SUBTOTAL(9,I91:I100) -> 0 | J101: =SUBTOTAL(9,J91:J100) -> 0 | K101: =SUBTOTAL(9,K91:K100) -> 0 | L101: =SUBTOTAL(9,L91:L100) -> 0 | ... AL101: =SUBTOTAL(9,AL91:AL100) -> 0
A102: Sitzungsplan | AK102: =SUM(E102,G102,I102)-SUM(K102,M102,O102,Q102,S102,U102,W102,Y102,AA102,AC102,AE102,AG102,AI102) -> 0 | AL102: =SUM(F102,H102,J102)-SUM(L102,N102,P102,R102,T102,V102,X102,Z102,AB102,AD102,AF102,AH102,AJ102) -> 0
AK103: =SUM(E103,G103,I103)-SUM(K103,M103,O103,Q103,S103,U103,W103,Y103,AA103,AC103,AE103,AG103,AI103) -> 0 | AL103: =SUM(F103,H103,J103)-SUM(L103,N103,P103,R103,T103,V103,X103,Z103,AB103,AD103,AF103,AH103,AJ103) -> 0
AK104: =SUM(E104,G104,I104)-SUM(K104,M104,O104,Q104,S104,U104,W104,Y104,AA104,AC104,AE104,AG104,AI104) -> 0 | AL104: =SUM(F104,H104,J104)-SUM(L104,N104,P104,R104,T104,V104,X104,Z104,AB104,AD104,AF104,AH104,AJ104) -> 0
AK105: =SUM(E105,G105,I105)-SUM(K105,M105,O105,Q105,S105,U105,W105,Y105,AA105,AC105,AE105,AG105,AI105) -> 0 | AL105: =SUM(F105,H105,J105)-SUM(L105,N105,P105,R105,T105,V105,X105,Z105,AB105,AD105,AF105,AH105,AJ105) -> 0
AK106: =SUM(E106,G106,I106)-SUM(K106,M106,O106,Q106,S106,U106,W106,Y106,AA106,AC106,AE106,AG106,AI106) -> 0 | AL106: =SUM(F106,H106,J106)-SUM(L106,N106,P106,R106,T106,V106,X106,Z106,AB106,AD106,AF106,AH106,AJ106) -> 0
AK107: =SUM(E107,G107,I107)-SUM(K107,M107,O107,Q107,S107,U107,W107,Y107,AA107,AC107,AE107,AG107,AI107) -> 0 | AL107: =SUM(F107,H107,J107)-SUM(L107,N107,P107,R107,T107,V107,X107,Z107,AB107,AD107,AF107,AH107,AJ107) -> 0
AK108: =SUM(E108,G108,I108)-SUM(K108,M108,O108,Q108,S108,U108,W108,Y108,AA108,AC108,AE108,AG108,AI108) -> 0 | AL108: =SUM(F108,H108,J108)-SUM(L108,N108,P108,R108,T108,V108,X108,Z108,AB108,AD108,AF108,AH108,AJ108) -> 0
AK109: =SUM(E109,G109,I109)-SUM(K109,M109,O109,Q109,S109,U109,W109,Y109,AA109,AC109,AE109,AG109,AI109) -> 0 | AL109: =SUM(F109,H109,J109)-SUM(L109,N109,P109,R109,T109,V109,X109,Z109,AB109,AD109,AF109,AH109,AJ109) -> 0
B110: Ergebnis | E110: =SUBTOTAL(9,E102:E109) -> 0 | F110: =SUBTOTAL(9,F102:F109) -> 0 | G110: =SUBTOTAL(9,G102:G109) -> 0 | H110: =SUBTOTAL(9,H102:H109) -> 0 | I110: =SUBTOTAL(9,I102:I109) -> 0 | J110: =SUBTOTAL(9,J102:J109) -> 0 | K110: =SUBTOTAL(9,K102:K109) -> 0 | L110: =SUBTOTAL(9,L102:L109) -> 0 | ... AI110: =SUBTOTAL(9,AI102:AI109) -> 0 | AK110: =SUBTOTAL(9,AK102:AK109) -> 0 | AL110: =SUBTOTAL(9,AL102:AL109) -> 0
E111: =SUM(E110,E101,E90) -> 0 | G111: =SUM(G110,G101,G90) -> 0 | I111: =SUM(I110,I101,I90) -> 0 | K111: 9600 | M111: =SUM(M110,M101,M90) -> 0 | O111: =SUM(O110,O101,O90) -> 0 | Q111: =SUM(Q110,Q101,Q90) -> 0 | S111: =SUM(S110,S101,S90) -> 0 | U111: =SUM(U110,U101,U90) -> 0 | W111: =SUM(W110,W101,W90) -> 0 | Y111: =SUM(Y110,Y101,Y90) -> 0 | AA111: =SUM(AA110,AA101,AA90) -> 0 | AC111: =SUM(AC110,AC101,AC90) -> 0 | AE111: =SUM(AE110,AE101,AE90) -> 0 | AG111: =SUM(AG110,AG101,AG90) -> 0 | AI111: =SUM(AI110,AI101,AI90) -> 0 | AL111: =SUM(K111:AI111)-SUM(E111:I111) -> 9600
A113: Nachtrag SOLL und IST HHJ 23-24
D114: Haushaltstitel: | E114: 210.10 | F114: IST | G114: 220.10 | H114: IST | I114: 230.10 | J114: IST | K114: 413.10 | L114: IST | M114: 413.21 | N114: IST | O114: 527 41 | P114: IST | Q114: 529.41 | R114: IST | S114: 531.41 | T114: IST | U114: 551.11 | V114: IST | W114: 551.21 | X114: IST | Y114: 551.31 | Z114: IST | AA114: 551.41 | AB114: IST | AC114: 551.51 | AD114: IST | AE114: 551.61 | AF114: IST | AG114: 551.71 | AH114: IST | AI114: 560.70 | AJ114: IST | AK114: Bilanz SOLL | AL114: Bilanz IST
A115: Seminarplan | B115: Was? | C115: Datum: | D115: Dozierende o. Beschreibung
AD117: 0 | AK117: =SUM(E117,G117,I117)-SUM(K117,M117,O117,Q117,S117,U117,W117,Y117,AA117,AC117,AE117,AG117,AI117) -> 0 | AL117: =SUM(F117,H117,J117)-SUM(L117,N117,P117,R117,T117,V117,X117,Z117,AB117,AD117,AF117,AH117,AJ117) -> 0
AD118: 0 | AK118: =SUM(E118,G118,I118)-SUM(K118,M118,O118,Q118,S118,U118,W118,Y118,AA118,AC118,AE118,AG118,AI118) -> 0 | AL118: =SUM(F118,H118,J118)-SUM(L118,N118,P118,R118,T118,V118,X118,Z118,AB118,AD118,AF118,AH118,AJ118) -> 0
AK119: =SUM(E119,G119,I119)-SUM(K119,M119,O119,Q119,S119,U119,W119,Y119,AA119,AC119,AE119,AG119,AI119) -> 0 | AL119: =SUM(F119,H119,J119)-SUM(L119,N119,P119,R119,T119,V119,X119,Z119,AB119,AD119,AF119,AH119,AJ119) -> 0
AK120: =SUM(E120,G120,I120)-SUM(K120,M120,O120,Q120,S120,U120,W120,Y120,AA120,AC120,AE120,AG120,AI120) -> 0 | AL120: =SUM(F120,H120,J120)-SUM(L120,N120,P120,R120,T120,V120,X120,Z120,AB120,AD120,AF120,AH120,AJ120) -> 0
AK121: =SUM(E121,G121,I121)-SUM(K121,M121,O121,Q121,S121,U121,W121,Y121,AA121,AC121,AE121,AG121,AI121) -> 0 | AL121: =SUM(F121,H121,J121)-SUM(L121,N121,P121,R121,T121,V121,X121,Z121,AB121,AD121,AF121,AH121,AJ121) -> 0
AK122: =SUM(E122,G122,I122)-SUM(K122,M122,O122,Q122,S122,U122,W122,Y122,AA122,AC122,AE122,AG122,AI122) -> 0 | AL122: =SUM(F122,H122,J122)-SUM(L122,N122,P122,R122,T122,V122,X122,Z122,AB122,AD122,AF122,AH122,AJ122) -> 0
AK123: =SUM(E123,G123,I123)-SUM(K123,M123,O123,Q123,S123,U123,W123,Y123,AA123,AC123,AE123,AG123,AI123) -> 0 | AL123: =SUM(F123,H123,J123)-SUM(L123,N123,P123,R123,T123,V123,X123,Z123,AB123,AD123,AF123,AH123,AJ123) -> 0
AK124: =SUM(E124,G124,I124)-SUM(K124,M124,O124,Q124,S124,U124,W124,Y124,AA124,AC124,AE124,AG124,AI124) -> 0 | AL124: =SUM(F124,H124,J124)-SUM(L124,N124,P124,R124,T124,V124,X124,Z124,AB124,AD124,AF124,AH124,AJ124) -> 0
AK125: =SUM(E125,G125,I125)-SUM(K125,M125,O125,Q125,S125,U125,W125,Y125,AA125,AC125,AE125,AG125,AI125) -> 0 | AL125: =SUM(F125,H125,J125)-SUM(L125,N125,P125,R125,T125,V125,X125,Z125,AB125,AD125,AF125,AH125,AJ125) -> 0
AK126: =SUM(E126,G126,I126)-SUM(K126,M126,O126,Q126,S126,U126,W126,Y126,AA126,AC126,AE126,AG126,AI126) -> 0 | AL126: =SUM(F126,H126,J126)-SUM(L126,N126,P126,R126,T126,V126,X126,Z126,AB126,AD126,AF126,AH126,AJ126) -> 0
AK127: =SUM(E127,G127,I127)-SUM(K127,M127,O127,Q127,S127,U127,W127,Y127,AA127,AC127,AE127,AG127,AI127) -> 0 | AL127: =SUM(F127,H127,J127)-SUM(L127,N127,P127,R127,T127,V127,X127,Z127,AB127,AD127,AF127,AH127,AJ127) -> 0
AK128: =SUM(E128,G128,I128)-SUM(K128,M128,O128,Q128,S128,U128,W128,Y128,AA128,AC128,AE128,AG128,AI128) -> 0 | AL128: =SUM(F128,H128,J128)-SUM(L128,N128,P128,R128,T128,V128,X128,Z128,AB128,AD128,AF128,AH128,AJ128) -> 0
AK129: =SUM(E129,G129,I129)-SUM(K129,M129,O129,Q129,S129,U129,W129,Y129,AA129,AC129,AE129,AG129,AI129) -> 0 | AL129: =SUM(F129,H129,J129)-SUM(L129,N129,P129,R129,T129,V129,X129,Z129,AB129,AD129,AF129,AH129,AJ129) -> 0
AK130: =SUM(E130,G130,I130)-SUM(K130,M130,O130,Q130,S130,U130,W130,Y130,AA130,AC130,AE130,AG130,AI130) -> 0 | AL130: =SUM(F130,H130,J130)-SUM(L130,N130,P130,R130,T130,V130,X130,Z130,AB130,AD130,AF130,AH130,AJ130) -> 0
... AK166: =SUM(E166,G166,I166)-SUM(K166,M166,O166,Q166,S166,U166,W166,Y166,AA166,AC166,AE166,AG166,AI166) -> 0 | AL166: =SUM(F166,H166,J166)-SUM(L166,N166,P166,R166,T166,V166,X166,Z166,AB166,AD166,AF166,AH166,AJ166) -> 0
B169: Ergebnis | E169: =SUBTOTAL(9,E117:E168) -> 0 | F169: =SUBTOTAL(9,F117:F168) -> 0 | G169: =SUBTOTAL(9,G117:G168) -> 0 | H169: =SUBTOTAL(9,H117:H168) -> 0 | I169: =SUBTOTAL(9,I117:I168) -> 0 | J169: =SUBTOTAL(9,J117:J168) -> 0 | K169: =SUBTOTAL(9,K117:K168) -> 0 | L169: =SUBTOTAL(9,L117:L168) -> 0 | ... AL169: =SUBTOTAL(9,AL117:AL168) -> 0
A170: Maßnahmenplan
B180: Ergebnis | E180: =SUBTOTAL(9,E171:E173) -> 0 | G180: =SUBTOTAL(9,G171:G173) -> 0 | I180: =SUBTOTAL(9,I171:I173) -> 0 | K180: =SUBTOTAL(9,K171:K173) -> 0 | M180: =SUBTOTAL(9,M171:M173) -> 0 | O180: =SUBTOTAL(9,O171:O173) -> 0 | Q180: =SUBTOTAL(9,Q171:Q173) -> 0 | S180: =SUBTOTAL(9,S171:S173) -> 0 | U180: =SUBTOTAL(9,U171:U173) -> 0 | W180: =SUBTOTAL(9,W171:W173) -> 0 | Y180: =SUBTOTAL(9,Y171:Y173) -> 0 | AA180: =SUBTOTAL(9,AA171:AA173) -> 0 | AC180: =SUBTOTAL(9,AC171:AC173) -> 0 | AE180: =SUBTOTAL(9,AE171:AE173) -> 0 | AG180: =SUBTOTAL(9,AG171:AG173) -> 0 | AI180: =SUBTOTAL(9,AI171:AI173) -> 0
A181: Sitzungsplan
B189: Ergebnis | E189: =SUBTOTAL(9,E181:E183) -> 0 | G189: =SUBTOTAL(9,G181:G183) -> 0 | I189: =SUBTOTAL(9,I181:I183) -> 0 | K189: =SUBTOTAL(9,K181:K183) -> 0 | M189: =SUBTOTAL(9,M181:M183) -> 0 | O189: =SUBTOTAL(9,O181:O183) -> 0 | Q189: =SUBTOTAL(9,Q181:Q183) -> 0 | S189: =SUBTOTAL(9,S181:S183) -> 0 | U189: =SUBTOTAL(9,U181:U183) -> 0 | W189: =SUBTOTAL(9,W181:W183) -> 0 | Y189: =SUBTOTAL(9,Y181:Y183) -> 0 | AA189: =SUBTOTAL(9,AA181:AA183) -> 0 | AC189: =SUBTOTAL(9,AC181:AC183) -> 0 | AE189: =SUBTOTAL(9,AE181:AE183) -> 0 | AG189: =SUBTOTAL(9,AG181:AG183) -> 0 | AI189: =SUBTOTAL(9,AI181:AI183) -> 0
E190: =SUM(E189,E180,E169) -> 0 | G190: =SUM(G189,G180,G169) -> 0 | I190: =SUM(I189,I180,I169) -> 0 | K190: 9600 | M190: =SUM(M189,M180,M169) -> 0 | O190: =SUM(O189,O180,O169) -> 0 | Q190: =SUM(Q189,Q180,Q169) -> 0 | S190: =SUM(S189,S180,S169) -> 0 | U190: =SUM(U189,U180,U169) -> 0 | W190: =SUM(W189,W180,W169) -> 0 | Y190: =SUM(Y189,Y180,Y169) -> 0 | AA190: =SUM(AA189,AA180,AA169) -> 0 | AC190: =SUM(AC189,AC180,AC169) -> 0 | AE190: =SUM(AE189,AE180,AE169) -> 0 | AG190: =SUM(AG189,AG180,AG169) -> 0 | AI190: =SUM(AI189,AI180,AI169) -> 0 | AL190: =SUM(K190:AI190)-SUM(E190:I190) -> 9600
A192: SOLL und IST HHJ 23-24
D193: Haushaltstitel: | E193: 210.10 | F193: IST | G193: 220.10 | H193: IST | I193: 230.10 | J193: IST | K193: 413.10 | L193: IST | M193: 413.21 | N193: IST | O193: 527 41 | P193: IST | Q193: 529.41 | R193: IST | S193: 531.41 | T193: IST | U193: 551.11 | V193: IST | W193: 551.21 | X193: IST | Y193: 551.31 | Z193: IST | AA193: 551.41 | AB193: IST | AC193: 551.51 | AD193: IST | AE193: 551.61 | AF193: IST | AG193: 551.71 | AH193: IST | AI193: 560.70 | AJ193: IST | AK193: Bilanz SOLL | AL193: Bilanz IST
A194: Seminarplan | B194: Was? | C194: Datum: | D194: Dozierende o. Beschreibung
AK196: =SUM(E196,G196,I196)-SUM(K196,M196,O196,Q196,S196,U196,W196,Y196,AA196,AC196,AE196,AG196,AI196) -> 0 | AL196: =SUM(F196,H196,J196)-SUM(L196,N196,P196,R196,T196,V196,X196,Z196,AB196,AD196,AF196,AH196,AJ196) -> 0
AK197: =SUM(E197,G197,I197)-SUM(K197,M197,O197,Q197,S197,U197,W197,Y197,AA197,AC197,AE197,AG197,AI197) -> 0 | AL197: =SUM(F197,H197,J197)-SUM(L197,N197,P197,R197,T197,V197,X197,Z197,AB197,AD197,AF197,AH197,AJ197) -> 0
...

Sheet PSY neu
A1: Haushalt der Fachschaft Psychologie
G2: Kein Nachtragshaushalt
A3: Titel | B3: Kontenbezeichnung | C3: - | D3: Erläuterung | E3: Freie Eingabe HHJ 24-25 | F3: Rechnung HHJ 24-25 | G3: Freie Eingabe NHH 23-24 | H3: Rechnung NHH 23-24 | I3: Freie Eingabe HHJ 23-24 | J3: Rechnung HHJ 23-24 | K3: IST HHJ 23-24 | L3: Freie Eingabe Plan HHJ 22-23 | M3: Rechnung HHJ 22-23 | N3: Freie Eingabe Plan HHJ 21-22 | O3: IST HHJ 21-22 | P3: Abschluss 20-21 | Q3: Plan HHJ 20-21
A4: Einnahmen
A5: 210.10 | B5: Teilnahmebeiträge Seminare | E5: 4500 | F5: =E$111 -> 0 | H5: =E190 -> 0 | J5: =E269 -> 0 | M5: =E$348 -> 0
A6: 220.10 | B6: Teilnahmebeiträge Veranstaltungen | F6: =G$111 -> 0 | H6: =G190 -> 0 | J6: =G269 -> 0 | M6: =G$348 -> 0
A7: 230.10 | B7: Sonstige Einnahmen (Vorauszahlungen Bewirtung, Werbung, …) | F7: =I$111 -> 0 | H7: =I190 -> 0 | J7: =I269 -> 0 | M7: =I$348 -> 0
D8: Gesamt: | E8: =SUBTOTAL(9,E5:E7) -> 4500 | F8: =SUBTOTAL(9,F5:F7) -> 0 | G8: =SUBTOTAL(9,G5:G7) -> 0 | H8: =SUBTOTAL(9,H5:H7) -> 0 | I8: =SUBTOTAL(9,I5:I7) -> 0 | J8: =SUBTOTAL(9,J5:J7) -> 0 | K8: =SUBTOTAL(9,K5:K7) -> 0 | L8: =SUBTOTAL(9,L5:L7) -> 0 | ... O8: =SUBTOTAL(9,O5:O7) -> 0
A9: Ausgaben
A10: 413.10 | B10: AE fest (800 € monatlich) | E10: 9600 | F10: 9600 | G10: 9600 | H10: 9600 | I10: 9600 | J10: =800*12 -> 9600 | M10: =800*12 -> 9600
A11: 413.21 | B11: AE variabel | E11: 2000 | F11: =M$111 -> 0 | H11: =M$190 -> 0 | J11: =M$269 -> 0 | M11: =M$348 -> 0
A12: 527 41 | B12: Fahrtkosten und Verpflegungspauschalen | E12: 2000 | F12: =O$111 -> 0 | H12: =O$190 -> 0 | J12: =O$269 -> 0 | M12: =O$348 -> 0
A13: 529.41 | B13: Raum- und Unterkunftskosten | E13: 1500 | F13: =Q$111 -> 0 | H13: =Q$190 -> 0 | J13: =Q$269 -> 0 | M13: =Q$348 -> 0
A14: 531.41 | B14: Bewirtung und Repräsentation intern | E14: 500 | F14: =S$111 -> 0 | H14: =S$190 -> 0 | J14: =S$269 -> 0 | M14: =S$348 -> 0
A15: 551.11 | B15: Honorare Fachseminare | E15: 5000 | F15: =U$111 -> 0 | H15: =U$190 -> 0 | J15: =U$269 -> 0 | M15: =U$348 -> 0
A16: 551.21 | B16: Andere Honorare | E16: 1000 | F16: =W$111 -> 0 | H16: =W$190 -> 0 | J16: =W$269 -> 0 | M16: =W$348 -> 0
A17: 551.31 | B17: Ext. Reisekosten | E17: 500 | F17: =Y$111 -> 0 | H17: =Y$190 -> 0 | J17: =Y$269 -> 0 | M17: =Y$348 -> 0
A18: 551.41 | B18: Bewirtung und Repräsentation extern | E18: 300 | F18: =AA$111 -> 0 | H18: =AA$190 -> 0 | J18: =AA$269 -> 0 | M18: =AA$348 -> 0
A19: 551.51 | B19: Raum- und Unterkunftskosten Seminare und Veranst. | E19: 500 | F19: =AC$111 -> 0 | H19: =AC$190 -> 0 | J19: =AC$269 -> 0 | M19: =AC$348 -> 0
A20: 551.61 | B20: Verwaltungs- und Druckkosten Seminare | E20: 500 | F20: =AE$111 -> 0 | H20: =AE$190 -> 0 | J20: =AE$269 -> 0 | M20: =AE$348 -> 0
A21: 551.71 | B21: Sonstige Kosten (Lizenzen, Allg. Geschäftsbetrieb) | E21: 500 | F21: =AG$111 -> 0 | H21: =AG$190 -> 0 | J21: =AG$269 -> 0 | M21: =AG$348 -> 0
A22: 560.70 | B22: Rechtsangelegenheiten | E22: 300 | F22: =AI$111 -> 0 | H22: =AI$190 -> 0 | J22: =AI$269 -> 0 | M22: =AI$348 -> 0
D23: Gesamt: | E23: =SUBTOTAL(109,E10:E22) -> 24200 | F23: =SUBTOTAL(109,F10:F22) -> 9600 | G23: =SUBTOTAL(109,G10:G22) -> 9600 | H23: =SUBTOTAL(109,H10:H22) -> 9600 | I23: =SUBTOTAL(109,I10:I22) -> 9600 | J23: =SUBTOTAL(109,J10:J22) -> 9600 | K23: =SUBTOTAL(109,K10:K22) -> 0 | L23: =SUBTOTAL(109,L10:L22) -> 0 | ... O23: =SUBTOTAL(109,O10:O22) -> 0
D25: Bilanz: | E25: =E8-Tabelle1896675[[#Totals],[Freie Eingabe HHJ 24-25]] -> -19700 | F25: =F8-Tabelle1896675[[#Totals],[Rechnung HHJ 24-25]] -> -9600 | G25: =G8-Tabelle1896675[[#Totals],[Freie Eingabe NHH 23-24]] -> -9600 | H25: =H8-Tabelle1896675[[#Totals],[Rechnung NHH 23-24]] -> -9600 | I25: =I8-Tabelle1896675[[#Totals],[Freie Eingabe HHJ 23-24]] -> -9600 | J25: =J8-Tabelle1896675[[#Totals],[Rechnung HHJ 23-24]] -> -9600 | K25: =K8-Tabelle1896675[[#Totals],[IST HHJ 23-24]] -> 0 | L25: =L8-Tabelle1896675[[#Totals],[Freie Eingabe Plan HHJ 22-23]] -> 0 | M25: =M8-Tabelle1896675[[#Totals],[Rechnung HHJ 22-23]] -> -9600 | N25: =N8-Tabelle1896675[[#Totals],[Freie Eingabe Plan HHJ 21-22]] -> 0 | O25: =O8-Tabelle1896675[[#Totals],[IST HHJ 21-22]] -> 0
A30: Kalkulationen und Auswertungen
A32: Deckungsfähigkeiten: Die Ausgaben der Fachschaft sind untereineinander teilweise deckungsfähig. Einnahmen über Plan verstärken Gegentitel. Mittel aus den Konten 551.11 bis 551.51 dürfen nicht zur Deckung von anderen Konten verwendet werden: Keine Verschiebung vom Seminarbetrieb zum Verwaltungsbetrieb. | E32: Teilnahmebeiträge Seminare | F32: IST | G32: Teilnahmebeiträge Veranstaltungen | H32: IST | I32: Sonstige Einnahmen (Vorauszahlungen Bewirtung, Werbung, …) | J32: IST | K32: AE fest (800 € monatlich) | L32: IST | M32: AE variabel | N32: IST | O32: Fahrtkosten und Verpflegungspauschalen intern | P32: IST | Q32: Raum- und Unterkunftskosten intern | R32: IST | S32: Bewirtung und Repräsentation intern | T32: IST | U32: Honorare Fachseminare | V32: IST | W32: Andere Honorare | X32: IST | Y32: Ext. Reisekosten | Z32: IST | AA32: Bewirtung und Repräsentation extern | AB32: IST | AC32: Raum- und Unterkunftskosten extern | AD32: IST | AE32: Verwaltungs- und Druckkosten | AF32: IST | AG32: Sonstige Kosten (Lizenzen, Allg. Geschäftsbetrieb) | AH32: IST | AI32: Rechtsangelegenheiten | AK32: Bilanz SOLL | AL32: Bilanz IST
A34: SOLL und IST HHJ 24-25
D35: Haushaltstitel: | E35: 210.10 | F35: IST | G35: 220.10 | H35: IST | I35: 230.10 | J35: IST | K35: 413.10 | L35: IST | M35: 413.21 | N35: IST | O35: 527 41 | P35: IST | Q35: 529.41 | R35: IST | S35: 531.41 | T35: IST | U35: 551.11 | V35: IST | W35: 551.21 | X35: IST | Y35: 551.31 | Z35: IST | AA35: 551.41 | AB35: IST | AC35: 551.51 | AD35: IST | AE35: 551.61 | AF35: IST | AG35: 551.71 | AH35: IST | AI35: 560.70 | AJ35: IST | AK35: Bilanz SOLL | AL35: Bilanz IST
A36: Seminarplan | B36: Was? | C36: Datum/Ort | D36: Dozierende o. Beschreibung
B37: Basiskalkulationen: Anteilige Aufwandsentschädigungen Seminarkoordination: 1.200 € durch Anzahl der Seminare. Hier 50, ergibt gerundet 24 € AE pro Seminar. Es werden den Dozierenden je nach Qualifikation Honorare zwischen 40 und 50 € entsprechend dem Rahmenbeschluss des FSR WiWi ausbezahlt. Grundsätzlich wird sich hier am Rahmen der Entlohnung von Dozierenden an der FernUni bewegt. Anteilige Kosten Seminarportal wundercoach: 1.200 €/Jahr = 24/Seminar; Verwaltungskosten: 3 € pro Teilnehmer; Zoom: Anteilig ca. 140 €/Jahr = 2,80 €/Seminar
B38: 50 Online-Seminare entsprechend des Beschlusses des Fachschaftsrates WiWi | AK38: =SUM(E38,G38,I38)-SUM(K38,M38,O38,Q38,S38,U38,W38,Y38,AA38,AC38,AE38,AG38,AI38) -> 0 | AL38: =SUM(F38,H38,J38)-SUM(L38,N38,P38,R38,T38,V38,X38,Z38,AB38,AD38,AF38,AH38,AJ38) -> 0
B39: Wundercoach | AK39: =SUM(E39,G39,I39)-SUM(K39,M39,O39,Q39,S39,U39,W39,Y39,AA39,AC39,AE39,AG39,AI39) -> 0 | AL39: =SUM(F39,H39,J39)-SUM(L39,N39,P39,R39,T39,V39,X39,Z39,AB39,AD39,AF39,AH39,AJ39) -> 0
B40: Zoom-Lizenz | AK40: =SUM(E40,G40,I40)-SUM(K40,M40,O40,Q40,S40,U40,W40,Y40,AA40,AC40,AE40,AG40,AI40) -> 0 | AL40: =SUM(F40,H40,J40)-SUM(L40,N40,P40,R40,T40,V40,X40,Z40,AB40,AD40,AF40,AH40,AJ40) -> 0
AK41: =SUM(E41,G41,I41)-SUM(K41,M41,O41,Q41,S41,U41,W41,Y41,AA41,AC41,AE41,AG41,AI41) -> 0 | AL41: =SUM(F41,H41,J41)-SUM(L41,N41,P41,R41,T41,V41,X41,Z41,AB41,AD41,AF41,AH41,AJ41) -> 0
AK42: =SUM(E42,G42,I42)-SUM(K42,M42,O42,Q42,S42,U42,W42,Y42,AA42,AC42,AE42,AG42,AI42) -> 0 | AL42: =SUM(F42,H42,J42)-SUM(L42,N42,P42,R42,T42,V42,X42,Z42,AB42,AD42,AF42,AH42,AJ42) -> 0
B43: Freie Mittel | AK43: =SUM(E43,G43,I43)-SUM(K43,M43,O43,Q43,S43,U43,W43,Y43,AA43,AC43,AE43,AG43,AI43) -> 0 | AL43: =SUM(F43,H43,J43)-SUM(L43,N43,P43,R43,T43,V43,X43,Z43,AB43,AD43,AF43,AH43,AJ43) -> 0
AK44: =SUM(E44,G44,I44)-SUM(K44,M44,O44,Q44,S44,U44,W44,Y44,AA44,AC44,AE44,AG44,AI44) -> 0 | AL44: =SUM(F44,H44,J44)-SUM(L44,N44,P44,R44,T44,V44,X44,Z44,AB44,AD44,AF44,AH44,AJ44) -> 0
AK45: =SUM(E45,G45,I45)-SUM(K45,M45,O45,Q45,S45,U45,W45,Y45,AA45,AC45,AE45,AG45,AI45) -> 0 | AL45: =SUM(F45,H45,J45)-SUM(L45,N45,P45,R45,T45,V45,X45,Z45,AB45,AD45,AF45,AH45,AJ45) -> 0
AK46: =SUM(E46,G46,I46)-SUM(K46,M46,O46,Q46,S46,U46,W46,Y46,AA46,AC46,AE46,AG46,AI46) -> 0 | AL46: =SUM(F46,H46,J46)-SUM(L46,N46,P46,R46,T46,V46,X46,Z46,AB46,AD46,AF46,AH46,AJ46) -> 0
AK47: =SUM(E47,G47,I47)-SUM(K47,M47,O47,Q47,S47,U47,W47,Y47,AA47,AC47,AE47,AG47,AI47) -> 0 | AL47: =SUM(F47,H47,J47)-SUM(L47,N47,P47,R47,T47,V47,X47,Z47,AB47,AD47,AF47,AH47,AJ47) -> 0
AK48: =SUM(E48,G48,I48)-SUM(K48,M48,O48,Q48,S48,U48,W48,Y48,AA48,AC48,AE48,AG48,AI48) -> 0 | AL48: =SUM(F48,H48,J48)-SUM(L48,N48,P48,R48,T48,V48,X48,Z48,AB48,AD48,AF48,AH48,AJ48) -> 0
AK49: =SUM(E49,G49,I49)-SUM(K49,M49,O49,Q49,S49,U49,W49,Y49,AA49,AC49,AE49,AG49,AI49) -> 0 | AL49: =SUM(F49,H49,J49)-SUM(L49,N49,P49,R49,T49,V49,X49,Z49,AB49,AD49,AF49,AH49,AJ49) -> 0
AK50: =SUM(E50,G50,I50)-SUM(K50,M50,O50,Q50,S50,U50,W50,Y50,AA50,AC50,AE50,AG50,AI50) -> 0 | AL50: =SUM(F50,H50,J50)-SUM(L50,N50,P50,R50,T50,V50,X50,Z50,AB50,AD50,AF50,AH50,AJ50) -> 0
AK51: =SUM(E51,G51,I51)-SUM(K51,M51,O51,Q51,S51,U51,W51,Y51,AA51,AC51,AE51,AG51,AI51) -> 0 | AL51: =SUM(F51,H51,J51)-SUM(L51,N51,P51,R51,T51,V51,X51,Z51,AB51,AD51,AF51,AH51,AJ51) -> 0
AK52: =SUM(E52,G52,I52)-SUM(K52,M52,O52,Q52,S52,U52,W52,Y52,AA52,AC52,AE52,AG52,AI52) -> 0 | AL52: =SUM(F52,H52,J52)-SUM(L52,N52,P52,R52,T52,V52,X52,Z52,AB52,AD52,AF52,AH52,AJ52) -> 0
AK53: =SUM(E53,G53,I53)-SUM(K53,M53,O53,Q53,S53,U53,W53,Y53,AA53,AC53,AE53,AG53,AI53) -> 0 | AL53: =SUM(F53,H53,J53)-SUM(L53,N53,P53,R53,T53,V53,X53,Z53,AB53,AD53,AF53,AH53,AJ53) -> 0
AK54: =SUM(E54,G54,I54)-SUM(K54,M54,O54,Q54,S54,U54,W54,Y54,AA54,AC54,AE54,AG54,AI54) -> 0 | AL54: =SUM(F54,H54,J54)-SUM(L54,N54,P54,R54,T54,V54,X54,Z54,AB54,AD54,AF54,AH54,AJ54) -> 0
AK55: =SUM(E55,G55,I55)-SUM(K55,M55,O55,Q55,S55,U55,W55,Y55,AA55,AC55,AE55,AG55,AI55) -> 0 | AL55: =SUM(F55,H55,J55)-SUM(L55,N55,P55,R55,T55,V55,X55,Z55,AB55,AD55,AF55,AH55,AJ55) -> 0
... AK87: =SUM(E87,G87,I87)-SUM(K87,M87,O87,Q87,S87,U87,W87,Y87,AA87,AC87,AE87,AG87,AI87) -> 0 | AL87: =SUM(F87,H87,J87)-SUM(L87,N87,P87,R87,T87,V87,X87,Z87,AB87,AD87,AF87,AH87,AJ87) -> 0
B90: Ergebnis | E90: =SUBTOTAL(9,E38:E89) -> 0 | F90: =SUBTOTAL(9,F38:F89) -> 0 | G90: =SUBTOTAL(9,G38:G89) -> 0 | H90: =SUBTOTAL(9,H38:H89) -> 0 | I90: =SUBTOTAL(9,I38:I89) -> 0 | J90: =SUBTOTAL(9,J38:J89) -> 0 | K90: =SUBTOTAL(9,K38:K89) -> 0 | L90: =SUBTOTAL(9,L38:L89) -> 0 | ... V90: =SUBTOTAL(9,V38:V89) -> 0 | X90: =SUBTOTAL(9,X38:X89) -> 0 | Y90: =SUBTOTAL(9,Y38:Y89) -> 0 | Z90: =SUBTOTAL(9,Z38:Z89) -> 0 | AA90: =SUBTOTAL(9,AA38:AA89) -> 0 | AB90: =SUBTOTAL(9,AB38:AB89) -> 0 | AC90: =SUBTOTAL(9,AC38:AC89) -> 0 | AD90: =SUBTOTAL(9,AD38:AD89) -> 0 | AE90: =SUBTOTAL(9,AE38:AE89) -> 0 | ... AJ90: =SUBTOTAL(9,AJ38:AJ89) -> 0 | AK90: =SUBTOTAL(9,AK36:AK89) -> 0 | AL90: =SUBTOTAL(9,AL38:AL89) -> 0
A91: Maßnahmenplan | AK91: =SUM(E91,G91,I91)-SUM(K91,M91,O91,Q91,S91,U91,W91,Y91,AA91,AC91,AE91,AG91,AI91) -> 0 | AL91: =SUM(F91,H91,J91)-SUM(L91,N91,P91,R91,T91,V91,X91,Z91,AB91,AD91,AF91,AH91,AJ91) -> 0
AK92: =SUM(E92,G92,I92)-SUM(K92,M92,O92,Q92,S92,U92,W92,Y92,AA92,AC92,AE92,AG92,AI92) -> 0 | AL92: =SUM(F92,H92,J92)-SUM(L92,N92,P92,R92,T92,V92,X92,Z92,AB92,AD92,AF92,AH92,AJ92) -> 0
AK93: =SUM(E93,G93,I93)-SUM(K93,M93,O93,Q93,S93,U93,W93,Y93,AA93,AC93,AE93,AG93,AI93) -> 0 | AL93: =SUM(F93,H93,J93)-SUM(L93,N93,P93,R93,T93,V93,X93,Z93,AB93,AD93,AF93,AH93,AJ93) -> 0
AK94: =SUM(E94,G94,I94)-SUM(K94,M94,O94,Q94,S94,U94,W94,Y94,AA94,AC94,AE94,AG94,AI94) -> 0 | AL94: =SUM(F94,H94,J94)-SUM(L94,N94,P94,R94,T94,V94,X94,Z94,AB94,AD94,AF94,AH94,AJ94) -> 0
AK95: =SUM(E95,G95,I95)-SUM(K95,M95,O95,Q95,S95,U95,W95,Y95,AA95,AC95,AE95,AG95,AI95) -> 0 | AL95: =SUM(F95,H95,J95)-SUM(L95,N95,P95,R95,T95,V95,X95,Z95,AB95,AD95,AF95,AH95,AJ95) -> 0
AK96: =SUM(E96,G96,I96)-SUM(K96,M96,O96,Q96,S96,U96,W96,Y96,AA96,AC96,AE96,AG96,AI96) -> 0 | AL96: =SUM(F96,H96,J96)-SUM(L96,N96,P96,R96,T96,V96,X96,Z96,AB96,AD96,AF96,AH96,AJ96) -> 0
AK97: =SUM(E97,G97,I97)-SUM(K97,M97,O97,Q97,S97,U97,W97,Y97,AA97,AC97,AE97,AG97,AI97) -> 0 | AL97: =SUM(F97,H97,J97)-SUM(L97,N97,P97,R97,T97,V97,X97,Z97,AB97,AD97,AF97,AH97,AJ97) -> 0
AK98: =SUM(E98,G98,I98)-SUM(K98,M98,O98,Q98,S98,U98,W98,Y98,AA98,AC98,AE98,AG98,AI98) -> 0 | AL98: =SUM(F98,H98,J98)-SUM(L98,N98,P98,R98,T98,V98,X98,Z98,AB98,AD98,AF98,AH98,AJ98) -> 0
AK99: =SUM(E99,G99,I99)-SUM(K99,M99,O99,Q99,S99,U99,W99,Y99,AA99,AC99,AE99,AG99,AI99) -> 0 | AL99: =SUM(F99,H99,J99)-SUM(L99,N99,P99,R99,T99,V99,X99,Z99,AB99,AD99,AF99,AH99,AJ99) -> 0
AK100: =SUM(E100,G100,I100)-SUM(K100,M100,O100,Q100,S100,U100,W100,Y100,AA100,AC100,AE100,AG100,AI100) -> 0 | AL100: =SUM(F100,H100,J100)-SUM(L100,N100,P100,R100,T100,V100,X100,Z100,AB100,AD100,AF100,AH100,AJ100) -> 0
B101: Ergebnis | E101: =SUBTOTAL(9,E91:E100) -> 0 | F101: =SUBTOTAL(9,F91:F100) -> 0 | G101: =SUBTOTAL(9,G91:G100) -> 0 | H101: =SUBTOTAL(9,H91:H100) -> 0 | I101: =SUBTOTAL(9,I91:I100) -> 0 | J101: =SUBTOTAL(9,J91:J100) -> 0 | K101: =SUBTOTAL(9,K91:K100) -> 0 | L101: =SUBTOTAL(9,L91:L100) -> 0 | ... AL101: =SUBTOTAL(9,AL91:AL100) -> 0
A102: Sitzungsplan | AK102: =SUM(E102,G102,I102)-SUM(K102,M102,O102,Q102,S102,U102,W102,Y102,AA102,AC102,AE102,AG102,AI102) -> 0 | AL102: =SUM(F102,H102,J102)-SUM(L102,N102,P102,R102,T102,V102,X102,Z102,AB102,AD102,AF102,AH102,AJ102) -> 0
AK103: =SUM(E103,G103,I103)-SUM(K103,M103,O103,Q103,S103,U103,W103,Y103,AA103,AC103,AE103,AG103,AI103) -> 0 | AL103: =SUM(F103,H103,J103)-SUM(L103,N103,P103,R103,T103,V103,X103,Z103,AB103,AD103,AF103,AH103,AJ103) -> 0
AK104: =SUM(E104,G104,I104)-SUM(K104,M104,O104,Q104,S104,U104,W104,Y104,AA104,AC104,AE104,AG104,AI104) -> 0 | AL104: =SUM(F104,H104,J104)-SUM(L104,N104,P104,R104,T104,V104,X104,Z104,AB104,AD104,AF104,AH104,AJ104) -> 0
AK105: =SUM(E105,G105,I105)-SUM(K105,M105,O105,Q105,S105,U105,W105,Y105,AA105,AC105,AE105,AG105,AI105) -> 0 | AL105: =SUM(F105,H105,J105)-SUM(L105,N105,P105,R105,T105,V105,X105,Z105,AB105,AD105,AF105,AH105,AJ105) -> 0
AK106: =SUM(E106,G106,I106)-SUM(K106,M106,O106,Q106,S106,U106,W106,Y106,AA106,AC106,AE106,AG106,AI106) -> 0 | AL106: =SUM(F106,H106,J106)-SUM(L106,N106,P106,R106,T106,V106,X106,Z106,AB106,AD106,AF106,AH106,AJ106) -> 0
AK107: =SUM(E107,G107,I107)-SUM(K107,M107,O107,Q107,S107,U107,W107,Y107,AA107,AC107,AE107,AG107,AI107) -> 0 | AL107: =SUM(F107,H107,J107)-SUM(L107,N107,P107,R107,T107,V107,X107,Z107,AB107,AD107,AF107,AH107,AJ107) -> 0
AK108: =SUM(E108,G108,I108)-SUM(K108,M108,O108,Q108,S108,U108,W108,Y108,AA108,AC108,AE108,AG108,AI108) -> 0 | AL108: =SUM(F108,H108,J108)-SUM(L108,N108,P108,R108,T108,V108,X108,Z108,AB108,AD108,AF108,AH108,AJ108) -> 0
AK109: =SUM(E109,G109,I109)-SUM(K109,M109,O109,Q109,S109,U109,W109,Y109,AA109,AC109,AE109,AG109,AI109) -> 0 | AL109: =SUM(F109,H109,J109)-SUM(L109,N109,P109,R109,T109,V109,X109,Z109,AB109,AD109,AF109,AH109,AJ109) -> 0
B110: Ergebnis | E110: =SUBTOTAL(9,E102:E109) -> 0 | F110: =SUBTOTAL(9,F102:F109) -> 0 | G110: =SUBTOTAL(9,G102:G109) -> 0 | H110: =SUBTOTAL(9,H102:H109) -> 0 | I110: =SUBTOTAL(9,I102:I109) -> 0 | J110: =SUBTOTAL(9,J102:J109) -> 0 | K110: =SUBTOTAL(9,K102:K109) -> 0 | L110: =SUBTOTAL(9,L102:L109) -> 0 | ... AI110: =SUBTOTAL(9,AI102:AI109) -> 0 | AK110: =SUBTOTAL(9,AK102:AK109) -> 0 | AL110: =SUBTOTAL(9,AL102:AL109) -> 0
E111: =SUM(E110,E101,E90) -> 0 | G111: =SUM(G110,G101,G90) -> 0 | I111: =SUM(I110,I101,I90) -> 0 | K111: 9600 | M111: =SUM(M110,M101,M90) -> 0 | O111: =SUM(O110,O101,O90) -> 0 | Q111: =SUM(Q110,Q101,Q90) -> 0 | S111: =SUM(S110,S101,S90) -> 0 | U111: =SUM(U110,U101,U90) -> 0 | W111: =SUM(W110,W101,W90) -> 0 | Y111: =SUM(Y110,Y101,Y90) -> 0 | AA111: =SUM(AA110,AA101,AA90) -> 0 | AC111: =SUM(AC110,AC101,AC90) -> 0 | AE111: =SUM(AE110,AE101,AE90) -> 0 | AG111: =SUM(AG110,AG101,AG90) -> 0 | AI111: =SUM(AI110,AI101,AI90) -> 0 | AL111: =SUM(K111:AI111)-SUM(E111:I111) -> 9600
A113: Nachtrag SOLL und IST HHJ 23-24
D114: Haushaltstitel: | E114: 210.10 | F114: IST | G114: 220.10 | H114: IST | I114: 230.10 | J114: IST | K114: 413.10 | L114: IST | M114: 413.21 | N114: IST | O114: 527 41 | P114: IST | Q114: 529.41 | R114: IST | S114: 531.41 | T114: IST | U114: 551.11 | V114: IST | W114: 551.21 | X114: IST | Y114: 551.31 | Z114: IST | AA114: 551.41 | AB114: IST | AC114: 551.51 | AD114: IST | AE114: 551.61 | AF114: IST | AG114: 551.71 | AH114: IST | AI114: 560.70 | AJ114: IST | AK114: Bilanz SOLL | AL114: Bilanz IST
A115: Seminarplan | B115: Was? | C115: Datum: | D115: Dozierende o. Beschreibung
AD117: 0 | AK117: =SUM(E117,G117,I117)-SUM(K117,M117,O117,Q117,S117,U117,W117,Y117,AA117,AC117,AE117,AG117,AI117) -> 0 | AL117: =SUM(F117,H117,J117)-SUM(L117,N117,P117,R117,T117,V117,X117,Z117,AB117,AD117,AF117,AH117,AJ117) -> 0
AD118: 0 | AK118: =SUM(E118,G118,I118)-SUM(K118,M118,O118,Q118,S118,U118,W118,Y118,AA118,AC118,AE118,AG118,AI118) -> 0 | AL118: =SUM(F118,H118,J118)-SUM(L118,N118,P118,R118,T118,V118,X118,Z118,AB118,AD118,AF118,AH118,AJ118) -> 0
AK119: =SUM(E119,G119,I119)-SUM(K119,M119,O119,Q119,S119,U119,W119,Y119,AA119,AC119,AE119,AG119,AI119) -> 0 | AL119: =SUM(F119,H119,J119)-SUM(L119,N119,P119,R119,T119,V119,X119,Z119,AB119,AD119,AF119,AH119,AJ119) -> 0
AK120: =SUM(E120,G120,I120)-SUM(K120,M120,O120,Q120,S120,U120,W120,Y120,AA120,AC120,AE120,AG120,AI120) -> 0 | AL120: =SUM(F120,H120,J120)-SUM(L120,N120,P120,R120,T120,V120,X120,Z120,AB120,AD120,AF120,AH120,AJ120) -> 0
AK121: =SUM(E121,G121,I121)-SUM(K121,M121,O121,Q121,S121,U121,W121,Y121,AA121,AC121,AE121,AG121,AI121) -> 0 | AL121: =SUM(F121,H121,J121)-SUM(L121,N121,P121,R121,T121,V121,X121,Z121,AB121,AD121,AF121,AH121,AJ121) -> 0
AK122: =SUM(E122,G122,I122)-SUM(K122,M122,O122,Q122,S122,U122,W122,Y122,AA122,AC122,AE122,AG122,AI122) -> 0 | AL122: =SUM(F122,H122,J122)-SUM(L122,N122,P122,R122,T122,V122,X122,Z122,AB122,AD122,AF122,AH122,AJ122) -> 0
AK123: =SUM(E123,G123,I123)-SUM(K123,M123,O123,Q123,S123,U123,W123,Y123,AA123,AC123,AE123,AG123,AI123) -> 0 | AL123: =SUM(F123,H123,J123)-SUM(L123,N123,P123,R123,T123,V123,X123,Z123,AB123,AD123,AF123,AH123,AJ123) -> 0
AK124: =SUM(E124,G124,I124)-SUM(K124,M124,O124,Q124,S124,U124,W124,Y124,AA124,AC124,AE124,AG124,AI124) -> 0 | AL124: =SUM(F124,H124,J124)-SUM(L124,N124,P124,R124,T124,V124,X124,Z124,AB124,AD124,AF124,AH124,AJ124) -> 0
AK125: =SUM(E125,G125,I125)-SUM(K125,M125,O125,Q125,S125,U125,W125,Y125,AA125,AC125,AE125,AG125,AI125) -> 0 | AL125: =SUM(F125,H125,J125)-SUM(L125,N125,P125,R125,T125,V125,X125,Z125,AB125,AD125,AF125,AH125,AJ125) -> 0
AK126: =SUM(E126,G126,I126)-SUM(K126,M126,O126,Q126,S126,U126,W126,Y126,AA126,AC126,AE126,AG126,AI126) -> 0 | AL126: =SUM(F126,H126,J126)-SUM(L126,N126,P126,R126,T126,V126,X126,Z126,AB126,AD126,AF126,AH126,AJ126) -> 0
AK127: =SUM(E127,G127,I127)-SUM(K127,M127,O127,Q127,S127,U127,W127,Y127,AA127,AC127,AE127,AG127,AI127) -> 0 | AL127: =SUM(F127,H127,J127)-SUM(L127,N127,P127,R127,T127,V127,X127,Z127,AB127,AD127,AF127,AH127,AJ127) -> 0
AK128: =SUM(E128,G128,I128)-SUM(K128,M128,O128,Q128,S128,U128,W128,Y128,AA128,AC128,AE128,AG128,AI128) -> 0 | AL128: =SUM(F128,H128,J128)-SUM(L128,N128,P128,R128,T128,V128,X128,Z128,AB128,AD128,AF128,AH128,AJ128) -> 0
AK129: =SUM(E129,G129,I129)-SUM(K129,M129,O129,Q129,S129,U129,W129,Y129,AA129,AC129,AE129,AG129,AI129) -> 0 | AL129: =SUM(F129,H129,J129)-SUM(L129,N129,P129,R129,T129,V129,X129,Z129,AB129,AD129,AF129,AH129,AJ129) -> 0
AK130: =SUM(E130,G130,I130)-SUM(K130,M130,O130,Q130,S130,U130,W130,Y130,AA130,AC130,AE130,AG130,AI130) -> 0 | AL130: =SUM(F130,H130,J130)-SUM(L130,N130,P130,R130,T130,V130,X130,Z130,AB130,AD130,AF130,AH130,AJ130) -> 0
... AK166: =SUM(E166,G166,I166)-SUM(K166,M166,O166,Q166,S166,U166,W166,Y166,AA166,AC166,AE166,AG166,AI166) -> 0 | AL166: =SUM(F166,H166,J166)-SUM(L166,N166,P166,R166,T166,V166,X166,Z166,AB166,AD166,AF166,AH166,AJ166) -> 0
B169: Ergebnis | E169: =SUBTOTAL(9,E117:E168) -> 0 | F169: =SUBTOTAL(9,F117:F168) -> 0 | G169: =SUBTOTAL(9,G117:G168) -> 0 | H169: =SUBTOTAL(9,H117:H168) -> 0 | I169: =SUBTOTAL(9,I117:I168) -> 0 | J169: =SUBTOTAL(9,J117:J168) -> 0 | K169: =SUBTOTAL(9,K117:K168) -> 0 | L169: =SUBTOTAL(9,L117:L168) -> 0 | ... AL169: =SUBTOTAL(9,AL117:AL168) -> 0
A170: Maßnahmenplan
B180: Ergebnis | E180: =SUBTOTAL(9,E171:E173) -> 0 | G180: =SUBTOTAL(9,G171:G173) -> 0 | I180: =SUBTOTAL(9,I171:I173) -> 0 | K180: =SUBTOTAL(9,K171:K173) -> 0 | M180: =SUBTOTAL(9,M171:M173) -> 0 | O180: =SUBTOTAL(9,O171:O173) -> 0 | Q180: =SUBTOTAL(9,Q171:Q173) -> 0 | S180: =SUBTOTAL(9,S171:S173) -> 0 | U180: =SUBTOTAL(9,U171:U173) -> 0 | W180: =SUBTOTAL(9,W171:W173) -> 0 | Y180: =SUBTOTAL(9,Y171:Y173) -> 0 | AA180: =SUBTOTAL(9,AA171:AA173) -> 0 | AC180: =SUBTOTAL(9,AC171:AC173) -> 0 | AE180: =SUBTOTAL(9,AE171:AE173) -> 0 | AG180: =SUBTOTAL(9,AG171:AG173) -> 0 | AI180: =SUBTOTAL(9,AI171:AI173) -> 0
A181: Sitzungsplan
B189: Ergebnis | E189: =SUBTOTAL(9,E181:E183) -> 0 | G189: =SUBTOTAL(9,G181:G183) -> 0 | I189: =SUBTOTAL(9,I181:I183) -> 0 | K189: =SUBTOTAL(9,K181:K183) -> 0 | M189: =SUBTOTAL(9,M181:M183) -> 0 | O189: =SUBTOTAL(9,O181:O183) -> 0 | Q189: =SUBTOTAL(9,Q181:Q183) -> 0 | S189: =SUBTOTAL(9,S181:S183) -> 0 | U189: =SUBTOTAL(9,U181:U183) -> 0 | W189: =SUBTOTAL(9,W181:W183) -> 0 | Y189: =SUBTOTAL(9,Y181:Y183) -> 0 | AA189: =SUBTOTAL(9,AA181:AA183) -> 0 | AC189: =SUBTOTAL(9,AC181:AC183) -> 0 | AE189: =SUBTOTAL(9,AE181:AE183) -> 0 | AG189: =SUBTOTAL(9,AG181:AG183) -> 0 | AI189: =SUBTOTAL(9,AI181:AI183) -> 0
E190: =SUM(E189,E180,E169) -> 0 | G190: =SUM(G189,G180,G169) -> 0 | I190: =SUM(I189,I180,I169) -> 0 | K190: 9600 | M190: =SUM(M189,M180,M169) -> 0 | O190: =SUM(O189,O180,O169) -> 0 | Q190: =SUM(Q189,Q180,Q169) -> 0 | S190: =SUM(S189,S180,S169) -> 0 | U190: =SUM(U189,U180,U169) -> 0 | W190: =SUM(W189,W180,W169) -> 0 | Y190: =SUM(Y189,Y180,Y169) -> 0 | AA190: =SUM(AA189,AA180,AA169) -> 0 | AC190: =SUM(AC189,AC180,AC169) -> 0 | AE190: =SUM(AE189,AE180,AE169) -> 0 | AG190: =SUM(AG189,AG180,AG169) -> 0 | AI190: =SUM(AI189,AI180,AI169) -> 0 | AL190: =SUM(K190:AI190)-SUM(E190:I190) -> 9600
A192: SOLL und IST HHJ 23-24
D193: Haushaltstitel: | E193: 210.10 | F193: IST | G193: 220.10 | H193: IST | I193: 230.10 | J193: IST | K193: 413.10 | L193: IST | M193: 413.21 | N193: IST | O193: 527 41 | P193: IST | Q193: 529.41 | R193: IST | S193: 531.41 | T193: IST | U193: 551.11 | V193: IST | W193: 551.21 | X193: IST | Y193: 551.31 | Z193: IST | AA193: 551.41 | AB193: IST | AC193: 551.51 | AD193: IST | AE193: 551.61 | AF193: IST | AG193: 551.71 | AH193: IST | AI193: 560.70 | AJ193: IST | AK193: Bilanz SOLL | AL193: Bilanz IST
A194: Seminarplan | B194: Was? | C194: Datum: | D194: Dozierende o. Beschreibung
AK196: =SUM(E196,G196,I196)-SUM(K196,M196,O196,Q196,S196,U196,W196,Y196,AA196,AC196,AE196,AG196,AI196) -> 0 | AL196: =SUM(F196,H196,J196)-SUM(L196,N196,P196,R196,T196,V196,X196,Z196,AB196,AD196,AF196,AH196,AJ196) -> 0
AK197: =SUM(E197,G197,I197)-SUM(K197,M197,O197,Q197,S197,U197,W197,Y197,AA197,AC197,AE197,AG197,AI197) -> 0 | AL197: =SUM(F197,H197,J197)-SUM(L197,N197,P197,R197,T197,V197,X197,Z197,AB197,AD197,AF197,AH197,AJ197) -> 0
...

Sheet ReWi neu
A1: Haushalt der Fachschaft Rechtswissenschaft
G2: Kein Nachtragshaushalt
A3: Titel | B3: Kontenbezeichnung | C3: - | D3: Erläuterung | E3: Freie Eingabe HHJ 24-25 | F3: Rechnung HHJ 24-25 | G3: Freie Eingabe NHH 23-24 | H3: Rechnung NHH 23-24 | I3: Freie Eingabe HHJ 23-24 | J3: Rechnung HHJ 23-24 | K3: IST HHJ 23-24 | L3: Freie Eingabe Plan HHJ 22-23 | M3: Rechnung HHJ 22-23 | N3: Freie Eingabe Plan HHJ 21-22 | O3: IST HHJ 21-22 | P3: Abschluss 20-21 | Q3: Plan HHJ 20-21
A4: Einnahmen
A5: 210.10 | B5: Teilnahmebeiträge Seminare | E5: 25000 | F5: =E$111 -> 0 | H5: =E190 -> 0 | J5: =E269 -> 0 | M5: =E$348 -> 0
A6: 220.10 | B6: Teilnahmebeiträge Veranstaltungen | F6: =G$111 -> 0 | H6: =G190 -> 0 | J6: =G269 -> 0 | M6: =G$348 -> 0
A7: 230.10 | B7: Sonstige Einnahmen (Vorauszahlungen Bewirtung, Werbung, …) | F7: =I$111 -> 0 | H7: =I190 -> 0 | J7: =I269 -> 0 | M7: =I$348 -> 0
D8: Gesamt: | E8: =SUBTOTAL(9,E5:E7) -> 25000 | F8: =SUBTOTAL(9,F5:F7) -> 0 | G8: =SUBTOTAL(9,G5:G7) -> 0 | H8: =SUBTOTAL(9,H5:H7) -> 0 | I8: =SUBTOTAL(9,I5:I7) -> 0 | J8: =SUBTOTAL(9,J5:J7) -> 0 | K8: =SUBTOTAL(9,K5:K7) -> 0 | L8: =SUBTOTAL(9,L5:L7) -> 0 | ... O8: =SUBTOTAL(9,O5:O7) -> 0
A9: Ausgaben
A10: 413.10 | B10: AE fest (800 € monatlich) | E10: 9600 | F10: 9600 | G10: 9600 | H10: 9600 | I10: 9600 | J10: =800*12 -> 9600 | M10: =800*12 -> 9600
A11: 413.21 | B11: AE variabel | E11: 4400 | F11: =M$111 -> 0 | H11: =M$190 -> 0 | J11: =M$269 -> 0 | M11: =M$348 -> 0
A12: 527 41 | B12: Fahrtkosten und Verpflegungspauschalen | E12: 6000 | F12: =O$111 -> 0 | H12: =O$190 -> 0 | J12: =O$269 -> 0 | M12: =O$348 -> 0
A13: 529.41 | B13: Raum- und Unterkunftskosten | E13: 2500 | F13: =Q$111 -> 0 | H13: =Q$190 -> 0 | J13: =Q$269 -> 0 | M13: =Q$348 -> 0
A14: 531.41 | B14: Bewirtung und Repräsentation intern | E14: 500 | F14: =S$111 -> 0 | H14: =S$190 -> 0 | J14: =S$269 -> 0 | M14: =S$348 -> 0
A15: 551.11 | B15: Honorare Fachseminare | E15: 25000 | F15: =U$111 -> 0 | H15: =U$190 -> 0 | J15: =U$269 -> 0 | M15: =U$348 -> 0
A16: 551.21 | B16: Andere Honorare | E16: 3000 | F16: =W$111 -> 0 | H16: =W$190 -> 0 | J16: =W$269 -> 0 | M16: =W$348 -> 0
A17: 551.31 | B17: Ext. Reisekosten | E17: 1000 | F17: =Y$111 -> 0 | H17: =Y$190 -> 0 | J17: =Y$269 -> 0 | M17: =Y$348 -> 0
A18: 551.41 | B18: Bewirtung und Repräsentation extern | E18: 300 | F18: =AA$111 -> 0 | H18: =AA$190 -> 0 | J18: =AA$269 -> 0 | M18: =AA$348 -> 0
A19: 551.51 | B19: Raum- und Unterkunftskosten Seminare und Veranst. | E19: 500 | F19: =AC$111 -> 0 | H19: =AC$190 -> 0 | J19: =AC$269 -> 0 | M19: =AC$348 -> 0
A20: 551.61 | B20: Verwaltungs- und Druckkosten Seminare | E20: 500 | F20: =AE$111 -> 0 | H20: =AE$190 -> 0 | J20: =AE$269 -> 0 | M20: =AE$348 -> 0
A21: 551.71 | B21: Sonstige Kosten (Lizenzen, Allg. Geschäftsbetrieb) | E21: 500 | F21: =AG$111 -> 0 | H21: =AG$190 -> 0 | J21: =AG$269 -> 0 | M21: =AG$348 -> 0
A22: 560.70 | B22: Rechtsangelegenheiten | E22: 300 | F22: =AI$111 -> 0 | H22: =AI$190 -> 0 | J22: =AI$269 -> 0 | M22: =AI$348 -> 0
D23: Gesamt: | E23: =SUBTOTAL(109,E10:E22) -> 54100 | F23: =SUBTOTAL(109,F10:F22) -> 9600 | G23: =SUBTOTAL(109,G10:G22) -> 9600 | H23: =SUBTOTAL(109,H10:H22) -> 9600 | I23: =SUBTOTAL(109,I10:I22) -> 9600 | J23: =SUBTOTAL(109,J10:J22) -> 9600 | K23: =SUBTOTAL(109,K10:K22) -> 0 | L23: =SUBTOTAL(109,L10:L22) -> 0 | ... O23: =SUBTOTAL(109,O10:O22) -> 0
D25: Bilanz: | E25: =E8-Tabelle189667576[[#Totals],[Freie Eingabe HHJ 24-25]] -> -29100 | F25: =F8-Tabelle189667576[[#Totals],[Rechnung HHJ 24-25]] -> -9600 | G25: =G8-Tabelle189667576[[#Totals],[Freie Eingabe NHH 23-24]] -> -9600 | H25: =H8-Tabelle189667576[[#Totals],[Rechnung NHH 23-24]] -> -9600 | I25: =I8-Tabelle189667576[[#Totals],[Freie Eingabe HHJ 23-24]] -> -9600 | J25: =J8-Tabelle189667576[[#Totals],[Rechnung HHJ 23-24]] -> -9600 | K25: =K8-Tabelle189667576[[#Totals],[IST HHJ 23-24]] -> 0 | L25: =L8-Tabelle189667576[[#Totals],[Freie Eingabe Plan HHJ 22-23]] -> 0 | M25: =M8-Tabelle189667576[[#Totals],[Rechnung HHJ 22-23]] -> -9600 | N25: =N8-Tabelle189667576[[#Totals],[Freie Eingabe Plan HHJ 21-22]] -> 0 | O25: =O8-Tabelle189667576[[#Totals],[IST HHJ 21-22]] -> 0
A30: Kalkulationen und Auswertungen
A32: Deckungsfähigkeiten: Die Ausgaben der Fachschaft sind untereineinander teilweise deckungsfähig. Einnahmen über Plan verstärken Gegentitel. Mittel aus den Konten 551.11 bis 551.51 dürfen nicht zur Deckung von anderen Konten verwendet werden: Keine Verschiebung vom Seminarbetrieb zum Verwaltungsbetrieb. | E32: Teilnahmebeiträge Seminare | F32: IST | G32: Teilnahmebeiträge Veranstaltungen | H32: IST | I32: Sonstige Einnahmen (Vorauszahlungen Bewirtung, Werbung, …) | J32: IST | K32: AE fest (800 € monatlich) | L32: IST | M32: AE variabel | N32: IST | O32: Fahrtkosten und Verpflegungspauschalen intern | P32: IST | Q32: Raum- und Unterkunftskosten intern | R32: IST | S32: Bewirtung und Repräsentation intern | T32: IST | U32: Honorare Fachseminare | V32: IST | W32: Andere Honorare | X32: IST | Y32: Ext. Reisekosten | Z32: IST | AA32: Bewirtung und Repräsentation extern | AB32: IST | AC32: Raum- und Unterkunftskosten extern | AD32: IST | AE32: Verwaltungs- und Druckkosten | AF32: IST | AG32: Sonstige Kosten (Lizenzen, Allg. Geschäftsbetrieb) | AH32: IST | AI32: Rechtsangelegenheiten | AK32: Bilanz SOLL | AL32: Bilanz IST
A34: SOLL und IST HHJ 24-25
D35: Haushaltstitel: | E35: 210.10 | F35: IST | G35: 220.10 | H35: IST | I35: 230.10 | J35: IST | K35: 413.10 | L35: IST | M35: 413.21 | N35: IST | O35: 527 41 | P35: IST | Q35: 529.41 | R35: IST | S35: 531.41 | T35: IST | U35: 551.11 | V35: IST | W35: 551.21 | X35: IST | Y35: 551.31 | Z35: IST | AA35: 551.41 | AB35: IST | AC35: 551.51 | AD35: IST | AE35: 551.61 | AF35: IST | AG35: 551.71 | AH35: IST | AI35: 560.70 | AJ35: IST | AK35: Bilanz SOLL | AL35: Bilanz IST
A36: Seminarplan | B36: Was? | C36: Datum/Ort | D36: Dozierende o. Beschreibung
B37: Basiskalkulationen: Anteilige Aufwandsentschädigungen Seminarkoordination: 1.200 € durch Anzahl der Seminare. Hier 50, ergibt gerundet 24 € AE pro Seminar. Es werden den Dozierenden je nach Qualifikation Honorare zwischen 40 und 50 € entsprechend dem Rahmenbeschluss des FSR WiWi ausbezahlt. Grundsätzlich wird sich hier am Rahmen der Entlohnung von Dozierenden an der FernUni bewegt. Anteilige Kosten Seminarportal wundercoach: 1.200 €/Jahr = 24/Seminar; Verwaltungskosten: 3 € pro Teilnehmer; Zoom: Anteilig ca. 140 €/Jahr = 2,80 €/Seminar
B38: 50 Online-Seminare entsprechend des Beschlusses des Fachschaftsrates WiWi | AK38: =SUM(E38,G38,I38)-SUM(K38,M38,O38,Q38,S38,U38,W38,Y38,AA38,AC38,AE38,AG38,AI38) -> 0 | AL38: =SUM(F38,H38,J38)-SUM(L38,N38,P38,R38,T38,V38,X38,Z38,AB38,AD38,AF38,AH38,AJ38) -> 0
B39: Wundercoach | AK39: =SUM(E39,G39,I39)-SUM(K39,M39,O39,Q39,S39,U39,W39,Y39,AA39,AC39,AE39,AG39,AI39) -> 0 | AL39: =SUM(F39,H39,J39)-SUM(L39,N39,P39,R39,T39,V39,X39,Z39,AB39,AD39,AF39,AH39,AJ39) -> 0
B40: Zoom-Lizenz | AK40: =SUM(E40,G40,I40)-SUM(K40,M40,O40,Q40,S40,U40,W40,Y40,AA40,AC40,AE40,AG40,AI40) -> 0 | AL40: =SUM(F40,H40,J40)-SUM(L40,N40,P40,R40,T40,V40,X40,Z40,AB40,AD40,AF40,AH40,AJ40) -> 0
AK41: =SUM(E41,G41,I41)-SUM(K41,M41,O41,Q41,S41,U41,W41,Y41,AA41,AC41,AE41,AG41,AI41) -> 0 | AL41: =SUM(F41,H41,J41)-SUM(L41,N41,P41,R41,T41,V41,X41,Z41,AB41,AD41,AF41,AH41,AJ41) -> 0
AK42: =SUM(E42,G42,I42)-SUM(K42,M42,O42,Q42,S42,U42,W42,Y42,AA42,AC42,AE42,AG42,AI42) -> 0 | AL42: =SUM(F42,H42,J42)-SUM(L42,N42,P42,R42,T42,V42,X42,Z42,AB42,AD42,AF42,AH42,AJ42) -> 0
B43: Freie Mittel | AK43: =SUM(E43,G43,I43)-SUM(K43,M43,O43,Q43,S43,U43,W43,Y43,AA43,AC43,AE43,AG43,AI43) -> 0 | AL43: =SUM(F43,H43,J43)-SUM(L43,N43,P43,R43,T43,V43,X43,Z43,AB43,AD43,AF43,AH43,AJ43) -> 0
AK44: =SUM(E44,G44,I44)-SUM(K44,M44,O44,Q44,S44,U44,W44,Y44,AA44,AC44,AE44,AG44,AI44) -> 0 | AL44: =SUM(F44,H44,J44)-SUM(L44,N44,P44,R44,T44,V44,X44,Z44,AB44,AD44,AF44,AH44,AJ44) -> 0
AK45: =SUM(E45,G45,I45)-SUM(K45,M45,O45,Q45,S45,U45,W45,Y45,AA45,AC45,AE45,AG45,AI45) -> 0 | AL45: =SUM(F45,H45,J45)-SUM(L45,N45,P45,R45,T45,V45,X45,Z45,AB45,AD45,AF45,AH45,AJ45) -> 0
AK46: =SUM(E46,G46,I46)-SUM(K46,M46,O46,Q46,S46,U46,W46,Y46,AA46,AC46,AE46,AG46,AI46) -> 0 | AL46: =SUM(F46,H46,J46)-SUM(L46,N46,P46,R46,T46,V46,X46,Z46,AB46,AD46,AF46,AH46,AJ46) -> 0
AK47: =SUM(E47,G47,I47)-SUM(K47,M47,O47,Q47,S47,U47,W47,Y47,AA47,AC47,AE47,AG47,AI47) -> 0 | AL47: =SUM(F47,H47,J47)-SUM(L47,N47,P47,R47,T47,V47,X47,Z47,AB47,AD47,AF47,AH47,AJ47) -> 0
AK48: =SUM(E48,G48,I48)-SUM(K48,M48,O48,Q48,S48,U48,W48,Y48,AA48,AC48,AE48,AG48,AI48) -> 0 | AL48: =SUM(F48,H48,J48)-SUM(L48,N48,P48,R48,T48,V48,X48,Z48,AB48,AD48,AF48,AH48,AJ48) -> 0
AK49: =SUM(E49,G49,I49)-SUM(K49,M49,O49,Q49,S49,U49,W49,Y49,AA49,AC49,AE49,AG49,AI49) -> 0 | AL49: =SUM(F49,H49,J49)-SUM(L49,N49,P49,R49,T49,V49,X49,Z49,AB49,AD49,AF49,AH49,AJ49) -> 0
AK50: =SUM(E50,G50,I50)-SUM(K50,M50,O50,Q50,S50,U50,W50,Y50,AA50,AC50,AE50,AG50,AI50) -> 0 | AL50: =SUM(F50,H50,J50)-SUM(L50,N50,P50,R50,T50,V50,X50,Z50,AB50,AD50,AF50,AH50,AJ50) -> 0
AK51: =SUM(E51,G51,I51)-SUM(K51,M51,O51,Q51,S51,U51,W51,Y51,AA51,AC51,AE51,AG51,AI51) -> 0 | AL51: =SUM(F51,H51,J51)-SUM(L51,N51,P51,R51,T51,V51,X51,Z51,AB51,AD51,AF51,AH51,AJ51) -> 0
AK52: =SUM(E52,G52,I52)-SUM(K52,M52,O52,Q52,S52,U52,W52,Y52,AA52,AC52,AE52,AG52,AI52) -> 0 | AL52: =SUM(F52,H52,J52)-SUM(L52,N52,P52,R52,T52,V52,X52,Z52,AB52,AD52,AF52,AH52,AJ52) -> 0
AK53: =SUM(E53,G53,I53)-SUM(K53,M53,O53,Q53,S53,U53,W53,Y53,AA53,AC53,AE53,AG53,AI53) -> 0 | AL53: =SUM(F53,H53,J53)-SUM(L53,N53,P53,R53,T53,V53,X53,Z53,AB53,AD53,AF53,AH53,AJ53) -> 0
AK54: =SUM(E54,G54,I54)-SUM(K54,M54,O54,Q54,S54,U54,W54,Y54,AA54,AC54,AE54,AG54,AI54) -> 0 | AL54: =SUM(F54,H54,J54)-SUM(L54,N54,P54,R54,T54,V54,X54,Z54,AB54,AD54,AF54,AH54,AJ54) -> 0
AK55: =SUM(E55,G55,I55)-SUM(K55,M55,O55,Q55,S55,U55,W55,Y55,AA55,AC55,AE55,AG55,AI55) -> 0 | AL55: =SUM(F55,H55,J55)-SUM(L55,N55,P55,R55,T55,V55,X55,Z55,AB55,AD55,AF55,AH55,AJ55) -> 0
... AK87: =SUM(E87,G87,I87)-SUM(K87,M87,O87,Q87,S87,U87,W87,Y87,AA87,AC87,AE87,AG87,AI87) -> 0 | AL87: =SUM(F87,H87,J87)-SUM(L87,N87,P87,R87,T87,V87,X87,Z87,AB87,AD87,AF87,AH87,AJ87) -> 0
B90: Ergebnis | E90: =SUBTOTAL(9,E38:E89) -> 0 | F90: =SUBTOTAL(9,F38:F89) -> 0 | G90: =SUBTOTAL(9,G38:G89) -> 0 | H90: =SUBTOTAL(9,H38:H89) -> 0 | I90: =SUBTOTAL(9,I38:I89) -> 0 | J90: =SUBTOTAL(9,J38:J89) -> 0 | K90: =SUBTOTAL(9,K38:K89) -> 0 | L90: =SUBTOTAL(9,L38:L89) -> 0 | ... V90: =SUBTOTAL(9,V38:V89) -> 0 | X90: =SUBTOTAL(9,X38:X89) -> 0 | Y90: =SUBTOTAL(9,Y38:Y89) -> 0 | Z90: =SUBTOTAL(9,Z38:Z89) -> 0 | AA90: =SUBTOTAL(9,AA38:AA89) -> 0 | AB90: =SUBTOTAL(9,AB38:AB89) -> 0 | AC90: =SUBTOTAL(9,AC38:AC89) -> 0 | AD90: =SUBTOTAL(9,AD38:AD89) -> 0 | AE90: =SUBTOTAL(9,AE38:AE89) -> 0 | ... AJ90: =SUBTOTAL(9,AJ38:AJ89) -> 0 | AK90: =SUBTOTAL(9,AK36:AK89) -> 0 | AL90: =SUBTOTAL(9,AL38:AL89) -> 0
A91: Maßnahmenplan | AK91: =SUM(E91,G91,I91)-SUM(K91,M91,O91,Q91,S91,U91,W91,Y91,AA91,AC91,AE91,AG91,AI91) -> 0 | AL91: =SUM(F91,H91,J91)-SUM(L91,N91,P91,R91,T91,V91,X91,Z91,AB91,AD91,AF91,AH91,AJ91) -> 0
AK92: =SUM(E92,G92,I92)-SUM(K92,M92,O92,Q92,S92,U92,W92,Y92,AA92,AC92,AE92,AG92,AI92) -> 0 | AL92: =SUM(F92,H92,J92)-SUM(L92,N92,P92,R92,T92,V92,X92,Z92,AB92,AD92,AF92,AH92,AJ92) -> 0
AK93: =SUM(E93,G93,I93)-SUM(K93,M93,O93,Q93,S93,U93,W93,Y93,AA93,AC93,AE93,AG93,AI93) -> 0 | AL93: =SUM(F93,H93,J93)-SUM(L93,N93,P93,R93,T93,V93,X93,Z93,AB93,AD93,AF93,AH93,AJ93) -> 0
AK94: =SUM(E94,G94,I94)-SUM(K94,M94,O94,Q94,S94,U94,W94,Y94,AA94,AC94,AE94,AG94,AI94) -> 0 | AL94: =SUM(F94,H94,J94)-SUM(L94,N94,P94,R94,T94,V94,X94,Z94,AB94,AD94,AF94,AH94,AJ94) -> 0
AK95: =SUM(E95,G95,I95)-SUM(K95,M95,O95,Q95,S95,U95,W95,Y95,AA95,AC95,AE95,AG95,AI95) -> 0 | AL95: =SUM(F95,H95,J95)-SUM(L95,N95,P95,R95,T95,V95,X95,Z95,AB95,AD95,AF95,AH95,AJ95) -> 0
AK96: =SUM(E96,G96,I96)-SUM(K96,M96,O96,Q96,S96,U96,W96,Y96,AA96,AC96,AE96,AG96,AI96) -> 0 | AL96: =SUM(F96,H96,J96)-SUM(L96,N96,P96,R96,T96,V96,X96,Z96,AB96,AD96,AF96,AH96,AJ96) -> 0
AK97: =SUM(E97,G97,I97)-SUM(K97,M97,O97,Q97,S97,U97,W97,Y97,AA97,AC97,AE97,AG97,AI97) -> 0 | AL97: =SUM(F97,H97,J97)-SUM(L97,N97,P97,R97,T97,V97,X97,Z97,AB97,AD97,AF97,AH97,AJ97) -> 0
AK98: =SUM(E98,G98,I98)-SUM(K98,M98,O98,Q98,S98,U98,W98,Y98,AA98,AC98,AE98,AG98,AI98) -> 0 | AL98: =SUM(F98,H98,J98)-SUM(L98,N98,P98,R98,T98,V98,X98,Z98,AB98,AD98,AF98,AH98,AJ98) -> 0
AK99: =SUM(E99,G99,I99)-SUM(K99,M99,O99,Q99,S99,U99,W99,Y99,AA99,AC99,AE99,AG99,AI99) -> 0 | AL99: =SUM(F99,H99,J99)-SUM(L99,N99,P99,R99,T99,V99,X99,Z99,AB99,AD99,AF99,AH99,AJ99) -> 0
AK100: =SUM(E100,G100,I100)-SUM(K100,M100,O100,Q100,S100,U100,W100,Y100,AA100,AC100,AE100,AG100,AI100) -> 0 | AL100: =SUM(F100,H100,J100)-SUM(L100,N100,P100,R100,T100,V100,X100,Z100,AB100,AD100,AF100,AH100,AJ100) -> 0
B101: Ergebnis | E101: =SUBTOTAL(9,E91:E100) -> 0 | F101: =SUBTOTAL(9,F91:F100) -> 0 | G101: =SUBTOTAL(9,G91:G100) -> 0 | H101: =SUBTOTAL(9,H91:H100) -> 0 | I101: =SUBTOTAL(9,I91:I100) -> 0 | J101: =SUBTOTAL(9,J91:J100) -> 0 | K101: =SUBTOTAL(9,K91:K100) -> 0 | L101: =SUBTOTAL(9,L91:L100) -> 0 | ... AL101: =SUBTOTAL(9,AL91:AL100) -> 0
A102: Sitzungsplan | AK102: =SUM(E102,G102,I102)-SUM(K102,M102,O102,Q102,S102,U102,W102,Y102,AA102,AC102,AE102,AG102,AI102) -> 0 | AL102: =SUM(F102,H102,J102)-SUM(L102,N102,P102,R102,T102,V102,X102,Z102,AB102,AD102,AF102,AH102,AJ102) -> 0
AK103: =SUM(E103,G103,I103)-SUM(K103,M103,O103,Q103,S103,U103,W103,Y103,AA103,AC103,AE103,AG103,AI103) -> 0 | AL103: =SUM(F103,H103,J103)-SUM(L103,N103,P103,R103,T103,V103,X103,Z103,AB103,AD103,AF103,AH103,AJ103) -> 0
AK104: =SUM(E104,G104,I104)-SUM(K104,M104,O104,Q104,S104,U104,W104,Y104,AA104,AC104,AE104,AG104,AI104) -> 0 | AL104: =SUM(F104,H104,J104)-SUM(L104,N104,P104,R104,T104,V104,X104,Z104,AB104,AD104,AF104,AH104,AJ104) -> 0
AK105: =SUM(E105,G105,I105)-SUM(K105,M105,O105,Q105,S105,U105,W105,Y105,AA105,AC105,AE105,AG105,AI105) -> 0 | AL105: =SUM(F105,H105,J105)-SUM(L105,N105,P105,R105,T105,V105,X105,Z105,AB105,AD105,AF105,AH105,AJ105) -> 0
AK106: =SUM(E106,G106,I106)-SUM(K106,M106,O106,Q106,S106,U106,W106,Y106,AA106,AC106,AE106,AG106,AI106) -> 0 | AL106: =SUM(F106,H106,J106)-SUM(L106,N106,P106,R106,T106,V106,X106,Z106,AB106,AD106,AF106,AH106,AJ106) -> 0
AK107: =SUM(E107,G107,I107)-SUM(K107,M107,O107,Q107,S107,U107,W107,Y107,AA107,AC107,AE107,AG107,AI107) -> 0 | AL107: =SUM(F107,H107,J107)-SUM(L107,N107,P107,R107,T107,V107,X107,Z107,AB107,AD107,AF107,AH107,AJ107) -> 0
AK108: =SUM(E108,G108,I108)-SUM(K108,M108,O108,Q108,S108,U108,W108,Y108,AA108,AC108,AE108,AG108,AI108) -> 0 | AL108: =SUM(F108,H108,J108)-SUM(L108,N108,P108,R108,T108,V108,X108,Z108,AB108,AD108,AF108,AH108,AJ108) -> 0
AK109: =SUM(E109,G109,I109)-SUM(K109,M109,O109,Q109,S109,U109,W109,Y109,AA109,AC109,AE109,AG109,AI109) -> 0 | AL109: =SUM(F109,H109,J109)-SUM(L109,N109,P109,R109,T109,V109,X109,Z109,AB109,AD109,AF109,AH109,AJ109) -> 0
B110: Ergebnis | E110: =SUBTOTAL(9,E102:E109) -> 0 | F110: =SUBTOTAL(9,F102:F109) -> 0 | G110: =SUBTOTAL(9,G102:G109) -> 0 | H110: =SUBTOTAL(9,H102:H109) -> 0 | I110: =SUBTOTAL(9,I102:I109) -> 0 | J110: =SUBTOTAL(9,J102:J109) -> 0 | K110: =SUBTOTAL(9,K102:K109) -> 0 | L110: =SUBTOTAL(9,L102:L109) -> 0 | ... AI110: =SUBTOTAL(9,AI102:AI109) -> 0 | AK110: =SUBTOTAL(9,AK102:AK109) -> 0 | AL110: =SUBTOTAL(9,AL102:AL109) -> 0
E111: =SUM(E110,E101,E90) -> 0 | G111: =SUM(G110,G101,G90) -> 0 | I111: =SUM(I110,I101,I90) -> 0 | K111: 9600 | M111: =SUM(M110,M101,M90) -> 0 | O111: =SUM(O110,O101,O90) -> 0 | Q111: =SUM(Q110,Q101,Q90) -> 0 | S111: =SUM(S110,S101,S90) -> 0 | U111: =SUM(U110,U101,U90) -> 0 | W111: =SUM(W110,W101,W90) -> 0 | Y111: =SUM(Y110,Y101,Y90) -> 0 | AA111: =SUM(AA110,AA101,AA90) -> 0 | AC111: =SUM(AC110,AC101,AC90) -> 0 | AE111: =SUM(AE110,AE101,AE90) -> 0 | AG111: =SUM(AG110,AG101,AG90) -> 0 | AI111: =SUM(AI110,AI101,AI90) -> 0 | AL111: =SUM(K111:AI111)-SUM(E111:I111) -> 9600
A113: Nachtrag SOLL und IST HHJ 23-24
D114: Haushaltstitel: | E114: 210.10 | F114: IST | G114: 220.10 | H114: IST | I114: 230.10 | J114: IST | K114: 413.10 | L114: IST | M114: 413.21 | N114: IST | O114: 527 41 | P114: IST | Q114: 529.41 | R114: IST | S114: 531.41 | T114: IST | U114: 551.11 | V114: IST | W114: 551.21 | X114: IST | Y114: 551.31 | Z114: IST | AA114: 551.41 | AB114: IST | AC114: 551.51 | AD114: IST | AE114: 551.61 | AF114: IST | AG114: 551.71 | AH114: IST | AI114: 560.70 | AJ114: IST | AK114: Bilanz SOLL | AL114: Bilanz IST
A115: Seminarplan | B115: Was? | C115: Datum: | D115: Dozierende o. Beschreibung
AD117: 0 | AK117: =SUM(E117,G117,I117)-SUM(K117,M117,O117,Q117,S117,U117,W117,Y117,AA117,AC117,AE117,AG117,AI117) -> 0 | AL117: =SUM(F117,H117,J117)-SUM(L117,N117,P117,R117,T117,V117,X117,Z117,AB117,AD117,AF117,AH117,AJ117) -> 0
AD118: 0 | AK118: =SUM(E118,G118,I118)-SUM(K118,M118,O118,Q118,S118,U118,W118,Y118,AA118,AC118,AE118,AG118,AI118) -> 0 | AL118: =SUM(F118,H118,J118)-SUM(L118,N118,P118,R118,T118,V118,X118,Z118,AB118,AD118,AF118,AH118,AJ118) -> 0
AK119: =SUM(E119,G119,I119)-SUM(K119,M119,O119,Q119,S119,U119,W119,Y119,AA119,AC119,AE119,AG119,AI119) -> 0 | AL119: =SUM(F119,H119,J119)-SUM(L119,N119,P119,R119,T119,V119,X119,Z119,AB119,AD119,AF119,AH119,AJ119) -> 0
AK120: =SUM(E120,G120,I120)-SUM(K120,M120,O120,Q120,S120,U120,W120,Y120,AA120,AC120,AE120,AG120,AI120) -> 0 | AL120: =SUM(F120,H120,J120)-SUM(L120,N120,P120,R120,T120,V120,X120,Z120,AB120,AD120,AF120,AH120,AJ120) -> 0
AK121: =SUM(E121,G121,I121)-SUM(K121,M121,O121,Q121,S121,U121,W121,Y121,AA121,AC121,AE121,AG121,AI121) -> 0 | AL121: =SUM(F121,H121,J121)-SUM(L121,N121,P121,R121,T121,V121,X121,Z121,AB121,AD121,AF121,AH121,AJ121) -> 0
AK122: =SUM(E122,G122,I122)-SUM(K122,M122,O122,Q122,S122,U122,W122,Y122,AA122,AC122,AE122,AG122,AI122) -> 0 | AL122: =SUM(F122,H122,J122)-SUM(L122,N122,P122,R122,T122,V122,X122,Z122,AB122,AD122,AF122,AH122,AJ122) -> 0
AK123: =SUM(E123,G123,I123)-SUM(K123,M123,O123,Q123,S123,U123,W123,Y123,AA123,AC123,AE123,AG123,AI123) -> 0 | AL123: =SUM(F123,H123,J123)-SUM(L123,N123,P123,R123,T123,V123,X123,Z123,AB123,AD123,AF123,AH123,AJ123) -> 0
AK124: =SUM(E124,G124,I124)-SUM(K124,M124,O124,Q124,S124,U124,W124,Y124,AA124,AC124,AE124,AG124,AI124) -> 0 | AL124: =SUM(F124,H124,J124)-SUM(L124,N124,P124,R124,T124,V124,X124,Z124,AB124,AD124,AF124,AH124,AJ124) -> 0
AK125: =SUM(E125,G125,I125)-SUM(K125,M125,O125,Q125,S125,U125,W125,Y125,AA125,AC125,AE125,AG125,AI125) -> 0 | AL125: =SUM(F125,H125,J125)-SUM(L125,N125,P125,R125,T125,V125,X125,Z125,AB125,AD125,AF125,AH125,AJ125) -> 0
AK126: =SUM(E126,G126,I126)-SUM(K126,M126,O126,Q126,S126,U126,W126,Y126,AA126,AC126,AE126,AG126,AI126) -> 0 | AL126: =SUM(F126,H126,J126)-SUM(L126,N126,P126,R126,T126,V126,X126,Z126,AB126,AD126,AF126,AH126,AJ126) -> 0
AK127: =SUM(E127,G127,I127)-SUM(K127,M127,O127,Q127,S127,U127,W127,Y127,AA127,AC127,AE127,AG127,AI127) -> 0 | AL127: =SUM(F127,H127,J127)-SUM(L127,N127,P127,R127,T127,V127,X127,Z127,AB127,AD127,AF127,AH127,AJ127) -> 0
AK128: =SUM(E128,G128,I128)-SUM(K128,M128,O128,Q128,S128,U128,W128,Y128,AA128,AC128,AE128,AG128,AI128) -> 0 | AL128: =SUM(F128,H128,J128)-SUM(L128,N128,P128,R128,T128,V128,X128,Z128,AB128,AD128,AF128,AH128,AJ128) -> 0
AK129: =SUM(E129,G129,I129)-SUM(K129,M129,O129,Q129,S129,U129,W129,Y129,AA129,AC129,AE129,AG129,AI129) -> 0 | AL129: =SUM(F129,H129,J129)-SUM(L129,N129,P129,R129,T129,V129,X129,Z129,AB129,AD129,AF129,AH129,AJ129) -> 0
AK130: =SUM(E130,G130,I130)-SUM(K130,M130,O130,Q130,S130,U130,W130,Y130,AA130,AC130,AE130,AG130,AI130) -> 0 | AL130: =SUM(F130,H130,J130)-SUM(L130,N130,P130,R130,T130,V130,X130,Z130,AB130,AD130,AF130,AH130,AJ130) -> 0
... AK166: =SUM(E166,G166,I166)-SUM(K166,M166,O166,Q166,S166,U166,W166,Y166,AA166,AC166,AE166,AG166,AI166) -> 0 | AL166: =SUM(F166,H166,J166)-SUM(L166,N166,P166,R166,T166,V166,X166,Z166,AB166,AD166,AF166,AH166,AJ166) -> 0
B169: Ergebnis | E169: =SUBTOTAL(9,E117:E168) -> 0 | F169: =SUBTOTAL(9,F117:F168) -> 0 | G169: =SUBTOTAL(9,G117:G168) -> 0 | H169: =SUBTOTAL(9,H117:H168) -> 0 | I169: =SUBTOTAL(9,I117:I168) -> 0 | J169: =SUBTOTAL(9,J117:J168) -> 0 | K169: =SUBTOTAL(9,K117:K168) -> 0 | L169: =SUBTOTAL(9,L117:L168) -> 0 | ... AL169: =SUBTOTAL(9,AL117:AL168) -> 0
A170: Maßnahmenplan
B180: Ergebnis | E180: =SUBTOTAL(9,E171:E173) -> 0 | G180: =SUBTOTAL(9,G171:G173) -> 0 | I180: =SUBTOTAL(9,I171:I173) -> 0 | K180: =SUBTOTAL(9,K171:K173) -> 0 | M180: =SUBTOTAL(9,M171:M173) -> 0 | O180: =SUBTOTAL(9,O171:O173) -> 0 | Q180: =SUBTOTAL(9,Q171:Q173) -> 0 | S180: =SUBTOTAL(9,S171:S173) -> 0 | U180: =SUBTOTAL(9,U171:U173) -> 0 | W180: =SUBTOTAL(9,W171:W173) -> 0 | Y180: =SUBTOTAL(9,Y171:Y173) -> 0 | AA180: =SUBTOTAL(9,AA171:AA173) -> 0 | AC180: =SUBTOTAL(9,AC171:AC173) -> 0 | AE180: =SUBTOTAL(9,AE171:AE173) -> 0 | AG180: =SUBTOTAL(9,AG171:AG173) -> 0 | AI180: =SUBTOTAL(9,AI171:AI173) -> 0
A181: Sitzungsplan
B189: Ergebnis | E189: =SUBTOTAL(9,E181:E183) -> 0 | G189: =SUBTOTAL(9,G181:G183) -> 0 | I189: =SUBTOTAL(9,I181:I183) -> 0 | K189: =SUBTOTAL(9,K181:K183) -> 0 | M189: =SUBTOTAL(9,M181:M183) -> 0 | O189: =SUBTOTAL(9,O181:O183) -> 0 | Q189: =SUBTOTAL(9,Q181:Q183) -> 0 | S189: =SUBTOTAL(9,S181:S183) -> 0 | U189: =SUBTOTAL(9,U181:U183) -> 0 | W189: =SUBTOTAL(9,W181:W183) -> 0 | Y189: =SUBTOTAL(9,Y181:Y183) -> 0 | AA189: =SUBTOTAL(9,AA181:AA183) -> 0 | AC189: =SUBTOTAL(9,AC181:AC183) -> 0 | AE189: =SUBTOTAL(9,AE181:AE183) -> 0 | AG189: =SUBTOTAL(9,AG181:AG183) -> 0 | AI189: =SUBTOTAL(9,AI181:AI183) -> 0
E190: =SUM(E189,E180,E169) -> 0 | G190: =SUM(G189,G180,G169) -> 0 | I190: =SUM(I189,I180,I169) -> 0 | K190: 9600 | M190: =SUM(M189,M180,M169) -> 0 | O190: =SUM(O189,O180,O169) -> 0 | Q190: =SUM(Q189,Q180,Q169) -> 0 | S190: =SUM(S189,S180,S169) -> 0 | U190: =SUM(U189,U180,U169) -> 0 | W190: =SUM(W189,W180,W169) -> 0 | Y190: =SUM(Y189,Y180,Y169) -> 0 | AA190: =SUM(AA189,AA180,AA169) -> 0 | AC190: =SUM(AC189,AC180,AC169) -> 0 | AE190: =SUM(AE189,AE180,AE169) -> 0 | AG190: =SUM(AG189,AG180,AG169) -> 0 | AI190: =SUM(AI189,AI180,AI169) -> 0 | AL190: =SUM(K190:AI190)-SUM(E190:I190) -> 9600
A192: SOLL und IST HHJ 23-24
D193: Haushaltstitel: | E193: 210.10 | F193: IST | G193: 220.10 | H193: IST | I193: 230.10 | J193: IST | K193: 413.10 | L193: IST | M193: 413.21 | N193: IST | O193: 527 41 | P193: IST | Q193: 529.41 | R193: IST | S193: 531.41 | T193: IST | U193: 551.11 | V193: IST | W193: 551.21 | X193: IST | Y193: 551.31 | Z193: IST | AA193: 551.41 | AB193: IST | AC193: 551.51 | AD193: IST | AE193: 551.61 | AF193: IST | AG193: 551.71 | AH193: IST | AI193: 560.70 | AJ193: IST | AK193: Bilanz SOLL | AL193: Bilanz IST
A194: Seminarplan | B194: Was? | C194: Datum: | D194: Dozierende o. Beschreibung
AK196: =SUM(E196,G196,I196)-SUM(K196,M196,O196,Q196,S196,U196,W196,Y196,AA196,AC196,AE196,AG196,AI196) -> 0 | AL196: =SUM(F196,H196,J196)-SUM(L196,N196,P196,R196,T196,V196,X196,Z196,AB196,AD196,AF196,AH196,AJ196) -> 0
AK197: =SUM(E197,G197,I197)-SUM(K197,M197,O197,Q197,S197,U197,W197,Y197,AA197,AC197,AE197,AG197,AI197) -> 0 | AL197: =SUM(F197,H197,J197)-SUM(L197,N197,P197,R197,T197,V197,X197,Z197,AB197,AD197,AF197,AH197,AJ197) -> 0
...

Sheet M_I
B1: Haushaltplan der Fachschaft M+I
A3: Titel | B3: Kontenbezeichnung | C3: - | D3: Erläuterung | E3: Freie Eingabe Plan HHJ 24-25 | F3: Spalte1 | G3: Freie Eingabe Plan HHJ 23-24 | H3: Rechnung HHJ 23-24 | I3: Freie Eingabe Plan HHJ 22-232 | J3: Rechnung HHJ 22-233 | K3: Freie Eingabe Plan HHJ 21-22 | L3: IST HHJ 21-22 | M3: Abschluss 20-21 | N3: Plan HHJ 20-21
A4: Einnahmen
A5: 210.50 | B5: Teilnahmebeiträge Seminare | E5: 13000 | G5: 15500 | I5: 19572.5 | J5: =Tabelle410232731[[#Totals],[Teilnahmebeiträge Fachseminare]] -> 19572.5 | K5: 4500 | L5: 2550
A6: 220.50 | B6: Teilnahmebeiträge Veranstaltungen | G6: 0 | I6: 0 | J6: =Tabelle410232731[[#Totals],[Teilnahmebeiträge Veranstaltungen]]+Tabelle513242832[[#Totals],[Teilnahmebeiträge Veranstaltungen]] -> 0 | K6: 0 | L6: 0
A7: 230.50 | B7: Sonstige Einnahmen (Vorauszahlungen Bewirtung, Werbung, …) | G7: 0 | I7: 0 | J7: =Tabelle410232731[[#Totals],[Sonstige Einnahmen]]+Tabelle513242832[[#Totals],[Sonstige Einnahmen]] -> 0 | K7: 0 | L7: 0
D8: Gesamt: | E8: =SUBTOTAL(9,E5:E7) -> 13000 | F8: =SUBTOTAL(9,F5:F7) -> 0 | G8: =SUBTOTAL(9,G5:G7) -> 15500 | H8: =SUBTOTAL(9,H5:H7) -> 0 | I8: =SUBTOTAL(9,I5:I7) -> 19572.5 | J8: =SUBTOTAL(9,J5:J7) -> 19572.5 | K8: =SUBTOTAL(9,K5:K7) -> 4500 | L8: =SUBTOTAL(9,L5:L7) -> 2550
A9: Ausgaben
A10: 413.10 | B10: AE fest (800 € monatlich) | E10: 9600 | G10: 9600 | I10: 9600 | J10: =800*12 -> 9600 | K10: =800*12 -> 9600 | L10: 9600
A11: 413.25 | B11: AE variabel | E11: 2400 | G11: 2400 | I11: 2300 | J11: =Tabelle615252933[[#Totals],[Aufwandsentschädigungen]] -> 2220 | K11: 3400 | L11: 270
A12: 527 45 | B12: Fahrtkosten und Verpflegungspauschalen | E12: 3000 | G12: 6000 | I12: 2000 | J12: =Tabelle615252933[[#Totals],[Interne Reisekosten]] -> 1900 | K12: 4000 | L12: 172.05
A13: 529.45 | B13: Raum- und Unterkunftskosten | E13: 1500 | G13: 1500 | I13: 1150 | J13: =Tabelle615252933[[#Totals],[Raum + Unterkunft intern]] -> 1150 | K13: 1000 | L13: 0
A14: 531.45 | B14: Bewirtung und Repräsentation intern | E14: 400 | G14: 250 | I14: 650 | J14: =Tabelle615252933[[#Totals],[Repräsentation/Bewirtung intern]] -> 650 | K14: 250 | L14: 0
A15: 551.15 | B15: Honorare Fachseminare | E15: 13000 | G15: 15000 | I15: 17200 | J15: =Tabelle410232731[[#Totals],[Honorare Dozierende Fachseminare]] -> 17152.5 | K15: 11200 | L15: 17613.75
A16: 551.25 | B16: Andere Honorare | E16: 1000 | G16: 0 | I16: 1000 | J16: =Tabelle513242832[[#Totals],[Andere Honorare]] -> 1000 | K16: 1800 | L16: 0
A17: 551.35 | B17: Ext. Reisekosten | E17: 300 | G17: 0 | I17: 200 | J17: =Tabelle410232731[[#Totals],[Externe Reisekosten]] -> 200 | K17: 2000 | L17: 0
A18: 551.45 | B18: Bewirtung und Repräsentation extern | E18: 300 | G18: 250 | I18: 250 | J18: =Tabelle410232731[[#Totals],[Repräsentation/Bewirtung extern]]+Tabelle513242832[[#Totals],[Repräsentation/Bewirtung extern]] -> 310 | K18: 200 | L18: 0
A19: 551.55 | B19: Raum- und Unterkunftskosten Seminare und Veranst. | E19: 500 | G19: 250 | I19: 100 | J19: =Tabelle410232731[[#Totals],[Raum + Unterkunft extern]]+Tabelle513242832[[#Totals],[Raum + Unterkunft extern]] -> 100 | K19: 1500 | L19: 0
A20: 551.65 | B20: Verwaltungs- und Druckkosten Seminare | E20: 500 | G20: 0 | I20: 900 | J20: =Tabelle410232731[[#Totals],[Verwaltungs- und Druckkosten]]+Tabelle513242832[[#Totals],[Druckkosten]] -> 900 | K20: 0 | L20: 0
A21: 551.75 | B21: Sonstige Kosten (Lizenzen, Allg. Geschäftsbetrieb) | E21: 400 | G21: 500 | I21: 1250 | J21: =Tabelle513242832[[#Totals],[Sonstige Kosten]] -> 1250 | K21: 1500 | L21: 149.83
A22: 560.70 | B22: Rechtsangelegenheiten | E22: 250 | G22: 250 | I22: 750 | J22: =Tabelle513242832[[#Totals],[Rechtsangelegenheiten]] -> 750 | K22: 250 | L22: 0
D23: Gesamt: | E23: =SUBTOTAL(109,Tabelle1822263034[Freie Eingabe Plan HHJ 24-25]) -> 46150 | G23: =SUBTOTAL(109,G10:G22) -> 36000 | H23: =SUBTOTAL(109,H11:H22) -> 0 | I23: =SUBTOTAL(109,I10:I22) -> 37350 | J23: =SUBTOTAL(109,J10:J22) -> 37182.5 | K23: =SUBTOTAL(109,K10:K22) -> 36700 | L23: =SUBTOTAL(109,L10:L22) -> 27805.63
D25: Bilanz: | E25: =G8-Tabelle1822263034[[#Totals],[Freie Eingabe Plan HHJ 23-24]] -> -20500 | F25: =H8-Tabelle1822263034[[#Totals],[Rechnung HHJ 23-24]] -> 0 | G25: =K8-Tabelle1822263034[[#Totals],[Freie Eingabe Plan HHJ 21-22]] -> -32200
B27: Deckungsfähigkeiten: Die Ausgaben der Fachschaft sind untereineinander teilweise deckungsfähig.
B28: Einnahmen über Plan verstärken Gegentitel. Mittel aus den Konten 551.11 bis 551.51 dürfen nicht zur
B29: Deckung von anderen Konten verwendet werden: Keine Verschiebung vom Seminarbetrieb zum Verwaltungsbetrieb.
A31: Erläuterungen für HHJ 2024/2025:
B32: Der Mittelbedarf sinkt um 3190€ (von 20740€ auf 17550€), was insbesondere dadurch begründet ist, dass durch die höheren Teilnahmegebühren für die Seminare die Teilnehmerzahlen gesunken sind. Wir arbeiten hier an einem Sponsorenmodell, welches für die Studierendenschaft dann aber effektiv kostenneutral sein sollte.
B33: Grundlage der Berechnung sind 0 Seminare in Präsenz. Online hat sich durchgesetzt.
B34: Grundlage der Berechnung sind 2 FSR-Sitzungen in Präsenz (konstituierende Sitzung nach dem 01.10. + eine weitere Sitzung zur Abstimmung), Rest online.
B35: Der FSR METI ist für die Organisation der nächsten Fachschaftsrätekonferenz zuständig; die Kosten laufen aber ja über andere Kostenstellen. Angedacht ist eine FSRK Anfang Januar 2025 in Hagen
B41: Seminarplan (vorwiegend extern) | D41: Kommentar beachten!
B43: Titel: | C43: 210.50 | D43: 220.50 | E43: 230.50 | F43: 551.15 | H43: 551.35 | I43: 551.45 | J43: 551.55 | K43: 551.65 | S43: Titel: | T43: 210.50 | U43: 220.50 | V43: 230.50 | W43: 551.15 | Y43: 551.35 | Z43: 551.45 | AA43: 551.55 | AB43: 551.65
A44: Lfd. Nr. | B44: Beschreibung/ Kurzbezeichnung | C44: Teilnahmebeiträge Fachseminare | D44: Teilnahmebeiträge Veranstaltungen | E44: Sonstige Einnahmen | F44: Honorare Dozierende Fachseminare | G44: Aufwandsentschädigungen | H44: Externe Reisekosten | I44: Repräsentation/Bewirtung extern | J44: Raum + Unterkunft extern | K44: Verwaltungs- und Druckkosten | L44: Gesamt | R44: Lfd. Nr. | S44: Beschreibung/ Kurzbezeichnung | T44: Teilnahmebeiträge Fachseminare | U44: Teilnahmebeiträge Veranstaltungen | V44: Sonstige Einnahmen | W44: Honorare Dozierende Fachseminare | X44: Aufwandsentschädigungen | Y44: Externe Reisekosten | Z44: Repräsentation/Bewirtung extern | AA44: Raum + Unterkunft extern | AB44: Verwaltungs- und Druckkosten | AC44: Gesamt
A45: =ROW(A1) -> 1 | B45: Basiskalkulationen: Anteilige Aufwandsentschädigung Seminarkoordination: 50% der jährlichen Bezüge, i.e.: 960 € durch Anzahl der Seminare. Hier 21, ergibt gerundet 45,50 € AE pro Seminar. Es werden mit den Dozierenden je nach Qualifikation und Anforderungen Honorare zwischen 35 und 65 € entsprechend dem Rahmenbeschluss des SP ausgehandelt. Grundsätzlich wird sich hier am Rahmen der Entlohnung von Dozierenden an der FernUni bewegt. Werbungskosten: 65 € = 5 €/Seminar; Verwaltungskosten: 3 € pro Teilnehmer; Zoom: Anteilig ca. 100 €/Jahr = 5 €/Seminar | L45: =SUM(C45:E45)-SUM(F45:K45) -> 0 | N45: Kontenerklärung: Siehe Blatt WiWi an gleicher Stelle | R45: =ROW(A1) -> 1 | S45: Basiskalkulationen: Anteilige Aufwandsentschädigung Seminarkoordination: 50% der jährlichen Bezüge, i.e.: 960 € durch Anzahl der Seminare. Hier 21, ergibt gerundet 45,50 € AE pro Seminar. Es werden mit den Dozierenden je nach Qualifikation und Anforderungen Honorare zwischen 35 und 65 € entsprechend dem Rahmenbeschluss des SP ausgehandelt. Grundsätzlich wird sich hier am Rahmen der Entlohnung von Dozierenden an der FernUni bewegt. Werbungskosten: 65 € = 5 €/Seminar; Verwaltungskosten: 3 € pro Teilnehmer; Zoom: Anteilig ca. 100 €/Jahr = 5 €/Seminar | AC45: =SUM(T45:V45)-SUM(W45:AB45) -> 0 | AE45: Kontenerklärung: Siehe Blatt WiWi an gleicher Stelle
A46: =ROW(A2) -> 2 | B46: 12 Online-Seminare "Java Bootcamp" a 16 Stunden. Honorar: Es wird mit einem Durchschnitt von 55 €/Std. gerechnet. Erwartet werden je ca. 10 Teilnehmer*innen, woraus sich ein TN-Beitrag iHv. 96,50 € ergibt. | C46: 11586 | F46: 10560 | G46: 546 | H46: 0 | I46: 60 | J46: 0 | K46: 420 | L46: =SUM(C46:E46)-SUM(F46:K46) -> 0 | R46: =ROW(A2) -> 2 | S46: 12 Online-Seminare "Java Bootcamp" a 16 Stunden. Honorar: Es wird mit einem Durchschnitt von 55 €/Std. gerechnet. Erwartet werden je ca. 10 Teilnehmer*innen, woraus sich ein TN-Beitrag iHv. 96,50 € ergibt. | T46: 11586 | W46: 10560 | X46: 546 | Y46: 0 | Z46: 60 | AA46: 0 | AB46: 420 | AC46: =SUM(T46:V46)-SUM(W46:AB46) -> 0
A47: =ROW(A3) -> 3 | B47: Online-Aufbaukurs VBA, 3-teilig a 14,5 Std. Es wird mit einem durchschnittlichen Honorar von 55 € gerechnet. Hinsichtlich TN-Zahlen gibt es keine Erfahrungswerte, angestrebt werden 10 TN pro Seminar, woraus sich ein TN-Beitrag iHv. etwa 88 € ergibt. | C47: 2634 | F47: 2392.5 | G47: 136.5 | H47: 0 | I47: 0 | J47: 0 | K47: 105 | L47: =SUM(C47:E47)-SUM(F47:K47) -> 0 | R47: =ROW(A3) -> 3 | S47: Online-Aufbaukurs VBA, 3-teilig a 14,5 Std. Es wird mit einem durchschnittlichen Honorar von 55 € gerechnet. Hinsichtlich TN-Zahlen gibt es keine Erfahrungswerte, angestrebt werden 10 TN pro Seminar, woraus sich ein TN-Beitrag iHv. etwa 88 € ergibt. | T47: 2634 | W47: 2392.5 | X47: 136.5 | Y47: 0 | Z47: 0 | AA47: 0 | AB47: 105 | AC47: =SUM(T47:V47)-SUM(W47:AB47) -> 0
A48: =ROW(A4) -> 4 | B48: 5 Online Seminare SQL zu je 8 Std. Es wird mit durchschnittlichen Honorarkosten von 55 € gerechnet. Erfahrungswerte zu Teilnahmezahlen sind nicht vorhanden, angestrebt wird eine Teilnahme von 10 TN pro Seminar, woraus sich ein TN-Beitrag von etwa 52 € pP ergibt. | C48: 2602.5 | F48: 2200 | G48: 227.5 | H48: 0 | I48: 0 | J48: 0 | K48: 175 | L48: =SUM(C48:E48)-SUM(F48:K48) -> 0 | R48: =ROW(A4) -> 4 | S48: 5 Online Seminare SQL zu je 8 Std. Es wird mit durchschnittlichen Honorarkosten von 55 € gerechnet. Erfahrungswerte zu Teilnahmezahlen sind nicht vorhanden, angestrebt wird eine Teilnahme von 10 TN pro Seminar, woraus sich ein TN-Beitrag von etwa 52 € pP ergibt. | T48: 2602.5 | W48: 2200 | X48: 227.5 | Y48: 0 | Z48: 0 | AA48: 0 | AB48: 175 | AC48: =SUM(T48:V48)-SUM(W48:AB48) -> 0
A49: =ROW(A5) -> 5 | L49: =SUM(C49:E49)-SUM(F49:K49) -> 0 | R49: =ROW(A5) -> 5 | AC49: =SUM(T49:V49)-SUM(W49:AB49) -> 0
A50: =ROW(A6) -> 6 | L50: =SUM(C50:E50)-SUM(F50:K50) -> 0 | R50: =ROW(A6) -> 6 | AC50: =SUM(T50:V50)-SUM(W50:AB50) -> 0
A51: =ROW(A7) -> 7 | L51: =SUM(C51:E51)-SUM(F51:K51) -> 0 | R51: =ROW(A7) -> 7 | AC51: =SUM(T51:V51)-SUM(W51:AB51) -> 0
A52: =ROW(A8) -> 8 | L52: =SUM(C52:E52)-SUM(F52:K52) -> 0 | R52: =ROW(A8) -> 8 | AC52: =SUM(T52:V52)-SUM(W52:AB52) -> 0
A53: =ROW(A9) -> 9 | L53: =SUM(C53:E53)-SUM(F53:K53) -> 0 | R53: =ROW(A9) -> 9 | AC53: =SUM(T53:V53)-SUM(W53:AB53) -> 0
A54: =ROW(A10) -> 10 | B54: Freie Mittel: | C54: 2750 | F54: 2000 | G54: 200 | H54: 200 | I54: 50 | J54: 100 | K54: 200 | L54: =SUM(C54:E54)-SUM(F54:K54) -> 0 | R54: =ROW(A10) -> 10 | S54: Freie Mittel: | T54: 2750 | W54: 2000 | X54: 200 | Y54: 200 | Z54: 50 | AA54: 100 | AB54: 200 | AC54: =SUM(T54:V54)-SUM(W54:AB54) -> 0
B56: Gesamt: | C56: =SUBTOTAL(9,Tabelle41023273160[Teilnahmebeiträge Fachseminare]) -> 19572.5 | D56: =SUBTOTAL(9,Tabelle41023273160[Teilnahmebeiträge Veranstaltungen]) -> 0 | E56: =SUBTOTAL(9,Tabelle41023273160[Sonstige Einnahmen]) -> 0 | F56: =SUBTOTAL(9,Tabelle41023273160[Honorare Dozierende Fachseminare]) -> 17152.5 | G56: =SUBTOTAL(9,Tabelle41023273160[Aufwandsentschädigungen]) -> 1110 | H56: =SUBTOTAL(9,Tabelle41023273160[Externe Reisekosten]) -> 200 | I56: =SUBTOTAL(9,Tabelle41023273160[Repräsentation/Bewirtung extern]) -> 110 | J56: =SUBTOTAL(9,Tabelle41023273160[Raum + Unterkunft extern]) -> 100 | K56: =SUBTOTAL(9,Tabelle41023273160[Verwaltungs- und Druckkosten]) -> 900 | L56: =SUBTOTAL(9,Tabelle41023273160[Gesamt]) -> 0 | S56: Gesamt: | T56: =SUBTOTAL(9,Tabelle410232731[Teilnahmebeiträge Fachseminare]) -> 19572.5 | U56: =SUBTOTAL(9,Tabelle410232731[Teilnahmebeiträge Veranstaltungen]) -> 0 | V56: =SUBTOTAL(9,Tabelle410232731[Sonstige Einnahmen]) -> 0 | W56: =SUBTOTAL(9,Tabelle410232731[Honorare Dozierende Fachseminare]) -> 17152.5 | X56: =SUBTOTAL(9,Tabelle410232731[Aufwandsentschädigungen]) -> 1110 | Y56: =SUBTOTAL(9,Tabelle410232731[Externe Reisekosten]) -> 200 | Z56: =SUBTOTAL(9,Tabelle410232731[Repräsentation/Bewirtung extern]) -> 110 | AA56: =SUBTOTAL(9,Tabelle410232731[Raum + Unterkunft extern]) -> 100 | AB56: =SUBTOTAL(9,Tabelle410232731[Verwaltungs- und Druckkosten]) -> 900 | AC56: =SUBTOTAL(9,Tabelle410232731[Gesamt]) -> 0
B58: Maßnahmenplan (vorwiegend intern) | D58: Kommentar beachten! | S58: Maßnahmenplan (vorwiegend intern) | U58: Kommentar beachten!
B60: Titel: | C60: 220.10 | D60: 230.10 | E60: 413.25 | F60: 527.45 | G60: 529.45 | H60: 531.45 | I60: 551.45 | J60: 551.55 | K60: 551.65 | L60: 551.75 | M60: 560.70 | N60: 551.25 | S60: Titel: | T60: 220.10 | U60: 230.10 | V60: 413.25 | W60: 527.45 | X60: 529.45 | Y60: 531.45 | Z60: 551.45 | AA60: 551.55 | AB60: 551.65 | AC60: 551.75 | AD60: 560.70 | AE60: 551.25
A61: Lfd. Nr. | B61: Beschreibung | C61: Teilnahmebeiträge Veranstaltungen | D61: Sonstige Einnahmen | E61: Aufwandsentschädigungen | F61: Interne Reisekosten | G61: Raum + Unterkunft intern | H61: Repräsentation/Bewirtung intern | I61: Repräsentation/Bewirtung extern | J61: Raum + Unterkunft extern | K61: Druckkosten | L61: Sonstige Kosten | M61: Rechtsangelegenheiten | N61: Andere Honorare | O61: Gesamt | R61: Lfd. Nr. | S61: Beschreibung | T61: Teilnahmebeiträge Veranstaltungen | U61: Sonstige Einnahmen | V61: Aufwandsentschädigungen | W61: Interne Reisekosten | X61: Raum + Unterkunft intern | Y61: Repräsentation/Bewirtung intern | Z61: Repräsentation/Bewirtung extern | AA61: Raum + Unterkunft extern | AB61: Druckkosten | AC61: Sonstige Kosten | AD61: Rechtsangelegenheiten | AE61: Andere Honorare | AF61: Gesamt
A62: =ROW(A1) -> 1 | O62: =SUM(C62+D62)-SUM(F62:N62) -> 0 | R62: =ROW(A1) -> 1 | S62: Lizenzen | AC62: 250 | AF62: =SUM(T62+U62)-SUM(W62:AE62) -> -250
A63: =ROW(A2) -> 2 | O63: =SUM(C63+D63)-SUM(F63:N63) -> 0 | R63: =ROW(A2) -> 2 | S63: Neue Fachschaftshomepage | Y63: 250 | Z63: 0 | AC63: 0 | AF63: =SUM(T63+U63)-SUM(W63:AE63) -> -250
A64: =ROW(A3) -> 3 | O64: =SUM(C64+D64)-SUM(F64:N64) -> 0 | R64: =ROW(A3) -> 3 | S64: ggf. rechtliche Beratung | AD64: 250 | AF64: =SUM(T64+U64)-SUM(W64:AE64) -> -250
A65: =ROW(A4) -> 4 | O65: =SUM(C65+D65)-SUM(F65:N65) -> 0 | R65: =ROW(A4) -> 4 | AF65: =SUM(T65+U65)-SUM(W65:AE65) -> 0
A66: =ROW(A5) -> 5 | O66: =SUM(C66+D66)-SUM(F66:N66) -> 0 | R66: =ROW(A5) -> 5 | AF66: =SUM(T66+U66)-SUM(W66:AE66) -> 0
A67: =ROW(A6) -> 6 | O67: =SUM(C67+D67)-SUM(F67:N67) -> 0 | R67: =ROW(A6) -> 6 | AF67: =SUM(T67+U67)-SUM(W67:AE67) -> 0
A68: =ROW(A7) -> 7 | O68: =SUM(C68+D68)-SUM(F68:N68) -> 0 | R68: =ROW(A7) -> 7 | AF68: =SUM(T68+U68)-SUM(W68:AE68) -> 0
A69: =ROW(A8) -> 8 | O69: =SUM(C69+D69)-SUM(F69:N69) -> 0 | R69: =ROW(A8) -> 8 | AF69: =SUM(T69+U69)-SUM(W69:AE69) -> 0
A70: =ROW(A9) -> 9 | O70: =SUM(C70+D70)-SUM(F70:N70) -> 0 | R70: =ROW(A9) -> 9 | AF70: =SUM(T70+U70)-SUM(W70:AE70) -> 0
A71: =ROW(A10) -> 10 | O71: =SUM(C71+D71)-SUM(F71:N71) -> 0 | R71: =ROW(A10) -> 10 | AF71: =SUM(T71+U71)-SUM(W71:AE71) -> 0
A72: =ROW(A11) -> 11 | O72: =SUM(C72+D72)-SUM(F72:N72) -> 0 | R72: =ROW(A11) -> 11 | AF72: =SUM(T72+U72)-SUM(W72:AE72) -> 0
A73: =ROW(A12) -> 12 | B73: Frei | C73: 0 | D73: 0 | O73: =SUM(C73+D73)-SUM(F73:N73) -> 0 | R73: =ROW(A12) -> 12 | S73: Frei | T73: 0 | U73: 0 | V73: 200 | W73: 300 | X73: 100 | Y73: 250 | Z73: 200 | AA73: 0 | AB73: 0 | AC73: 1000 | AD73: 500 | AE73: 1000 | AF73: =SUM(T73+U73)-SUM(W73:AE73) -> -3350
B74: Gesamt: | C74: =SUBTOTAL(9,Tabelle51324283261[Teilnahmebeiträge Veranstaltungen]) -> 0 | D74: =SUBTOTAL(9,Tabelle51324283261[Sonstige Einnahmen]) -> 0 | E74: =SUBTOTAL(9,Tabelle51324283261[Aufwandsentschädigungen]) -> 0 | F74: =SUBTOTAL(9,Tabelle51324283261[Interne Reisekosten]) -> 0 | G74: =SUBTOTAL(9,Tabelle51324283261[Raum + Unterkunft intern]) -> 0 | H74: =SUBTOTAL(9,Tabelle51324283261[Repräsentation/Bewirtung intern]) -> 0 | I74: =SUBTOTAL(9,Tabelle51324283261[Repräsentation/Bewirtung extern]) -> 0 | J74: =SUBTOTAL(9,Tabelle51324283261[Raum + Unterkunft extern]) -> 0 | K74: =SUBTOTAL(9,Tabelle51324283261[Druckkosten]) -> 0 | L74: =SUBTOTAL(9,Tabelle51324283261[Sonstige Kosten]) -> 0 | M74: =SUBTOTAL(9,Tabelle51324283261[Rechtsangelegenheiten]) -> 0 | N74: =SUBTOTAL(109,Tabelle51324283261[Andere Honorare]) -> 0 | O74: =SUBTOTAL(9,Tabelle51324283261[Gesamt]) -> 0 | S74: Gesamt: | T74: =SUBTOTAL(9,Tabelle513242832[Teilnahmebeiträge Veranstaltungen]) -> 0 | U74: =SUBTOTAL(9,Tabelle513242832[Sonstige Einnahmen]) -> 0 | V74: =SUBTOTAL(9,Tabelle513242832[Aufwandsentschädigungen]) -> 200 | W74: =SUBTOTAL(9,Tabelle513242832[Interne Reisekosten]) -> 300 | X74: =SUBTOTAL(9,Tabelle513242832[Raum + Unterkunft intern]) -> 100 | Y74: =SUBTOTAL(9,Tabelle513242832[Repräsentation/Bewirtung intern]) -> 500 | Z74: =SUBTOTAL(9,Tabelle513242832[Repräsentation/Bewirtung extern]) -> 200 | AA74: =SUBTOTAL(9,Tabelle513242832[Raum + Unterkunft extern]) -> 0 | AB74: =SUBTOTAL(9,Tabelle513242832[Druckkosten]) -> 0 | AC74: =SUBTOTAL(9,Tabelle513242832[Sonstige Kosten]) -> 1250 | AD74: =SUBTOTAL(9,Tabelle513242832[Rechtsangelegenheiten]) -> 750 | AE74: =SUBTOTAL(109,Tabelle513242832[Andere Honorare]) -> 1000 | AF74: =SUBTOTAL(9,Tabelle513242832[Gesamt]) -> -4100
B76: AE-Plan, Reisekosten (Intern) | D76: Kommentar beachten! | S76: AE-Plan, Reisekosten (Intern) | U76: Kommentar beachten!
D78: Titel: | E78: 413.21 | F78: 527.41 | G78: 529.41 | H78: 531.41 | U78: Titel: | V78: 413.21 | W78: 527.41 | X78: 529.41 | Y78: 531.41
A79: Lfd. Nr. | B79: Sitzung/Tätigkeit | C79: Ort oder Datum (falls bekannt) | D79: Art | E79: Aufwandsentschädigungen | F79: Interne Reisekosten | G79: Raum + Unterkunft intern | H79: Repräsentation/Bewirtung intern | I79: Gesamt | R79: Lfd. Nr. | S79: Sitzung/Tätigkeit | T79: Ort oder Datum (falls bekannt) | U79: Art | V79: Aufwandsentschädigungen | W79: Interne Reisekosten | X79: Raum + Unterkunft intern | Y79: Repräsentation/Bewirtung intern | Z79: Gesamt
A80: =ROW(A1) -> 1 | B80: Fachschaftsratsitzung: Online: 6 TN a 4 Stunden, davon 4x 20 € (halbiert) und 2x 40 € AE (unhalbiert); Präsenz: Ein Wochenende eintägige Sitzung, 6 TN, davon 4x 90 € AE (halbiert) und 2x 180 € AE (unhalbiert). 6 Anreisen, 10 Übernachtungen (BHS: 32 €/Nacht); Hybrid: Mittelwert | I80: =SUM(E80:H80) -> 0 | R80: =ROW(A1) -> 1 | S80: Fachschaftsratsitzung: Online: 6 TN a 4 Stunden, davon 4x 20 € (halbiert) und 2x 40 € AE (unhalbiert); Präsenz: Ein Wochenende eintägige Sitzung, 6 TN, davon 4x 90 € AE (halbiert) und 2x 180 € AE (unhalbiert). 6 Anreisen, 10 Übernachtungen (BHS: 32 €/Nacht); Hybrid: Mittelwert | Z80: =SUM(V80:Y80) -> 0
A81: =ROW(A2) -> 2 | B81: Fachschaftsratssitzung 5x | D81: Online | E81: 800 | F81: 0 | G81: 0 | H81: 0 | I81: =SUM(E81:H81) -> 800 | R81: =ROW(A2) -> 2 | S81: Fachschaftsratssitzung 5x | U81: Online | V81: 800 | W81: 0 | X81: 0 | Y81: 0 | Z81: =SUM(V81:Y81) -> 800
A82: =ROW(A3) -> 3 | B82: Fachschaftsratssitzuung 1x | D82: Präsenz | E82: 720 | F82: 600 | G82: 350 | H82: 50 | I82: =SUM(E82:H82) -> 1720 | R82: =ROW(A3) -> 3 | S82: Fachschaftsratssitzuung 1x | U82: Präsenz | V82: 720 | W82: 600 | X82: 350 | Y82: 50 | Z82: =SUM(V82:Y82) -> 1720
A83: =ROW(A4) -> 4 | R83: =ROW(A4) -> 4
A84: =ROW(A5) -> 5 | R84: =ROW(A5) -> 5
A85: =ROW(A6) -> 6 | B85: BuFaK | D85: Präsenz | E85: 300 | F85: 500 | G85: 200 | H85: 50 | I85: =SUM(E85:H85) -> 1050 | R85: =ROW(A6) -> 6 | S85: BuFaK | U85: Präsenz | V85: 300 | W85: 500 | X85: 200 | Y85: 50 | Z85: =SUM(V85:Y85) -> 1050
A86: =ROW(A7) -> 7 | I86: =SUM(E86:H86) -> 0 | R86: =ROW(A7) -> 7 | Z86: =SUM(V86:Y86) -> 0
A87: =ROW(A8) -> 8 | B87: *Gesamt je zzgl. Maßnahmenplan! | E87: =Tabelle51324283261[[#Totals],[Aufwandsentschädigungen]] -> 0 | F87: =Tabelle51324283261[[#Totals],[Interne Reisekosten]] -> 0 | G87: =Tabelle51324283261[[#Totals],[Raum + Unterkunft intern]] -> 0 | H87: =Tabelle51324283261[[#Totals],[Repräsentation/Bewirtung intern]] -> 0 | I87: =SUM(E87:H87) -> 0 | R87: =ROW(A8) -> 8 | S87: *Gesamt je zzgl. Maßnahmenplan! | V87: =Tabelle513242832[[#Totals],[Aufwandsentschädigungen]] -> 200 | W87: =Tabelle513242832[[#Totals],[Interne Reisekosten]] -> 300 | X87: =Tabelle513242832[[#Totals],[Raum + Unterkunft intern]] -> 100 | Y87: =Tabelle513242832[[#Totals],[Repräsentation/Bewirtung intern]] -> 500 | Z87: =SUM(V87:Y87) -> 1100
A88: =ROW(A9) -> 9 | B88: Frei | D88: Allg. | E88: 200 | F88: 500 | G88: 500 | H88: 50 | I88: =SUM(E88:H88) -> 1250 | R88: =ROW(A9) -> 9 | S88: Frei | U88: Allg. | V88: 200 | W88: 500 | X88: 500 | Y88: 50 | Z88: =SUM(V88:Y88) -> 1250
D89: Gesamt: | E89: =SUBTOTAL(9,Tabelle61525293362[Aufwandsentschädigungen]) -> 2020 | F89: =SUBTOTAL(9,Tabelle61525293362[Interne Reisekosten]) -> 1600 | G89: =SUBTOTAL(9,Tabelle61525293362[Raum + Unterkunft intern]) -> 1050 | H89: =SUBTOTAL(9,Tabelle61525293362[Repräsentation/Bewirtung intern]) -> 150 | I89: =SUBTOTAL(9,Tabelle61525293362[Gesamt]) -> 4820 | U89: Gesamt: | V89: =SUBTOTAL(9,Tabelle615252933[Aufwandsentschädigungen]) -> 2220 | W89: =SUBTOTAL(9,Tabelle615252933[Interne Reisekosten]) -> 1900 | X89: =SUBTOTAL(9,Tabelle615252933[Raum + Unterkunft intern]) -> 1150 | Y89: =SUBTOTAL(9,Tabelle615252933[Repräsentation/Bewirtung intern]) -> 650 | Z89: =SUBTOTAL(9,Tabelle615252933[Gesamt]) -> 5920

Sheet ReWi
B1: Haushaltplan der Fachschaft Rechtswissenschaft
A3: Titel | B3: Kontenbezeichnung | C3: - | D3: Erläuterung | E3: Freie Eingabe Plan HHJ 23-24 | F3: Rechnung HHJ 23-24 | G3: Freie Eingabe Plan HHJ 22-232 | H3: Rechnung HHJ 22-233 | I3: Freie Eingabe Plan HHJ 21-22 | J3: IST HHJ 21-22 | K3: Abschluss 20-21 | L3: Plan HHJ 20-21
A4: Einnahmen
A5: 210.40 | B5: Teilnahmebeiträge Seminare | E5: 23500 | G5: 29578 | H5: =Tabelle4102327[[#Totals],[Teilnahmebeiträge Fachseminare]] -> 29578 | I5: 32000 | J5: 24965
A6: 220.40 | B6: Teilnahmebeiträge Veranstaltungen | G6: 0 | H6: =Tabelle4102327[[#Totals],[Teilnahmebeiträge Veranstaltungen]]+Tabelle5132428[[#Totals],[Teilnahmebeiträge Veranstaltungen]] -> 0 | I6: 0 | J6: 0
A7: 230.40 | B7: Sonstige Einnahmen (Vorauszahlungen Bewirtung, Werbung, …) | G7: 0 | H7: =Tabelle4102327[[#Totals],[Sonstige Einnahmen]]+Tabelle5132428[[#Totals],[Sonstige Einnahmen]] -> 0 | I7: 0 | J7: 0
D8: Gesamt: | E8: =SUBTOTAL(9,E5:E7) -> 23500 | F8: =SUBTOTAL(9,F5:F7) -> 0 | G8: =SUBTOTAL(9,G5:G7) -> 29578 | H8: =SUBTOTAL(9,H5:H7) -> 29578 | I8: =SUBTOTAL(9,I5:I7) -> 32000 | J8: =SUBTOTAL(9,J5:J7) -> 24965
A9: Ausgaben
A10: 413.10 | B10: AE fest (800 € monatlich) | E10: 9600 | G10: 9600 | H10: =800*12 -> 9600 | I10: =800*12 -> 9600 | J10: 9520
A11: 413.24 | B11: AE variabel | E11: 4400 | G11: 5000 | H11: =Tabelle6152529[[#Totals],[Aufwandsentschädigungen]] -> 4400 | I11: 4400 | J11: 2350
A12: 527 44 | B12: Fahrtkosten und Verpflegungspauschalen | E12: 12000 | G12: 7800 | H12: =Tabelle6152529[[#Totals],[Interne Reisekosten]] -> 6000 | I12: 8000 | J12: 1852.7
A13: 529.44 | B13: Raum- und Unterkunftskosten | E13: 2500 | G13: 1700 | H13: =Tabelle6152529[[#Totals],[Raum + Unterkunft intern]] -> 1700 | I13: 2000 | J13: 144
A14: 531.44 | B14: Bewirtung und Repräsentation intern | E14: 500 | G14: 500 | H14: =Tabelle6152529[[#Totals],[Repräsentation/Bewirtung intern]] -> 520 | I14: 500 | J14: 24
A15: 551.14 | B15: Honorare Fachseminare | E15: 22000 | G15: 25715 | H15: =Tabelle4102327[[#Totals],[Honorare Dozierende Fachseminare]] -> 25715 | I15: =42000*0.7 -> 29400 | J15: 25892.88
A16: 551.24 | B16: Andere Honorare | G16: 2500 | H16: =Tabelle5132428[[#Totals],[Andere Honorare]] -> 2500 | I16: =42000*0.15 -> 6300 | J16: 0
A17: 551.34 | B17: Ext. Reisekosten | G17: 500 | H17: =Tabelle4102327[[#Totals],[Externe Reisekosten]] -> 500 | I17: =42000*0.15 -> 6300 | J17: 0
A18: 551.44 | B18: Bewirtung und Repräsentation extern | G18: 450 | H18: =Tabelle4102327[[#Totals],[Repräsentation/Bewirtung extern]]+Tabelle5132428[[#Totals],[Repräsentation/Bewirtung extern]] -> 450 | I18: 300 | J18: 0
A19: 551.54 | B19: Raum- und Unterkunftskosten Seminare und Veranst. | E19: 1500 | G19: 400 | H19: =Tabelle4102327[[#Totals],[Raum + Unterkunft extern]]+Tabelle5132428[[#Totals],[Raum + Unterkunft extern]] -> 400 | I19: 4000 | J19: 0
A20: 551.64 | B20: Verwaltungs- und Druckkosten Seminare | G20: 1700 | H20: =Tabelle4102327[[#Totals],[Verwaltungs- und Druckkosten]]+Tabelle5132428[[#Totals],[Druckkosten]] -> 1703 | I20: 0 | J20: 0
A21: 551.74 | B21: Sonstige Kosten (Lizenzen, Allg. Geschäftsbetrieb) | E21: 2000 | G21: 3500 | H21: =Tabelle5132428[[#Totals],[Sonstige Kosten]] -> 3500 | I21: 3000 | J21: 2559.1
A22: 560.70 | B22: Rechtsangelegenheiten | E22: 1500 | G22: 1000 | H22: =Tabelle5132428[[#Totals],[Rechtsangelegenheiten]] -> 1000 | I22: 1500 | J22: 160.65
D23: Gesamt: | E23: =SUBTOTAL(109,E10:E22) -> 56000 | F23: =SUBTOTAL(109,F10:F22) -> 0 | G23: =SUBTOTAL(109,G10:G22) -> 60365 | H23: =SUBTOTAL(109,H10:H22) -> 57988 | I23: =SUBTOTAL(109,I10:I22) -> 75300 | J23: =SUBTOTAL(109,J10:J22) -> 42503.33
D25: Bilanz: | E25: =E8-Tabelle18222630[[#Totals],[Freie Eingabe Plan HHJ 23-24]] -> -32500 | F25: =G8-Tabelle18222630[[#Totals],[Freie Eingabe Plan HHJ 22-232]] -> -30787 | G25: =I8-Tabelle18222630[[#Totals],[Freie Eingabe Plan HHJ 21-22]] -> -43300 | H25: =H8-Tabelle18222630[[#Totals],[Rechnung HHJ 22-233]] -> -28410 | I25: =I8-Tabelle18222630[[#Totals],[Freie Eingabe Plan HHJ 21-22]] -> -43300 | J25: =J8-Tabelle18222630[[#Totals],[IST HHJ 21-22]] -> -17538.33
B27: Deckungsfähigkeiten: Die Ausgaben der Fachschaft sind untereineinander teilweise deckungsfähig.
B28: Einnahmen über Plan verstärken Gegentitel. Mittel aus den Konten 551.11 bis 551.51 dürfen nicht zur
B29: Deckung von anderen Konten verwendet werden: Keine Verschiebung vom Seminarbetrieb zum Verwaltungsbetrieb.
B32: Seminarplan (vorwiegend extern) | D32: Kommentar beachten!
B34: Titel: | C34: 210.40 | D34: 220.40 | E34: 230.40 | F34: 551.14 | H34: 551.34 | I34: 551.44 | J34: 551.54 | K34: 551.64 | S34: Titel: | T34: 210.40 | U34: 220.40 | V34: 230.40 | W34: 551.14 | Y34: 551.34 | Z34: 551.44 | AA34: 551.54 | AB34: 551.64
A35: Lfd. Nr. | B35: Beschreibung/ Kurzbezeichnung | C35: Teilnahmebeiträge Fachseminare | D35: Teilnahmebeiträge Veranstaltungen | E35: Sonstige Einnahmen | F35: Honorare Dozierende Fachseminare | G35: Aufwandsentschädigungen | H35: Externe Reisekosten | I35: Repräsentation/Bewirtung extern | J35: Raum + Unterkunft extern | K35: Verwaltungs- und Druckkosten | L35: Gesamt | R35: Lfd. Nr. | S35: Beschreibung/ Kurzbezeichnung | T35: Teilnahmebeiträge Fachseminare | U35: Teilnahmebeiträge Veranstaltungen | V35: Sonstige Einnahmen | W35: Honorare Dozierende Fachseminare | X35: Aufwandsentschädigungen | Y35: Externe Reisekosten | Z35: Repräsentation/Bewirtung extern | AA35: Raum + Unterkunft extern | AB35: Verwaltungs- und Druckkosten | AC35: Gesamt
A36: =ROW(A1) -> 1 | B36: Basiskalkulationen: Anteilige Aufwandsentschädigungen Seminarkoordination 50% der jährlichen Bezüge, i.e.: 960 € durch Anzahl der Seminare. Hier 30, ergibt gerundet 32 € AE pro Seminar. Es werden mit den Dozierenden je nach Qualifikation und Anforderungen Honorare zwischen 35 und 65 € entsprechend dem Rahmenbeschluss des SP ausgehandelt. Grundsätzlich wird sich hier am Rahmen der Entlohnung von Dozierenden an der FernUni bewegt. Anteilige Kosten Seminarportal wundercoach: 1.200 €/Jahr = 40 €/Seminar; Werbungskosten: 150 € = 5 €/Seminar; Verwaltungskosten: 3 € pro Teilnehmer; Zoom/Adobe: 100 €/Jahr = 3 €/Seminar | N36: Kontenerklärung: Siehe Blatt WiWi an gleicher Stelle | R36: =ROW(A1) -> 1 | S36: Basiskalkulationen: Anteilige Aufwandsentschädigungen Seminarkoordination 50% der jährlichen Bezüge, i.e.: 960 € durch Anzahl der Seminare. Hier 30, ergibt gerundet 32 € AE pro Seminar. Es werden mit den Dozierenden je nach Qualifikation und Anforderungen Honorare zwischen 35 und 65 € entsprechend dem Rahmenbeschluss des SP ausgehandelt. Grundsätzlich wird sich hier am Rahmen der Entlohnung von Dozierenden an der FernUni bewegt. Anteilige Kosten Seminarportal wundercoach: 1.200 €/Jahr = 40 €/Seminar; Werbungskosten: 150 € = 5 €/Seminar; Verwaltungskosten: 3 € pro Teilnehmer; Zoom/Adobe: 100 €/Jahr = 3 €/Seminar | AE36: Kontenerklärung: Siehe Blatt WiWi an gleicher Stelle
A37: =ROW(A2) -> 2 | R37: =ROW(A1) -> 1 | S37: 8 Online-Seminare zum BGB-Schuldrecht. Umfang etwa 14,5 Stunden. Es wird mit einem Durchschnitt von 55 €/Std. gerechnet. Erwartet werden etwa 20 Teilnehmer*innen pro Seminar, woraus sich ein TN-Beitrag von ca. 45 € ergibt. | T37: 7159 | W37: 6380 | X37: 256 | Z37: 40 | AB37: 483 | AC37: =SUM(T37:V37)-SUM(W37:AB37) -> 0
A38: =ROW(A3) -> 3 | R38: =ROW(A1) -> 1 | S38: 4 Online-Seminare zum BGB-Sachenrecht. Es wird mit einem durchschnittlichen Honorar iHv. 60 € / Std. gerechnet. Es werden etwa 20 Teilnehmer*innen pro Seminar erwartet, woraus sich ein TN-Beitrag von ca. 48,50 € ergibt. Ansonsten gilt das Obige. | T38: 3871 | W38: 3480 | X38: 128 | Z38: 20 | AB38: 243 | AC38: =SUM(T38:V38)-SUM(W38:AB38) -> 0
A39: =ROW(A4) -> 4 | R39: =ROW(A2) -> 2 | S39: 5 Online-Seminare zum Strafrecht im Umfang von je ca. 14,5 Std. Es wird mit einem durchschnittlichen Honorar von 55 € gerechnet. Erwartet werden etwa 15 Teilnehmer*innen pro Seminar, woraus sich ein TN-Beitrag von ca. 58,50 € ergibt. Ansonsten gilt das Obige. | T39: 4400.5 | W39: 3987.5 | X39: 160 | Z39: 25 | AB39: 228 | AC39: =SUM(T39:V39)-SUM(W39:AB39) -> 0
A40: =ROW(A5) -> 5 | R40: =ROW(A3) -> 3 | S40: 4 Online-Seminare zum Verwaltungsrecht wie oben bei Strafrecht | T40: 3521 | W40: 3190 | X40: 128 | Z40: 20 | AB40: 183 | AC40: =SUM(T40:V40)-SUM(W40:AB40) -> 0
A41: =ROW(A6) -> 6 | R41: =ROW(A4) -> 4 | S41: 4 Online-Seminare zum Arbeitsvertrags- und Unternehmensrecht wie oben bei Strafrecht | T41: 3521 | W41: 3190 | X41: 128 | Z41: 20 | AB41: 183 | AC41: =SUM(T41:V41)-SUM(W41:AB41) -> 0
A42: =ROW(A7) -> 7 | R42: =ROW(A5) -> 5 | S42: 5 Klausuren- und Hausarbeitskurse, wie oben beim Strafrecht | T42: 4355.5 | W42: 3987.5 | X42: 160 | Z42: 25 | AB42: 183 | AC42: =SUM(T42:V42)-SUM(W42:AB42) -> 0
A43: =ROW(A8) -> 8 | R43: =ROW(A7) -> 7 | AC43: =SUM(T43:V43)-SUM(W43:AB43) -> 0
A44: =ROW(A9) -> 9 | R44: =ROW(A24) -> 24 | AC44: =SUM(T44:V44)-SUM(W44:AB44) -> 0
A45: =ROW(A10) -> 10 | R45: =ROW(A25) -> 25 | AC45: =SUM(T45:V45)-SUM(W45:AB45) -> 0
A46: =ROW(A11) -> 11 | R46: =ROW(A26) -> 26 | S46: Frei | T46: 2750 | U46: 0 | V46: 0 | W46: 1500 | X46: 250 | Y46: 500 | Z46: 100 | AA46: 200 | AB46: 200 | AC46: =SUM(T46:V46)-SUM(W46:AB46) -> 0
B48: Gesamt: | C48: =SUBTOTAL(9,Tabelle410232763[Teilnahmebeiträge Fachseminare]) -> 0 | D48: =SUBTOTAL(9,Tabelle410232763[Teilnahmebeiträge Veranstaltungen]) -> 0 | E48: =SUBTOTAL(9,Tabelle410232763[Sonstige Einnahmen]) -> 0 | F48: =SUBTOTAL(9,Tabelle410232763[Honorare Dozierende Fachseminare]) -> 0 | G48: =SUBTOTAL(9,Tabelle410232763[Aufwandsentschädigungen]) -> 0 | H48: =SUBTOTAL(9,Tabelle410232763[Externe Reisekosten]) -> 0 | I48: =SUBTOTAL(9,Tabelle410232763[Repräsentation/Bewirtung extern]) -> 0 | J48: =SUBTOTAL(9,Tabelle410232763[Raum + Unterkunft extern]) -> 0 | K48: =SUBTOTAL(9,Tabelle410232763[Verwaltungs- und Druckkosten]) -> 0 | L48: =SUBTOTAL(9,Tabelle410232763[Gesamt]) -> 0 | S48: Gesamt: | T48: =SUBTOTAL(9,Tabelle4102327[Teilnahmebeiträge Fachseminare]) -> 29578 | U48: =SUBTOTAL(9,Tabelle4102327[Teilnahmebeiträge Veranstaltungen]) -> 0 | V48: =SUBTOTAL(9,Tabelle4102327[Sonstige Einnahmen]) -> 0 | W48: =SUBTOTAL(9,Tabelle4102327[Honorare Dozierende Fachseminare]) -> 25715 | X48: =SUBTOTAL(9,Tabelle4102327[Aufwandsentschädigungen]) -> 1210 | Y48: =SUBTOTAL(9,Tabelle4102327[Externe Reisekosten]) -> 500 | Z48: =SUBTOTAL(9,Tabelle4102327[Repräsentation/Bewirtung extern]) -> 250 | AA48: =SUBTOTAL(9,Tabelle4102327[Raum + Unterkunft extern]) -> 200 | AB48: =SUBTOTAL(9,Tabelle4102327[Verwaltungs- und Druckkosten]) -> 1703 | AC48: =SUBTOTAL(9,Tabelle4102327[Gesamt]) -> 0
B50: Maßnahmenplan (vorwiegend intern) | D50: Kommentar beachten! | S50: Maßnahmenplan (vorwiegend intern) | U50: Kommentar beachten!
B52: Titel: | C52: 220.40 | D52: 230.40 | E52: 413.24 | F52: 527.44 | G52: 529.44 | H52: 531.44 | I52: 551.44 | J52: 551.54 | K52: 551.64 | L52: 551.74 | M52: 560.70 | N52: 551.24 | S52: Titel: | T52: 220.40 | U52: 230.40 | V52: 413.24 | W52: 527.44 | X52: 529.44 | Y52: 531.44 | Z52: 551.44 | AA52: 551.54 | AB52: 551.64 | AC52: 551.74 | AD52: 560.70 | AE52: 551.24
